Workbook
Name _3A: Base_Elèves!$A$3:$A$32
Name _3B: Base_Elèves!$B$3:$B$32
Name _3BC_All: Base_Elèves!$W$3:$W$32
Name _3BC_Esp: Base_Elèves!$U$3:$U$32
Name _3C: Base_Elèves!$C$3:$C$32
Name _3D: Base_Elèves!$D$3:$D$32
Name _3E: Base_Elèves!$E$3:$E$32
Name _4A: Base_Elèves!$F$3:$F$32
Name _4B: Base_Elèves!$G$3:$G$32
Name _4B_All: Base_Elèves!$X$3:$X$32
Name _4BC_Esp: Base_Elèves!$V$3:$V$32
Name _4C: Base_Elèves!$H$3:$H$32
Name _4D: Base_Elèves!$I$3:$I$32
Name _4E: Base_Elèves!$J$3:$J$32
Name _5A: Base_Elèves!$K$3:$K$32
Name _5B: Base_Elèves!$L$3:$L$32
Name _5C: Base_Elèves!$M$3:$M$32
Name _5D: Base_Elèves!$N$3:$N$32
Name _5E: Base_Elèves!$O$3:$O$32
Name _6A: Base_Elèves!$P$3:$P$32
Name _6B: Base_Elèves!$Q$3:$Q$32
Name _6C: Base_Elèves!$R$3:$R$32
Name _6D: Base_Elèves!$S$3:$S$32
Name _6E: Base_Elèves!$T$3:$T$32
Name A1_PrimaireEcouter_et_Comprendre: Base_LV!$R$3:$R$7
Name A1_PrimaireEcrire: Base_LV!$H$3:$H$8
Name A1_PrimaireLire: Base_LV!$C$3:$C$5
Name A1_PrimaireParler_en_Continu: Base_LV!$W$3:$W$7
Name A1_PrimaireRéagir_Et_Dialoguer: Base_LV!$M$3:$M$10
Name A1Ecouter_et_Comprendre: Base_LV!$S$3:$S$8
Name A1Ecrire: Base_LV!$I$3:$I$12
Name A1Lire: Base_LV!$D$3:$D$8
Name A1Parler_en_Continu: Base_LV!$X$3:$X$9
Name A1Réagir_et_Dialoguer: Base_LV!$N$3:$N$15
Name A2Ecouter_et_Comprendre: Base_LV!$T$3:$T$9
Name A2Ecrire: Base_LV!$J$3:$J$11
Name A2Lire: Base_LV!$E$3:$E$11
Name A2Parler_en_Continu: Base_LV!$Y$3:$Y$13
Name A2Réagir_et_Dialoguer: Base_LV!$O$3:$O$11
Name Absent_e: Base_Classes_Niveaux!$B$27:$B$28
Name B1Ecouter_et_Comprendre: Base_LV!$U$3:$U$11
Name B1Ecrire: Base_LV!$K$3:$K$7
Name B1Lire: Base_LV!$F$3:$F$9
Name B1Parler_en_Continu: Base_LV!$Z$3:$Z$9
Name B1Réagir_et_Dialoguer: Base_LV!$P$3:$P$13
Name Champ: Base_Elèves!$A$3:$T$32
Name Classes: Bilan_Validation!$A$3:$A$28
Name Classes_Niveau_3: Base_Classes_Niveaux!$B$3:$B$10
Name Classes_Niveau_4: Base_Classes_Niveaux!$C$3:$C$10
Name Classes_Niveau_5: Base_Classes_Niveaux!$D$3:$D$10
Name Classes_Niveau_6: Base_Classes_Niveaux!$E$3:$E$10
Name Compétences: Base_LV!$A$1:$A$8
Name LV: Base_Classes_Niveaux!$A$27:$A$29
Name LV1Niveau_31: Base_Classes_Niveaux!$B$15
Name LV1Niveau_32: Base_Classes_Niveaux!$C$15
Name LV1Niveau_33: Base_Classes_Niveaux!$D$15
Name LV1Niveau_41: Base_Classes_Niveaux!$B$16
Name LV1Niveau_42: Base_Classes_Niveaux!$C$16
Name LV1Niveau_43: Base_Classes_Niveaux!$D$16
Name LV1Niveau_51: Base_Classes_Niveaux!$B$17

Sheet Base_Elèves
A1: 3A | B1: 3B | C1: 3C | D1: 3D | E1: 3E | F1: 4A | G1: 4B | H1: 4C | I1: 4D | J1: 4E | K1: 5A | L1: 5B | M1: 5C | N1: 5D | O1: 5E | P1: 6A | Q1: 6B | R1: 6C | S1: 6D | T1: 6E | U1: 3BC_Esp | V1: 4BC_Esp | W1: 3BC_All | X1: 4B_All | Y1: Groupe Sup 01 | Z1: Groupe Sup 02 | AA1: Groupe Sup 03 | AB1: Groupe Sup 04 | AC1: Groupe Sup 05 | AD1: Groupe Sup 06 | AE1: Groupe Sup 07 | AF1: Groupe Sup 08 | AG1: Groupe Sup 09 | AH1: Groupe Sup 10 | CA1: 0
A2: NOM Prénom | B2: NOM Prénom | C2: NOM Prénom | D2: NOM Prénom | E2: NOM Prénom | F2: NOM Prénom | G2: NOM Prénom | H2: NOM Prénom | I2: NOM Prénom | J2: NOM Prénom | K2: NOM Prénom | L2: NOM Prénom | M2: NOM Prénom | N2: NOM Prénom | O2: NOM Prénom | P2: NOM Prénom | Q2: NOM Prénom | R2: NOM Prénom | S2: NOM Prénom | T2: NOM Prénom | U2: NOM Prénom | V2: NOM Prénom | W2: NOM Prénom | X2: NOM Prénom | CA2: 1
A3: AIHUNE NUY Emile | C3: DEUF John | E3: HAIPARBAL Gilles | G3: DEY Kelly | I3: HITTIQUE Paul | N3: TAFRAISE Théramène | CA3: 2
A4: ANCHIER Yvon | C4: DEUSSAN Anne-Alice | E4: JAVEL Aude | G4: CHATERE Tom | I4: GULA Caleigh | N4: TINOPLE Constant | CA4: 3
A5: ANTOUDROL James | C5: D'ZEUKLOK Haroun | E5: MANFAIMIEU Gérard | G5: ANQUALE Seb | I5: DEY Kelly | N5: TISON Paco | CA5: 4
A6: BIENLEPETI Ambroise | C6: EMPHAILLITE Mélusine | E6: NAL Sheila-Lotfi | G6: MOLATIN Jean-Pierre | I6: CHATERE Tom | N6: TOMBAY Yvon | CA6: 5
A7: CONNERY Aretha | C7: FONFEC Sophie | E7: NESS Guy | G7: AKPOURLUI Yann | I7: ANQUALE Seb | N7: VIGOTT Sarah | CA7: 6
A8: DEUF John | C8: FRAIMIEUX DE LA FERMAY Yves | E8: OPOSTE Fidel | G8: DIOTTE Ophélie | I8: MOLATIN Jean-Pierre | N8: NEYMAR Jean | CA8: 7
A9: DEUSSAN Anne-Alice | E9: TABANIOL Alphonse | I9: AKPOURLUI Yann | CA9: 8
A10: D'ZEUKLOK Haroun | E10: TAFRAISE Théramène | I10: DIOTTE Ophélie | CA10: 9
A11: EMPHAILLITE Mélusine | E11: TINOPLE Constant | CA11: 10
A12: FONFEC Sophie | E12: TISON Paco | CA12: 11
A13: FRAIMIEUX DE LA FERMAY Yves | E13: TOMBAY Yvon | CA13: 12
E14: VIGOTT Sarah | CA14: 13
E15: NEYMAR Jean | CA15: 14
CA16: 15
CA17: 16
CA18: 17
CA19: 18
CA20: 19
CA21: 20
CA22: 21
CA23: 22
CA24: 23
CA25: 24
CA26: 25
CA27: 26
... CA2647: 2646

Sheet Base_Classes_Niveaux
A1: Niveaux | B1: Classes | G1: Matière | BK1: 5Z
B2: Niveau_3 | C2: Niveau_4 | D2: Niveau_5 | E2: Niveau_6
G3: Allemand
B4: 3A | C4: 4A | D4: 5A | E4: 6A | G4: Anglais | BK4: Test
B5: 3B | C5: 4B | D5: 5B | E5: 6B | G5: Arts Plastiques
B6: 3C | C6: 4B_All | D6: 5C | E6: 6C | G6: Education Musicale
B7: 3BC_Esp | C7: 4BC_Esp | D7: 5D | E7: 6D | G7: EPS
B8: 3BC_All | C8: 4C | D8: 5E | E8: 6E | G8: Espagnol
B9: 3D | C9: 4D | G9: Français
B10: 3E | C10: 4E | G10: Histoire-Géographie
G11: Latin
A12: Niveaux Cibles LV1 | G12: Mathématiques
A13: Trimestre | B13: 1 | C13: 2 | D13: 3 | G13: Sciences-Physiques
G14: SVT
A15: 3 | B15: A2+ | C15: B1- | D15: B1- | G15: Technologie
A16: 4 | B16: A2 | C16: A2+ | D16: A2+
A17: 5 | B17: A1+ | C17: A2- | D17: A2
A18: 6 | B18: A1 | C18: A1+ | D18: A1+
A20: Niveaux Cibles LV2
B21: T1 | C21: T2 | D21: T3
A23: 3 | B23: A1+ | C23: A2 | D23: A2+
A24: 4 | B24: A1 | C24: A1+ | D24: A1+
A26: LV | B26: Présence | C26: Niveaux Détaillés
A28: LV1 | B28: Absent e | C28: A1-
A29: LV2 | C29: A1
C30: A1+
C31: A2-
C32: A2
C33: A2+
C34: B1-
C35: B1
B37: 6 | E37: 5 | H37: 4 | K37: 3
B38: _T1 | C38: _T2 | D38: _T3 | E38: _T1 | F38: _T2 | G38: _T3 | H38: _T1 | I38: _T2 | J38: _T3 | K38: _T1 | L38: _T2 | M38: _T3
A39: 0 | B39: N.E. | C39: N.E. | D39: N.E. | E39: N.E. | F39: N.E. | G39: N.E. | H39: N.E. | I39: N.E. | J39: N.E. | K39: N.E. | L39: A1- | M39: A1
A40: 1 | B40: N.E. | C40: N.E. | D40: N.E. | E40: N.E. | F40: N.E. | G40: N.E. | H40: N.E. | I40: N.E. | J40: A1- | K40: A1- | L40: A1- | M40: A1
A41: 2 | B41: N.E. | C41: N.E. | D41: N.E. | E41: N.E. | F41: N.E. | G41: N.E. | H41: N.E. | I41: N.E. | J41: A1- | K41: A1- | L41: A1 | M41: A1+
A42: 3 | B42: N.E. | C42: N.E. | D42: N.E. | E42: N.E. | F42: N.E. | G42: N.E. | H42: N.E. | I42: N.E. | J42: A1- | K42: A1- | L42: A1 | M42: A1+
A43: 4 | B43: N.E. | C43: N.E. | D43: N.E. | E43: N.E. | F43: N.E. | G43: N.E. | H43: N.E. | I43: A1- | J43: A1 | K43: A1 | L43: A1 | M43: A1+
A44: 5 | B44: N.E. | C44: N.E. | D44: A1- | E44: A1- | F44: N.E. | G44: N.E. | H44: N.E. | I44: A1- | J44: A1 | K44: A1 | L44: A1+ | M44: A2-
A45: 6 | B45: N.E. | C45: N.E. | D45: A1- | E45: A1- | F45: A1- | G45: N.E. | H45: N.E. | I45: A1 | J45: A1 | K45: A1 | L45: A1+ | M45: A2-
A46: 7 | B46: N.E. | C46: N.E. | D46: A1- | E46: A1- | F46: A1- | G46: N.E. | H46: N.E. | I46: A1 | J46: A1+ | K46: A1+ | L46: A1+ | M46: A2-
A47: 8 | B47: N.E. | C47: A1- | D47: A1- | E47: A1- | F47: A1- | G47: A1- | H47: A1- | I47: A1 | J47: A1+ | K47: A1+ | L47: A2- | M47: A2
A48: 9 | B48: N.E. | C48: A1- | D48: A1- | E48: A1- | F48: A1 | G48: A1- | H48: A1- | I48: A1- | J48: A1+ | K48: A1+ | L48: A2- | M48: A2
A49: 10 | B49: A1- | C49: A1- | D49: A1 | E49: A1 | F49: A1 | G49: A1 | H49: A1 | I49: A1 | J49: A2- | K49: A2- | L49: A2- | M49: A2
A50: 11 | B50: A1- | C50: A1- | D50: A1 | E50: A1 | F50: A1 | G50: A1 | H50: A1 | I50: A1+ | J50: A2- | K50: A2- | L50: A2 | M50: A2+
... A90: 51 | B90: A1+ | C90: A1+ | D90: A2- | E90: A2- | F90: A2 | G90: A2+ | H90: A2+ | I90: A2+ | J90: B1- | K90: B1- | L90: B1- | M90: B1
A92: Niveaux Cibles LV1
A93: Trimestre | B93: 1 | C93: 2 | D93: 3
A95: 3A | B95: A1+ | C95: A2- | D95: A2
A96: 4A | B96: A1 | C96: A1+ | D96: A1+
A97: 5A | B97: A1- | C97: A1 | D97: A1
A98: 6A | B98: A1- | C98: A1- | D98: A1-
A100: SEGPA/LV2 | B100: 6 | E100: 5 | H100: 4 | K100: 3
B101: _T1 | C101: _T2 | D101: _T3 | E101: _T1 | F101: _T2 | G101: _T3 | H101: _T1 | I101: _T2 | J101: _T3 | K101: _T1 | L101: _T2 | M101: _T3
A102: 0 | B102: N.E. | C102: N.E. | D102: N.E. | E102: N.E. | F102: N.E. | G102: N.E. | H102: N.E. | I102: N.E. | J102: N.E. | K102: N.E. | L102: N.E. | M102: N.E.
A103: 1 | B103: N.E. | C103: N.E. | D103: N.E. | E103: N.E. | F103: N.E. | G103: N.E. | H103: N.E. | I103: N.E. | J103: N.E. | K103: N.E. | L103: N.E. | M103: N.E.
A104: 2 | B104: N.E. | C104: N.E. | D104: N.E. | E104: N.E. | F104: N.E. | G104: N.E. | H104: N.E. | I104: N.E. | J104: N.E. | K104: N.E. | L104: N.E. | M104: N.E.
A105: 3 | B105: N.E. | C105: N.E. | D105: N.E. | E105: N.E. | F105: N.E. | G105: N.E. | H105: N.E. | I105: N.E. | J105: N.E. | K105: N.E. | L105: N.E. | M105: N.E.
A106: 4 | B106: N.E. | C106: N.E. | D106: N.E. | E106: N.E. | F106: N.E. | G106: N.E. | H106: N.E. | I106: N.E. | J106: N.E. | K106: N.E. | L106: N.E. | M106: N.E.
A107: 5 | B107: N.E. | C107: N.E. | D107: N.E. | E107: N.E. | F107: N.E. | G107: N.E. | H107: N.E. | I107: N.E. | J107: A1- | K107: A1- | L107: N.E. | M107: N.E.
A108: 6 | B108: N.E. | C108: N.E. | D108: N.E. | E108: N.E. | F108: N.E. | G108: N.E. | H108: N.E. | I108: N.E. | J108: A1- | K108: A1- | L108: A1- | M108: N.E.
A109: 7 | B109: N.E. | C109: N.E. | D109: N.E. | E109: N.E. | F109: N.E. | G109: N.E. | H109: N.E. | I109: N.E. | J109: A1- | K109: A1- | L109: A1- | M109: N.E.
A110: 8 | B110: N.E. | C110: N.E. | D110: N.E. | E110: N.E. | F110: N.E. | G110: N.E. | H110: N.E. | I110: A1- | J110: A1- | K110: A1- | L110: A1- | M110: A1-
A111: 9 | B111: N.E. | C111: N.E. | D111: N.E. | E111: N.E. | F111: N.E. | G111: N.E. | H111: N.E. | I111: A1- | J111: A1- | K111: A1- | L111: A1 | M111: A1-
A112: 10 | B112: A | C112: A | D112: A | E112: A | F112: A1- | G112: A1- | H112: A1- | I112: A1- | J112: A1 | K112: A1 | L112: A1 | M112: A1
A113: 11 | B113: A | C113: A | D113: A | E113: A | F113: A1- | G113: A1- | H113: A1- | I113: A1- | J113: A1 | K113: A1 | L113: A1 | M113: A1
... A153: 51 | B153: A1 | C153: A1 | D153: A1 | E153: A1 | F153: A1+ | G153: A1+ | H153: A1+ | I153: A1+ | J153: A2- | K153: A2- | L153: A2 | M153: A2+

Sheet Base_LV
A1: Total | C1: Lire | H1: Ecrire | M1: Réagir_et_Dialoguer | R1: Ecouter_et_Comprendre | W1: Parler_en_Continu
A2: Compétence | C2: A1_Primaire | D2: A1 | E2: A2 | F2: B1 | H2: A1_Primaire | I2: A1 | J2: A2 | K2: B1 | M2: A1_Primaire | N2: A1 | O2: A2 | P2: B1 | R2: A1_Primaire | S2: A1 | T2: A2 | U2: B1 | W2: A1_Primaire | X2: A1 | Y2: A2 | Z2: B1
A4: Lire | C4: Je peux comprendre des textes courts et simples (Cinq phrases maximum) | D4: Je peux comprendre des messages simples et brefs (carte postale...) en relevant des noms, des mots familiers. | E4: Je peux comprendre des textes courts et simples rédigés avec un lexique simple sur des sujets concrets et courants (lettre, email...) | F4: Je peux trouver et comprendre l'information pertinente dans des écrits quotidiens (prospectus, journaux…) | H4: Je peux copier des mots isolés ou de très courts textes déjà étudiés en cours | I4: Je peux copier des mots, des phrases simples. | J4: Je peux décrire ma famille, mon environnement et mes activités de façon compréhensible même si mon texte comporte des erreurs. | K4: Je peux, dans une lettre, raconter une expérience, une aventure et décrire mes réactions, mes sentiments. | M4: Je sais me présenter (Nom, âge, adresse,téléphone et date de naissance) | N4: Je peux dire qui je suis, où je suis né(e), où j'habite. | O4: Je peux poser des questions simples, répondre et échanger des idées simples sur des sujets familiers (famille, loisirs, travail…) | P4: Je peux avoir une conversation sur un sujet familier, échanger des informations, discuter d'un film, d'un livre etc… | R4: Je peux comprendre l'ensemble des consignes du Classroom English vues en classe. | S4: Je peux comprendre des consignes simples en classe (répéter, aller au tableau, prendre mon cahier/mon livre) | T4: Je peux comprendre des indications simples pour remplir une tâche (Instructions, consignes, indicateurs spatio-temporels, chiffres…) | U4: Je peux comprendre les points principaux de ce que l'on me dit sur des sujets familers tels que le travail, l'école, les loisirs… | W4: Je peux reproduire un modèle oral (comptine, chansons, date et courtes annonces) | X4: Je peux lire à haute voix un texte court en respectant l'intonation. | Y4: Je peux parler d'activités quotidiennes. | Z4: Je peux raconter en détail une expérience et décrire mes réactions et mes sentiments.
A5: Ecrire | C5: Je peux me faire une idée du contenu d'un texte informatif, uniquement s'il est accompagné d'un document visuel (affiche, journal,,,) | D5: Je peux reconnaître les mots les plus courants dans les situations ordinaires de la vie. | E5: Je peux comprendre les signes et les panneaux dans les lieux publics (pour l'orientation, la sécurité, le danger...) | F5: Je peux localiser une information dans les différentes parties d'un texte long (lettres, prospectus, documents officiels, articles de journaux…) | H5: Je peux écrire un très court texte (email, carte postale) en référence à des modèles (5 phrases maximum) | I5: Je peux remplir un formulaire. | J5: Je peux rédiger un courrier dans une formulation simple | K5: Je peux rédiger quelques lignes pour exposer un problème, transmettre des informations et faire ccomprendre des points importants. | M5: Je sais présenter quelqu'un en me basant sur un modèle. | N5: Je peux dire comment je vais et demander à quelqu'un de ses nouvelles. | O5: Je peux faire ou accepter une offre/invitation/des excuses. | P5: Je peux demander à quelqu'un ce qu'il pense de quelque chose. | R5: Je peux comprendre des mots familers et/ou des expressions très courantes. | S5: Je peux reconnaître des mots et des structures du langage familier si l'on prononce lentement et si l'on articule bien. | T5: Je peux saisir les points essentiels d'annonce et de messages simples et brefs | U5: Je peux comprendre les points principaux d'une longue discussion si les gens articulent bien et parlent relativement lentement. | W5: Je peux utiliser des expressions et des phrases proches des modèles vus en classe. | X5: Je peux répéter correctement un court énoncé, par exemple quelques lignes d'un poème ou d'une chanson. | Y5: Je peux décrire et présenter mon environnement, par exemple le collège, la maison ou les vacances… | Z5: Je peux raconter un livre que j'ai lu, un film que j'ai vu, dire si je l'ai aimé et pourquoi.
A6: Réagir_Et_Dialoguer | D6: Je peux me faire une idée du contenu d'un texte informatif, surtout s'il est accompagné d'un document visuel (affiche, journal,,,) | E6: Je peux localiser une information spécifique dans un document (horaires, annonces…) | F6: Je peux réunir des informations du texte pour accomplir une tâche spécifique. | H6: Je sais renseigner un questionnaire très simple, comportant des formulations étudiées. | I6: Je peux reconstruire un phrase à partir d'éléments donnés. | J6: Je peux reproduire à l'écrit des phrases que j'entends | K6: Je peux paraphraser ou résumer de courts passages écrits. | M6: Je peux demander des nouvelles de quelqu'un et y réagir de manière brève | N6: Je peux présenter quelqu'un. | O6: Je peux exprimer de façon simple mon avis sur un sujet. | P6: Je peux exprimer ma joie, ma surprise, ma tristesse. | R6: Je peux suivre de brèves instructions auxquelles je suis habitué | S6: Je peux comprendre des phrases simples dans des situations de la vie quotidienne si la personne accepte de répéter ou de paraphraser. | T6: Je peux comprendre le sujet principal d'un message oral si le débit est lent et la diction claire) | U6: Je peux comprendre globalement quels arguments utilise une personne dans une discussion, sur un sujet que je connais bien. | W6: Je sais lire à haute voix un court texte. | X6: Je peux réciter un texte mémorisé. | Y6: Je peux parler de mes goûts, exprimer une opinion et la justifier en des termes simples. | Z6: Je peux faire un exposé sur un sujet que je connais bien.
A7: Ecouter_Et_Comprendre | D7: Je peux illustrer un texte par un dessin. | E7: Je peux identifier l'information pertinente sur des écrits simples. | F7: Je peux reconnaître les points significatifs d'un article de journal sur un sujet familier. | H7: Je sais produire quelques phrases (5 maximum) de manière autonome. | I7: Je peux faire des phrases en utilisant "And", "But" ou "So" | J7: Je peux raconter ce qui m'est arrivé au passé. | K7: Je peux prendre des notes, réutilisables ensuite, pendants un exposé, une conférence… | M7: Je peux utiliser les formules de politesse élémentaires. | N7: Je peux saluer et prendre congé. | O7: Je peux exprimer mon accord ou mon désaccord | P7: Je peux dire poliment ce que je pense et si je suis d'accord ou non. | R7: Je peux suivre une histoire simple (comptine…) avec une aide appropriée. | S7: Je peux comprendre des mots et des expressions du langage courant sur moi-même, ma famille, mon environnement immédiat et concret. | T7: Je peux comprendre des expressions et un vocabulaire très fréquent relatif à mon entourage proche lors de conversations quotidiennes et simples si le débit est lent et l'articulation distincte. | U7: Je peux suivre un exposé à condition que le sujet soit familier et que la présentation soit simple et bien structurée. | W7: Je peux raconter une histoire courte et déjà travaillée en classe. | X7: Je peux me présenter et me décrire. | Y7: Je peux raconter un histoire en plusieurs étapes en liant les évènements entre eux. | Z7: Je peux préparer un court bulletin d'information sur un sujet d'histoire ou d'actualité, à condition de l'avoir préparé.
A8: Parler_En_Continu | D8: Je peux suivre et comprendre des indications brèves et simples. | E8: Je peux comprendre l'énoncé d'un exercice. | F8: Je peux identifier le sprincipales conclusions d'un texte argumentatif bien structuré, sans forcément comprendre les détails. | H8: Je sais écrire, sous la dictée, des expressions connues. | I8: Je peux réécrire un message à partir d'un modèle. | J8: Je peux relier les phrases en utilisant des connecteurs simples (Because, First, Then, Finally…) | M8: Je sais présenter mes excuses en utilisant les formules étudiées. | N8: Je peux répondre à des questions personnelles simples. | O8: Je peux dire ce que j'aime ou ce que je n'aime pas. | P8: Je peux expliquer comment faire quelque chose en donnant des instructions détaillées. | S8: Je peux comprendre une conversation brève et simple si les gens parlent lentement et distinctement. | T8: Je peux capter les informations essentielles de courts passages audio enregistrés sur un sujet courant et prévisible, si l'on parle de façon lente et en articulant correctement. | U8: Je peux comprendre des informations techniques simples, comme un mode d'emploi pour un appareil d'usage courant (appaeil photo, caméra…) | X8: Je peux présenter et décrire des activités. | Y8: Je peux relater un évènement en donnant des précisions simples. | Z8: Je peux donner mon opinion sur différents sujets et la justifier.
A9: Validation | E9: Je peux suivre le mode d'emploi d'un appareil d'usage courant (téléphone portable…) | F9: Je peux comprendre le mode d'emploi d'un appareil d'usage courant (impimante, console, lecteur MP3…) | I9: Je peux écrire des phrases simples pour dire ce que je fais. | J9: Je peux m'autocorriger en me relisant | M9: Je sais brièvement répondre à des sujets familiers. | N9: Je peux compter, indiquer des quantité et donner l'heure. | O9: Je peux demander des conseils, des consignes et en donner | P9: Je peux comparer des propositions, discuter de ce qu'il faut faire, où il faut aller, ce qu'il faut choisir. | T9: Je peux saisir l'information essentielle d'émissions télévisées (évènements, pubs, météo…) si le commentaire est accompagné d'images suffisamment parlantes. | U9: Au téléphone, je peux suivre sans difficulté une conversation portant sur des domaines quotidiens. | X9: Je peux raconter une histoire courte. | Y9: Je peux parler de mes intentions et de ce qui va se réaliser dans l'avenir. | Z9: Je peux parler de choix et d'objectifs ainsi que donner leurs raisons.
E10: Je peux comprendre un règlement. | I10: Je peux écrire des phrases sur moi-même et sur des personnes de mon entourage ou des personnages imaginaires en donnant des infirmations simples. | J10: Je peux prendre des notes pendant une conversation téléphonique, à condition de pouvoir faire répéter. | M10: Je peux poser des questions simples concernant mon environnement immédiat. | N10: Je peux suivre des indications simples et en donner (aller d'un endroit à un autre…) | O10: Je peux demander un chemin et l'indiquer avec un plan. | P10: Je peux interviewer quelqu'un sur un sujet précis si j'ai préparé le questionnaire auparavant. | U10: A la radio ou à la TV, je peux comprendre le points principaux des bulletins d'information ou des programmes sur des sujets familiers… | Y10: Je peux transmettre différentes informations sur un sujet à des personnes qui n'en ont pas connaissance.
A11: Expert | E11: Je peux comprendre une recette de cuisine | I11: Je peux écrire une carte postale brève en utilisant des formes de politesse. | J11: Je peux rapporter des propos ou des évènements par écrit. | N11: Je peux proposer ou offrir quelque chose à quelqu'un. | O11: Je peux faire des gestes pour clarifier ce que je veux dire. | P11: Je peux poser quelques questions spontanées. | U11: Je peux suivre de nombreux films si l'histoire repose essentiellement sur l'action… | Y11: Je peux expliquer les causes d'un évènement.
A12: Acquis | I12: Je peux demander par écrit des informations simples. | N12: Je peux parler d'une date ou d'un rendez-vous en utilisant des indications de temps. | P12: Au cours d'un voyage, je peux faire face à la plupart des situations de la vie quotidienne, résoudre des problèmes, faire des réclamations, porter plainte… | Y12: Je peux donner les raisons d'un choix.
A13: En Cours | N13: Je peux parler d'une date ou d'un rendez-vous en utilisant des indications de temps. | P13: Je peux parler d'une date ou d'un rendez-vous en utilisant des indications de temps. | Y13: Je peux comparer.
A14: Non Acquis | N14: Je peux dire que je ne comprends pas et demander de répéter plus lentement, ou de reformuler.
A15: Non Evaluable | N15: Quand je ne connais pas un mot, je peux demander comment on le dit.
A16: Niveau CECRL
A18: A1_Primaire | D18: 1
A19: A1 | D19: 2
A20: A2 | D20: 3
A21: B1
A23: Non Evaluable
A24: Non Acquis | B24: 0
A25: Début d'Acquisition | B25: 1
A26: En Cours | B26: 2
A27: Presque Acquis | B27: 3
A28: Acquis | B28: 4
A29: Expert | B29: 5

Sheet Bilan_Validation
C1: Début | D1: =IF($D$5="","",$D$5) -> T1_4B_POC1 | G1: Expert | H1: Acquis | I1: Presque Acquis | J1: En Cours | K1: Début d'Acquisition | L1: Non Acquis | M1: Non Evaluable | N1: Expert | O1: Acquis | P1: Presque Acquis | Q1: En Cours | R1: Début d'Acquisition | S1: Non Acquis | T1: Non Evaluable | U1: Expert | V1: Acquis | W1: Presque Acquis | X1: En Cours | Y1: Début d'Acquisition | Z1: Non Acquis | AA1: Non Evaluable | AB1: Expert | AC1: Acquis | AD1: Presque Acquis | AE1: En Cours | AF1: Début d'Acquisition | AG1: Non Acquis | AH1: Non Evaluable
A2: Classes | C2: Fin | D2: =LOOKUP("zz",D$5:D$25) -> T1_3E_PE1 | E2: Niveau | F2: Matière | G2: A1_Primaire | N2: A1 | U2: A2 | AB2: B1
E3: LV1 | F3: Anglais | G3: =$E3 -> LV1 | N3: =$E3 -> LV1 | U3: =$E3 -> LV1 | AB3: =$E3 -> LV1
A4: Toutes | D4: Nom Feuilles | F4: Ecouter_Et_Comprendre | G4: =$F$4 -> Ecouter_Et_Comprendre | N4: =$F$4 -> Ecouter_Et_Comprendre | U4: =$F$4 -> Ecouter_Et_Comprendre | AB4: =$F$4 -> Ecouter_Et_Comprendre
A5: 3A | D5: T1_4B_POC1 | F5: Sous-Compétence
A6: 3B | D6: T1_4D_POC1 | E6: Classe | G6: Exp | H6: A | I6: PA | J6: EC | K6: DA | L6: NA | M6: NE | N6: Exp | O6: A | P6: PA | Q6: EC | R6: DA | S6: NA | T6: NE | U6: Exp | V6: A | W6: PA | X6: EC | Y6: DA | Z6: NA | AA6: NE | AB6: Exp | AC6: A | AD6: PA | AE6: EC | AF6: DA | AG6: NA | AH6: NE
A7: 3C | D7: T1_5D_POC1 | E7: Toutes | F7: NOM Prénom
A8: 3D | D8: T1_3C_PE1 | F8: {=IF($E$7="","",IF($E$7="Toutes",IF(ROWS($2:2)<=COUNTA(Champ),INDEX(Champ,MOD(SMALL(IF(Champ<>"",COLUMN(Champ)*10^5+ROW(INDIRECT("1:"&ROWS(Champ)))),ROWS($2:2)),10^5),INT(SMALL(IF(Champ<>"",COLUMN(Champ)*10^5+ROW(INDIRECT("1:"&ROWS(Champ)))),ROWS($2:2))/10^5)-COLUMN(Champ)+1),""),IF(OFFSET(INDIRECT(CONCATENATE("_",E$7)),Base_Elèves!CA1,0,1,1)="","",OFFSET(INDIRECT(CONCATENATE("_",E$7)),Base_Elèves!CA1,0,1,1))))} -> AIHUNE NUY Emile
A9: 3E | D9: T1_3E_PE1 | F9: {=IF($E$7="","",IF($E$7="Toutes",IF(ROWS($2:3)<=COUNTA(Champ),INDEX(Champ,MOD(SMALL(IF(Champ<>"",COLUMN(Champ)*10^5+ROW(INDIRECT("1:"&ROWS(Champ)))),ROWS($2:3)),10^5),INT(SMALL(IF(Champ<>"",COLUMN(Champ)*10^5+ROW(INDIRECT("1:"&ROWS(Champ)))),ROWS($2:3))/10^5)-COLUMN(Champ)+1),""),IF(OFFSET(INDIRECT(CONCATENATE("_",E$7)),Base_Elèves!CA2,0,1,1)="","",OFFSET(INDIRECT(CONCATENATE("_",E$7)),Base_Elèves!CA2,0,1,1))))} -> ANCHIER Yvon
A10: 4A | F10: {=IF($E$7="","",IF($E$7="Toutes",IF(ROWS($2:4)<=COUNTA(Champ),INDEX(Champ,MOD(SMALL(IF(Champ<>"",COLUMN(Champ)*10^5+ROW(INDIRECT("1:"&ROWS(Champ)))),ROWS($2:4)),10^5),INT(SMALL(IF(Champ<>"",COLUMN(Champ)*10^5+ROW(INDIRECT("1:"&ROWS(Champ)))),ROWS($2:4))/10^5)-COLUMN(Champ)+1),""),IF(OFFSET(INDIRECT(CONCATENATE("_",E$7)),Base_Elèves!CA3,0,1,1)="","",OFFSET(INDIRECT(CONCATENATE("_",E$7)),Base_Elèves!CA3,0,1,1))))} -> ANTOUDROL James
A11: 4B | F11: {=IF($E$7="","",IF($E$7="Toutes",IF(ROWS($2:5)<=COUNTA(Champ),INDEX(Champ,MOD(SMALL(IF(Champ<>"",COLUMN(Champ)*10^5+ROW(INDIRECT("1:"&ROWS(Champ)))),ROWS($2:5)),10^5),INT(SMALL(IF(Champ<>"",COLUMN(Champ)*10^5+ROW(INDIRECT("1:"&ROWS(Champ)))),ROWS($2:5))/10^5)-COLUMN(Champ)+1),""),IF(OFFSET(INDIRECT(CONCATENATE("_",E$7)),Base_Elèves!CA4,0,1,1)="","",OFFSET(INDIRECT(CONCATENATE("_",E$7)),Base_Elèves!CA4,0,1,1))))} -> BIENLEPETI Ambroise
A12: 4C | F12: {=IF($E$7="","",IF($E$7="Toutes",IF(ROWS($2:6)<=COUNTA(Champ),INDEX(Champ,MOD(SMALL(IF(Champ<>"",COLUMN(Champ)*10^5+ROW(INDIRECT("1:"&ROWS(Champ)))),ROWS($2:6)),10^5),INT(SMALL(IF(Champ<>"",COLUMN(Champ)*10^5+ROW(INDIRECT("1:"&ROWS(Champ)))),ROWS($2:6))/10^5)-COLUMN(Champ)+1),""),IF(OFFSET(INDIRECT(CONCATENATE("_",E$7)),Base_Elèves!CA5,0,1,1)="","",OFFSET(INDIRECT(CONCATENATE("_",E$7)),Base_Elèves!CA5,0,1,1))))} -> CONNERY Aretha
A13: 4D | F13: {=IF($E$7="","",IF($E$7="Toutes",IF(ROWS($2:7)<=COUNTA(Champ),INDEX(Champ,MOD(SMALL(IF(Champ<>"",COLUMN(Champ)*10^5+ROW(INDIRECT("1:"&ROWS(Champ)))),ROWS($2:7)),10^5),INT(SMALL(IF(Champ<>"",COLUMN(Champ)*10^5+ROW(INDIRECT("1:"&ROWS(Champ)))),ROWS($2:7))/10^5)-COLUMN(Champ)+1),""),IF(OFFSET(INDIRECT(CONCATENATE("_",E$7)),Base_Elèves!CA6,0,1,1)="","",OFFSET(INDIRECT(CONCATENATE("_",E$7)),Base_Elèves!CA6,0,1,1))))} -> DEUF John
A14: 4E | F14: {=IF($E$7="","",IF($E$7="Toutes",IF(ROWS($2:8)<=COUNTA(Champ),INDEX(Champ,MOD(SMALL(IF(Champ<>"",COLUMN(Champ)*10^5+ROW(INDIRECT("1:"&ROWS(Champ)))),ROWS($2:8)),10^5),INT(SMALL(IF(Champ<>"",COLUMN(Champ)*10^5+ROW(INDIRECT("1:"&ROWS(Champ)))),ROWS($2:8))/10^5)-COLUMN(Champ)+1),""),IF(OFFSET(INDIRECT(CONCATENATE("_",E$7)),Base_Elèves!CA7,0,1,1)="","",OFFSET(INDIRECT(CONCATENATE("_",E$7)),Base_Elèves!CA7,0,1,1))))} -> DEUSSAN Anne-Alice
A15: 5A | F15: {=IF($E$7="","",IF($E$7="Toutes",IF(ROWS($2:9)<=COUNTA(Champ),INDEX(Champ,MOD(SMALL(IF(Champ<>"",COLUMN(Champ)*10^5+ROW(INDIRECT("1:"&ROWS(Champ)))),ROWS($2:9)),10^5),INT(SMALL(IF(Champ<>"",COLUMN(Champ)*10^5+ROW(INDIRECT("1:"&ROWS(Champ)))),ROWS($2:9))/10^5)-COLUMN(Champ)+1),""),IF(OFFSET(INDIRECT(CONCATENATE("_",E$7)),Base_Elèves!CA8,0,1,1)="","",OFFSET(INDIRECT(CONCATENATE("_",E$7)),Base_Elèves!CA8,0,1,1))))} -> D'ZEUKLOK Haroun
A16: 5B | F16: {=IF($E$7="","",IF($E$7="Toutes",IF(ROWS($2:10)<=COUNTA(Champ),INDEX(Champ,MOD(SMALL(IF(Champ<>"",COLUMN(Champ)*10^5+ROW(INDIRECT("1:"&ROWS(Champ)))),ROWS($2:10)),10^5),INT(SMALL(IF(Champ<>"",COLUMN(Champ)*10^5+ROW(INDIRECT("1:"&ROWS(Champ)))),ROWS($2:10))/10^5)-COLUMN(Champ)+1),""),IF(OFFSET(INDIRECT(CONCATENATE("_",E$7)),Base_Elèves!CA9,0,1,1)="","",OFFSET(INDIRECT(CONCATENATE("_",E$7)),Base_Elèves!CA9,0,1,1))))} -> EMPHAILLITE Mélusine
A17: 5C | F17: {=IF($E$7="","",IF($E$7="Toutes",IF(ROWS($2:11)<=COUNTA(Champ),INDEX(Champ,MOD(SMALL(IF(Champ<>"",COLUMN(Champ)*10^5+ROW(INDIRECT("1:"&ROWS(Champ)))),ROWS($2:11)),10^5),INT(SMALL(IF(Champ<>"",COLUMN(Champ)*10^5+ROW(INDIRECT("1:"&ROWS(Champ)))),ROWS($2:11))/10^5)-COLUMN(Champ)+1),""),IF(OFFSET(INDIRECT(CONCATENATE("_",E$7)),Base_Elèves!CA10,0,1,1)="","",OFFSET(INDIRECT(CONCATENATE("_",E$7)),Base_Elèves!CA10,0,1,1))))} -> FONFEC Sophie
A18: 5D | F18: {=IF($E$7="","",IF($E$7="Toutes",IF(ROWS($2:12)<=COUNTA(Champ),INDEX(Champ,MOD(SMALL(IF(Champ<>"",COLUMN(Champ)*10^5+ROW(INDIRECT("1:"&ROWS(Champ)))),ROWS($2:12)),10^5),INT(SMALL(IF(Champ<>"",COLUMN(Champ)*10^5+ROW(INDIRECT("1:"&ROWS(Champ)))),ROWS($2:12))/10^5)-COLUMN(Champ)+1),""),IF(OFFSET(INDIRECT(CONCATENATE("_",E$7)),Base_Elèves!CA11,0,1,1)="","",OFFSET(INDIRECT(CONCATENATE("_",E$7)),Base_Elèves!CA11,0,1,1))))} -> FRAIMIEUX DE LA FERMAY Yves
A19: 5E | F19: {=IF($E$7="","",IF($E$7="Toutes",IF(ROWS($2:13)<=COUNTA(Champ),INDEX(Champ,MOD(SMALL(IF(Champ<>"",COLUMN(Champ)*10^5+ROW(INDIRECT("1:"&ROWS(Champ)))),ROWS($2:13)),10^5),INT(SMALL(IF(Champ<>"",COLUMN(Champ)*10^5+ROW(INDIRECT("1:"&ROWS(Champ)))),ROWS($2:13))/10^5)-COLUMN(Champ)+1),""),IF(OFFSET(INDIRECT(CONCATENATE("_",E$7)),Base_Elèves!CA12,0,1,1)="","",OFFSET(INDIRECT(CONCATENATE("_",E$7)),Base_Elèves!CA12,0,1,1))))} -> DEUF John
A20: 6A | F20: {=IF($E$7="","",IF($E$7="Toutes",IF(ROWS($2:14)<=COUNTA(Champ),INDEX(Champ,MOD(SMALL(IF(Champ<>"",COLUMN(Champ)*10^5+ROW(INDIRECT("1:"&ROWS(Champ)))),ROWS($2:14)),10^5),INT(SMALL(IF(Champ<>"",COLUMN(Champ)*10^5+ROW(INDIRECT("1:"&ROWS(Champ)))),ROWS($2:14))/10^5)-COLUMN(Champ)+1),""),IF(OFFSET(INDIRECT(CONCATENATE("_",E$7)),Base_Elèves!CA13,0,1,1)="","",OFFSET(INDIRECT(CONCATENATE("_",E$7)),Base_Elèves!CA13,0,1,1))))} -> DEUSSAN Anne-Alice
A21: 6B | F21: {=IF($E$7="","",IF($E$7="Toutes",IF(ROWS($2:15)<=COUNTA(Champ),INDEX(Champ,MOD(SMALL(IF(Champ<>"",COLUMN(Champ)*10^5+ROW(INDIRECT("1:"&ROWS(Champ)))),ROWS($2:15)),10^5),INT(SMALL(IF(Champ<>"",COLUMN(Champ)*10^5+ROW(INDIRECT("1:"&ROWS(Champ)))),ROWS($2:15))/10^5)-COLUMN(Champ)+1),""),IF(OFFSET(INDIRECT(CONCATENATE("_",E$7)),Base_Elèves!CA14,0,1,1)="","",OFFSET(INDIRECT(CONCATENATE("_",E$7)),Base_Elèves!CA14,0,1,1))))} -> D'ZEUKLOK Haroun
A22: 6C | F22: {=IF($E$7="","",IF($E$7="Toutes",IF(ROWS($2:16)<=COUNTA(Champ),INDEX(Champ,MOD(SMALL(IF(Champ<>"",COLUMN(Champ)*10^5+ROW(INDIRECT("1:"&ROWS(Champ)))),ROWS($2:16)),10^5),INT(SMALL(IF(Champ<>"",COLUMN(Champ)*10^5+ROW(INDIRECT("1:"&ROWS(Champ)))),ROWS($2:16))/10^5)-COLUMN(Champ)+1),""),IF(OFFSET(INDIRECT(CONCATENATE("_",E$7)),Base_Elèves!CA15,0,1,1)="","",OFFSET(INDIRECT(CONCATENATE("_",E$7)),Base_Elèves!CA15,0,1,1))))} -> EMPHAILLITE Mélusine
A23: 6D | F23: {=IF($E$7="","",IF($E$7="Toutes",IF(ROWS($2:17)<=COUNTA(Champ),INDEX(Champ,MOD(SMALL(IF(Champ<>"",COLUMN(Champ)*10^5+ROW(INDIRECT("1:"&ROWS(Champ)))),ROWS($2:17)),10^5),INT(SMALL(IF(Champ<>"",COLUMN(Champ)*10^5+ROW(INDIRECT("1:"&ROWS(Champ)))),ROWS($2:17))/10^5)-COLUMN(Champ)+1),""),IF(OFFSET(INDIRECT(CONCATENATE("_",E$7)),Base_Elèves!CA16,0,1,1)="","",OFFSET(INDIRECT(CONCATENATE("_",E$7)),Base_Elèves!CA16,0,1,1))))} -> FONFEC Sophie
A24: 6E | F24: {=IF($E$7="","",IF($E$7="Toutes",IF(ROWS($2:18)<=COUNTA(Champ),INDEX(Champ,MOD(SMALL(IF(Champ<>"",COLUMN(Champ)*10^5+ROW(INDIRECT("1:"&ROWS(Champ)))),ROWS($2:18)),10^5),INT(SMALL(IF(Champ<>"",COLUMN(Champ)*10^5+ROW(INDIRECT("1:"&ROWS(Champ)))),ROWS($2:18))/10^5)-COLUMN(Champ)+1),""),IF(OFFSET(INDIRECT(CONCATENATE("_",E$7)),Base_Elèves!CA17,0,1,1)="","",OFFSET(INDIRECT(CONCATENATE("_",E$7)),Base_Elèves!CA17,0,1,1))))} -> FRAIMIEUX DE LA FERMAY Yves
A25: 3BC_Esp | F25: {=IF($E$7="","",IF($E$7="Toutes",IF(ROWS($2:19)<=COUNTA(Champ),INDEX(Champ,MOD(SMALL(IF(Champ<>"",COLUMN(Champ)*10^5+ROW(INDIRECT("1:"&ROWS(Champ)))),ROWS($2:19)),10^5),INT(SMALL(IF(Champ<>"",COLUMN(Champ)*10^5+ROW(INDIRECT("1:"&ROWS(Champ)))),ROWS($2:19))/10^5)-COLUMN(Champ)+1),""),IF(OFFSET(INDIRECT(CONCATENATE("_",E$7)),Base_Elèves!CA18,0,1,1)="","",OFFSET(INDIRECT(CONCATENATE("_",E$7)),Base_Elèves!CA18,0,1,1))))} -> HAIPARBAL Gilles
A26: 4BC_Esp | F26: {=IF($E$7="","",IF($E$7="Toutes",IF(ROWS($2:20)<=COUNTA(Champ),INDEX(Champ,MOD(SMALL(IF(Champ<>"",COLUMN(Champ)*10^5+ROW(INDIRECT("1:"&ROWS(Champ)))),ROWS($2:20)),10^5),INT(SMALL(IF(Champ<>"",COLUMN(Champ)*10^5+ROW(INDIRECT("1:"&ROWS(Champ)))),ROWS($2:20))/10^5)-COLUMN(Champ)+1),""),IF(OFFSET(INDIRECT(CONCATENATE("_",E$7)),Base_Elèves!CA19,0,1,1)="","",OFFSET(INDIRECT(CONCATENATE("_",E$7)),Base_Elèves!CA19,0,1,1))))} -> JAVEL Aude
A27: 3BC_All | F27: {=IF($E$7="","",IF($E$7="Toutes",IF(ROWS($2:21)<=COUNTA(Champ),INDEX(Champ,MOD(SMALL(IF(Champ<>"",COLUMN(Champ)*10^5+ROW(INDIRECT("1:"&ROWS(Champ)))),ROWS($2:21)),10^5),INT(SMALL(IF(Champ<>"",COLUMN(Champ)*10^5+ROW(INDIRECT("1:"&ROWS(Champ)))),ROWS($2:21))/10^5)-COLUMN(Champ)+1),""),IF(OFFSET(INDIRECT(CONCATENATE("_",E$7)),Base_Elèves!CA20,0,1,1)="","",OFFSET(INDIRECT(CONCATENATE("_",E$7)),Base_Elèves!CA20,0,1,1))))} -> MANFAIMIEU Gérard
A28: 4B_All | F28: {=IF($E$7="","",IF($E$7="Toutes",IF(ROWS($2:22)<=COUNTA(Champ),INDEX(Champ,MOD(SMALL(IF(Champ<>"",COLUMN(Champ)*10^5+ROW(INDIRECT("1:"&ROWS(Champ)))),ROWS($2:22)),10^5),INT(SMALL(IF(Champ<>"",COLUMN(Champ)*10^5+ROW(INDIRECT("1:"&ROWS(Champ)))),ROWS($2:22))/10^5)-COLUMN(Champ)+1),""),IF(OFFSET(INDIRECT(CONCATENATE("_",E$7)),Base_Elèves!CA21,0,1,1)="","",OFFSET(INDIRECT(CONCATENATE("_",E$7)),Base_Elèves!CA21,0,1,1))))} -> NAL Sheila-Lotfi
F29: {=IF($E$7="","",IF($E$7="Toutes",IF(ROWS($2:23)<=COUNTA(Champ),INDEX(Champ,MOD(SMALL(IF(Champ<>"",COLUMN(Champ)*10^5+ROW(INDIRECT("1:"&ROWS(Champ)))),ROWS($2:23)),10^5),INT(SMALL(IF(Champ<>"",COLUMN(Champ)*10^5+ROW(INDIRECT("1:"&ROWS(Champ)))),ROWS($2:23))/10^5)-COLUMN(Champ)+1),""),IF(OFFSET(INDIRECT(CONCATENATE("_",E$7)),Base_Elèves!CA22,0,1,1)="","",OFFSET(INDIRECT(CONCATENATE("_",E$7)),Base_Elèves!CA22,0,1,1))))} -> NESS Guy
F30: {=IF($E$7="","",IF($E$7="Toutes",IF(ROWS($2:24)<=COUNTA(Champ),INDEX(Champ,MOD(SMALL(IF(Champ<>"",COLUMN(Champ)*10^5+ROW(INDIRECT("1:"&ROWS(Champ)))),ROWS($2:24)),10^5),INT(SMALL(IF(Champ<>"",COLUMN(Champ)*10^5+ROW(INDIRECT("1:"&ROWS(Champ)))),ROWS($2:24))/10^5)-COLUMN(Champ)+1),""),IF(OFFSET(INDIRECT(CONCATENATE("_",E$7)),Base_Elèves!CA23,0,1,1)="","",OFFSET(INDIRECT(CONCATENATE("_",E$7)),Base_Elèves!CA23,0,1,1))))} -> OPOSTE Fidel
F31: {=IF($E$7="","",IF($E$7="Toutes",IF(ROWS($2:25)<=COUNTA(Champ),INDEX(Champ,MOD(SMALL(IF(Champ<>"",COLUMN(Champ)*10^5+ROW(INDIRECT("1:"&ROWS(Champ)))),ROWS($2:25)),10^5),INT(SMALL(IF(Champ<>"",COLUMN(Champ)*10^5+ROW(INDIRECT("1:"&ROWS(Champ)))),ROWS($2:25))/10^5)-COLUMN(Champ)+1),""),IF(OFFSET(INDIRECT(CONCATENATE("_",E$7)),Base_Elèves!CA24,0,1,1)="","",OFFSET(INDIRECT(CONCATENATE("_",E$7)),Base_Elèves!CA24,0,1,1))))} -> TABANIOL Alphonse
F32: {=IF($E$7="","",IF($E$7="Toutes",IF(ROWS($2:26)<=COUNTA(Champ),INDEX(Champ,MOD(SMALL(IF(Champ<>"",COLUMN(Champ)*10^5+ROW(INDIRECT("1:"&ROWS(Champ)))),ROWS($2:26)),10^5),INT(SMALL(IF(Champ<>"",COLUMN(Champ)*10^5+ROW(INDIRECT("1:"&ROWS(Champ)))),ROWS($2:26))/10^5)-COLUMN(Champ)+1),""),IF(OFFSET(INDIRECT(CONCATENATE("_",E$7)),Base_Elèves!CA25,0,1,1)="","",OFFSET(INDIRECT(CONCATENATE("_",E$7)),Base_Elèves!CA25,0,1,1))))} -> TAFRAISE Théramène
F33: {=IF($E$7="","",IF($E$7="Toutes",IF(ROWS($2:27)<=COUNTA(Champ),INDEX(Champ,MOD(SMALL(IF(Champ<>"",COLUMN(Champ)*10^5+ROW(INDIRECT("1:"&ROWS(Champ)))),ROWS($2:27)),10^5),INT(SMALL(IF(Champ<>"",COLUMN(Champ)*10^5+ROW(INDIRECT("1:"&ROWS(Champ)))),ROWS($2:27))/10^5)-COLUMN(Champ)+1),""),IF(OFFSET(INDIRECT(CONCATENATE("_",E$7)),Base_Elèves!CA26,0,1,1)="","",OFFSET(INDIRECT(CONCATENATE("_",E$7)),Base_Elèves!CA26,0,1,1))))} -> TINOPLE Constant
F34: {=IF($E$7="","",IF($E$7="Toutes",IF(ROWS($2:28)<=COUNTA(Champ),INDEX(Champ,MOD(SMALL(IF(Champ<>"",COLUMN(Champ)*10^5+ROW(INDIRECT("1:"&ROWS(Champ)))),ROWS($2:28)),10^5),INT(SMALL(IF(Champ<>"",COLUMN(Champ)*10^5+ROW(INDIRECT("1:"&ROWS(Champ)))),ROWS($2:28))/10^5)-COLUMN(Champ)+1),""),IF(OFFSET(INDIRECT(CONCATENATE("_",E$7)),Base_Elèves!CA27,0,1,1)="","",OFFSET(INDIRECT(CONCATENATE("_",E$7)),Base_Elèves!CA27,0,1,1))))} -> TISON Paco
F35: {=IF($E$7="","",IF($E$7="Toutes",IF(ROWS($2:29)<=COUNTA(Champ),INDEX(Champ,MOD(SMALL(IF(Champ<>"",COLUMN(Champ)*10^5+ROW(INDIRECT("1:"&ROWS(Champ)))),ROWS($2:29)),10^5),INT(SMALL(IF(Champ<>"",COLUMN(Champ)*10^5+ROW(INDIRECT("1:"&ROWS(Champ)))),ROWS($2:29))/10^5)-COLUMN(Champ)+1),""),IF(OFFSET(INDIRECT(CONCATENATE("_",E$7)),Base_Elèves!CA28,0,1,1)="","",OFFSET(INDIRECT(CONCATENATE("_",E$7)),Base_Elèves!CA28,0,1,1))))} -> TOMBAY Yvon
F36: {=IF($E$7="","",IF($E$7="Toutes",IF(ROWS($2:30)<=COUNTA(Champ),INDEX(Champ,MOD(SMALL(IF(Champ<>"",COLUMN(Champ)*10^5+ROW(INDIRECT("1:"&ROWS(Champ)))),ROWS($2:30)),10^5),INT(SMALL(IF(Champ<>"",COLUMN(Champ)*10^5+ROW(INDIRECT("1:"&ROWS(Champ)))),ROWS($2:30))/10^5)-COLUMN(Champ)+1),""),IF(OFFSET(INDIRECT(CONCATENATE("_",E$7)),Base_Elèves!CA29,0,1,1)="","",OFFSET(INDIRECT(CONCATENATE("_",E$7)),Base_Elèves!CA29,0,1,1))))} -> VIGOTT Sarah
F37: {=IF($E$7="","",IF($E$7="Toutes",IF(ROWS($2:31)<=COUNTA(Champ),INDEX(Champ,MOD(SMALL(IF(Champ<>"",COLUMN(Champ)*10^5+ROW(INDIRECT("1:"&ROWS(Champ)))),ROWS($2:31)),10^5),INT(SMALL(IF(Champ<>"",COLUMN(Champ)*10^5+ROW(INDIRECT("1:"&ROWS(Champ)))),ROWS($2:31))/10^5)-COLUMN(Champ)+1),""),IF(OFFSET(INDIRECT(CONCATENATE("_",E$7)),Base_Elèves!CA30,0,1,1)="","",OFFSET(INDIRECT(CONCATENATE("_",E$7)),Base_Elèves!CA30,0,1,1))))} -> NEYMAR Jean
F38: {=IF($E$7="","",IF($E$7="Toutes",IF(ROWS($2:32)<=COUNTA(Champ),INDEX(Champ,MOD(SMALL(IF(Champ<>"",COLUMN(Champ)*10^5+ROW(INDIRECT("1:"&ROWS(Champ)))),ROWS($2:32)),10^5),INT(SMALL(IF(Champ<>"",COLUMN(Champ)*10^5+ROW(INDIRECT("1:"&ROWS(Champ)))),ROWS($2:32))/10^5)-COLUMN(Champ)+1),""),IF(OFFSET(INDIRECT(CONCATENATE("_",E$7)),Base_Elèves!CA31,0,1,1)="","",OFFSET(INDIRECT(CONCATENATE("_",E$7)),Base_Elèves!CA31,0,1,1))))} -> DEY Kelly
F39: {=IF($E$7="","",IF($E$7="Toutes",IF(ROWS($2:33)<=COUNTA(Champ),INDEX(Champ,MOD(SMALL(IF(Champ<>"",COLUMN(Champ)*10^5+ROW(INDIRECT("1:"&ROWS(Champ)))),ROWS($2:33)),10^5),INT(SMALL(IF(Champ<>"",COLUMN(Champ)*10^5+ROW(INDIRECT("1:"&ROWS(Champ)))),ROWS($2:33))/10^5)-COLUMN(Champ)+1),""),IF(OFFSET(INDIRECT(CONCATENATE("_",E$7)),Base_Elèves!CA32,0,1,1)="","",OFFSET(INDIRECT(CONCATENATE("_",E$7)),Base_Elèves!CA32,0,1,1))))} -> CHATERE Tom
F40: {=IF($E$7="","",IF($E$7="Toutes",IF(ROWS($2:34)<=COUNTA(Champ),INDEX(Champ,MOD(SMALL(IF(Champ<>"",COLUMN(Champ)*10^5+ROW(INDIRECT("1:"&ROWS(Champ)))),ROWS($2:34)),10^5),INT(SMALL(IF(Champ<>"",COLUMN(Champ)*10^5+ROW(INDIRECT("1:"&ROWS(Champ)))),ROWS($2:34))/10^5)-COLUMN(Champ)+1),""),IF(OFFSET(INDIRECT(CONCATENATE("_",E$7)),Base_Elèves!CA33,0,1,1)="","",OFFSET(INDIRECT(CONCATENATE("_",E$7)),Base_Elèves!CA33,0,1,1))))} -> ANQUALE Seb
F41: {=IF($E$7="","",IF($E$7="Toutes",IF(ROWS($2:35)<=COUNTA(Champ),INDEX(Champ,MOD(SMALL(IF(Champ<>"",COLUMN(Champ)*10^5+ROW(INDIRECT("1:"&ROWS(Champ)))),ROWS($2:35)),10^5),INT(SMALL(IF(Champ<>"",COLUMN(Champ)*10^5+ROW(INDIRECT("1:"&ROWS(Champ)))),ROWS($2:35))/10^5)-COLUMN(Champ)+1),""),IF(OFFSET(INDIRECT(CONCATENATE("_",E$7)),Base_Elèves!CA34,0,1,1)="","",OFFSET(INDIRECT(CONCATENATE("_",E$7)),Base_Elèves!CA34,0,1,1))))} -> MOLATIN Jean-Pierre
F42: {=IF($E$7="","",IF($E$7="Toutes",IF(ROWS($2:36)<=COUNTA(Champ),INDEX(Champ,MOD(SMALL(IF(Champ<>"",COLUMN(Champ)*10^5+ROW(INDIRECT("1:"&ROWS(Champ)))),ROWS($2:36)),10^5),INT(SMALL(IF(Champ<>"",COLUMN(Champ)*10^5+ROW(INDIRECT("1:"&ROWS(Champ)))),ROWS($2:36))/10^5)-COLUMN(Champ)+1),""),IF(OFFSET(INDIRECT(CONCATENATE("_",E$7)),Base_Elèves!CA35,0,1,1)="","",OFFSET(INDIRECT(CONCATENATE("_",E$7)),Base_Elèves!CA35,0,1,1))))} -> AKPOURLUI Yann
F43: {=IF($E$7="","",IF($E$7="Toutes",IF(ROWS($2:37)<=COUNTA(Champ),INDEX(Champ,MOD(SMALL(IF(Champ<>"",COLUMN(Champ)*10^5+ROW(INDIRECT("1:"&ROWS(Champ)))),ROWS($2:37)),10^5),INT(SMALL(IF(Champ<>"",COLUMN(Champ)*10^5+ROW(INDIRECT("1:"&ROWS(Champ)))),ROWS($2:37))/10^5)-COLUMN(Champ)+1),""),IF(OFFSET(INDIRECT(CONCATENATE("_",E$7)),Base_Elèves!CA36,0,1,1)="","",OFFSET(INDIRECT(CONCATENATE("_",E$7)),Base_Elèves!CA36,0,1,1))))} -> DIOTTE Ophélie
F44: {=IF($E$7="","",IF($E$7="Toutes",IF(ROWS($2:38)<=COUNTA(Champ),INDEX(Champ,MOD(SMALL(IF(Champ<>"",COLUMN(Champ)*10^5+ROW(INDIRECT("1:"&ROWS(Champ)))),ROWS($2:38)),10^5),INT(SMALL(IF(Champ<>"",COLUMN(Champ)*10^5+ROW(INDIRECT("1:"&ROWS(Champ)))),ROWS($2:38))/10^5)-COLUMN(Champ)+1),""),IF(OFFSET(INDIRECT(CONCATENATE("_",E$7)),Base_Elèves!CA37,0,1,1)="","",OFFSET(INDIRECT(CONCATENATE("_",E$7)),Base_Elèves!CA37,0,1,1))))} -> HITTIQUE Paul
F45: {=IF($E$7="","",IF($E$7="Toutes",IF(ROWS($2:39)<=COUNTA(Champ),INDEX(Champ,MOD(SMALL(IF(Champ<>"",COLUMN(Champ)*10^5+ROW(INDIRECT("1:"&ROWS(Champ)))),ROWS($2:39)),10^5),INT(SMALL(IF(Champ<>"",COLUMN(Champ)*10^5+ROW(INDIRECT("1:"&ROWS(Champ)))),ROWS($2:39))/10^5)-COLUMN(Champ)+1),""),IF(OFFSET(INDIRECT(CONCATENATE("_",E$7)),Base_Elèves!CA38,0,1,1)="","",OFFSET(INDIRECT(CONCATENATE("_",E$7)),Base_Elèves!CA38,0,1,1))))} -> GULA Caleigh
F46: {=IF($E$7="","",IF($E$7="Toutes",IF(ROWS($2:40)<=COUNTA(Champ),INDEX(Champ,MOD(SMALL(IF(Champ<>"",COLUMN(Champ)*10^5+ROW(INDIRECT("1:"&ROWS(Champ)))),ROWS($2:40)),10^5),INT(SMALL(IF(Champ<>"",COLUMN(Champ)*10^5+ROW(INDIRECT("1:"&ROWS(Champ)))),ROWS($2:40))/10^5)-COLUMN(Champ)+1),""),IF(OFFSET(INDIRECT(CONCATENATE("_",E$7)),Base_Elèves!CA39,0,1,1)="","",OFFSET(INDIRECT(CONCATENATE("_",E$7)),Base_Elèves!CA39,0,1,1))))} -> DEY Kelly
F47: {=IF($E$7="","",IF($E$7="Toutes",IF(ROWS($2:41)<=COUNTA(Champ),INDEX(Champ,MOD(SMALL(IF(Champ<>"",COLUMN(Champ)*10^5+ROW(INDIRECT("1:"&ROWS(Champ)))),ROWS($2:41)),10^5),INT(SMALL(IF(Champ<>"",COLUMN(Champ)*10^5+ROW(INDIRECT("1:"&ROWS(Champ)))),ROWS($2:41))/10^5)-COLUMN(Champ)+1),""),IF(OFFSET(INDIRECT(CONCATENATE("_",E$7)),Base_Elèves!CA40,0,1,1)="","",OFFSET(INDIRECT(CONCATENATE("_",E$7)),Base_Elèves!CA40,0,1,1))))} -> CHATERE Tom
F48: {=IF($E$7="","",IF($E$7="Toutes",IF(ROWS($2:42)<=COUNTA(Champ),INDEX(Champ,MOD(SMALL(IF(Champ<>"",COLUMN(Champ)*10^5+ROW(INDIRECT("1:"&ROWS(Champ)))),ROWS($2:42)),10^5),INT(SMALL(IF(Champ<>"",COLUMN(Champ)*10^5+ROW(INDIRECT("1:"&ROWS(Champ)))),ROWS($2:42))/10^5)-COLUMN(Champ)+1),""),IF(OFFSET(INDIRECT(CONCATENATE("_",E$7)),Base_Elèves!CA41,0,1,1)="","",OFFSET(INDIRECT(CONCATENATE("_",E$7)),Base_Elèves!CA41,0,1,1))))} -> ANQUALE Seb
F49: {=IF($E$7="","",IF($E$7="Toutes",IF(ROWS($2:43)<=COUNTA(Champ),INDEX(Champ,MOD(SMALL(IF(Champ<>"",COLUMN(Champ)*10^5+ROW(INDIRECT("1:"&ROWS(Champ)))),ROWS($2:43)),10^5),INT(SMALL(IF(Champ<>"",COLUMN(Champ)*10^5+ROW(INDIRECT("1:"&ROWS(Champ)))),ROWS($2:43))/10^5)-COLUMN(Champ)+1),""),IF(OFFSET(INDIRECT(CONCATENATE("_",E$7)),Base_Elèves!CA42,0,1,1)="","",OFFSET(INDIRECT(CONCATENATE("_",E$7)),Base_Elèves!CA42,0,1,1))))} -> MOLATIN Jean-Pierre
F50: {=IF($E$7="","",IF($E$7="Toutes",IF(ROWS($2:44)<=COUNTA(Champ),INDEX(Champ,MOD(SMALL(IF(Champ<>"",COLUMN(Champ)*10^5+ROW(INDIRECT("1:"&ROWS(Champ)))),ROWS($2:44)),10^5),INT(SMALL(IF(Champ<>"",COLUMN(Champ)*10^5+ROW(INDIRECT("1:"&ROWS(Champ)))),ROWS($2:44))/10^5)-COLUMN(Champ)+1),""),IF(OFFSET(INDIRECT(CONCATENATE("_",E$7)),Base_Elèves!CA43,0,1,1)="","",OFFSET(INDIRECT(CONCATENATE("_",E$7)),Base_Elèves!CA43,0,1,1))))} -> AKPOURLUI Yann
F51: {=IF($E$7="","",IF($E$7="Toutes",IF(ROWS($2:45)<=COUNTA(Champ),INDEX(Champ,MOD(SMALL(IF(Champ<>"",COLUMN(Champ)*10^5+ROW(INDIRECT("1:"&ROWS(Champ)))),ROWS($2:45)),10^5),INT(SMALL(IF(Champ<>"",COLUMN(Champ)*10^5+ROW(INDIRECT("1:"&ROWS(Champ)))),ROWS($2:45))/10^5)-COLUMN(Champ)+1),""),IF(OFFSET(INDIRECT(CONCATENATE("_",E$7)),Base_Elèves!CA44,0,1,1)="","",OFFSET(INDIRECT(CONCATENATE("_",E$7)),Base_Elèves!CA44,0,1,1))))} -> DIOTTE Ophélie
F52: {=IF($E$7="","",IF($E$7="Toutes",IF(ROWS($2:46)<=COUNTA(Champ),INDEX(Champ,MOD(SMALL(IF(Champ<>"",COLUMN(Champ)*10^5+ROW(INDIRECT("1:"&ROWS(Champ)))),ROWS($2:46)),10^5),INT(SMALL(IF(Champ<>"",COLUMN(Champ)*10^5+ROW(INDIRECT("1:"&ROWS(Champ)))),ROWS($2:46))/10^5)-COLUMN(Champ)+1),""),IF(OFFSET(INDIRECT(CONCATENATE("_",E$7)),Base_Elèves!CA45,0,1,1)="","",OFFSET(INDIRECT(CONCATENATE("_",E$7)),Base_Elèves!CA45,0,1,1))))} -> TAFRAISE Théramène
F53: {=IF($E$7="","",IF($E$7="Toutes",IF(ROWS($2:47)<=COUNTA(Champ),INDEX(Champ,MOD(SMALL(IF(Champ<>"",COLUMN(Champ)*10^5+ROW(INDIRECT("1:"&ROWS(Champ)))),ROWS($2:47)),10^5),INT(SMALL(IF(Champ<>"",COLUMN(Champ)*10^5+ROW(INDIRECT("1:"&ROWS(Champ)))),ROWS($2:47))/10^5)-COLUMN(Champ)+1),""),IF(OFFSET(INDIRECT(CONCATENATE("_",E$7)),Base_Elèves!CA46,0,1,1)="","",OFFSET(INDIRECT(CONCATENATE("_",E$7)),Base_Elèves!CA46,0,1,1))))} -> TINOPLE Constant
F54: {=IF($E$7="","",IF($E$7="Toutes",IF(ROWS($2:48)<=COUNTA(Champ),INDEX(Champ,MOD(SMALL(IF(Champ<>"",COLUMN(Champ)*10^5+ROW(INDIRECT("1:"&ROWS(Champ)))),ROWS($2:48)),10^5),INT(SMALL(IF(Champ<>"",COLUMN(Champ)*10^5+ROW(INDIRECT("1:"&ROWS(Champ)))),ROWS($2:48))/10^5)-COLUMN(Champ)+1),""),IF(OFFSET(INDIRECT(CONCATENATE("_",E$7)),Base_Elèves!CA47,0,1,1)="","",OFFSET(INDIRECT(CONCATENATE("_",E$7)),Base_Elèves!CA47,0,1,1))))} -> TISON Paco
F55: {=IF($E$7="","",IF($E$7="Toutes",IF(ROWS($2:49)<=COUNTA(Champ),INDEX(Champ,MOD(SMALL(IF(Champ<>"",COLUMN(Champ)*10^5+ROW(INDIRECT("1:"&ROWS(Champ)))),ROWS($2:49)),10^5),INT(SMALL(IF(Champ<>"",COLUMN(Champ)*10^5+ROW(INDIRECT("1:"&ROWS(Champ)))),ROWS($2:49))/10^5)-COLUMN(Champ)+1),""),IF(OFFSET(INDIRECT(CONCATENATE("_",E$7)),Base_Elèves!CA48,0,1,1)="","",OFFSET(INDIRECT(CONCATENATE("_",E$7)),Base_Elèves!CA48,0,1,1))))} -> TOMBAY Yvon
F56: {=IF($E$7="","",IF($E$7="Toutes",IF(ROWS($2:50)<=COUNTA(Champ),INDEX(Champ,MOD(SMALL(IF(Champ<>"",COLUMN(Champ)*10^5+ROW(INDIRECT("1:"&ROWS(Champ)))),ROWS($2:50)),10^5),INT(SMALL(IF(Champ<>"",COLUMN(Champ)*10^5+ROW(INDIRECT("1:"&ROWS(Champ)))),ROWS($2:50))/10^5)-COLUMN(Champ)+1),""),IF(OFFSET(INDIRECT(CONCATENATE("_",E$7)),Base_Elèves!CA49,0,1,1)="","",OFFSET(INDIRECT(CONCATENATE("_",E$7)),Base_Elèves!CA49,0,1,1))))} -> VIGOTT Sarah
F57: {=IF($E$7="","",IF($E$7="Toutes",IF(ROWS($2:51)<=COUNTA(Champ),INDEX(Champ,MOD(SMALL(IF(Champ<>"",COLUMN(Champ)*10^5+ROW(INDIRECT("1:"&ROWS(Champ)))),ROWS($2:51)),10^5),INT(SMALL(IF(Champ<>"",COLUMN(Champ)*10^5+ROW(INDIRECT("1:"&ROWS(Champ)))),ROWS($2:51))/10^5)-COLUMN(Champ)+1),""),IF(OFFSET(INDIRECT(CONCATENATE("_",E$7)),Base_Elèves!CA50,0,1,1)="","",OFFSET(INDIRECT(CONCATENATE("_",E$7)),Base_Elèves!CA50,0,1,1))))} -> NEYMAR Jean
F58: {=IF($E$7="","",IF($E$7="Toutes",IF(ROWS($2:52)<=COUNTA(Champ),INDEX(Champ,MOD(SMALL(IF(Champ<>"",COLUMN(Champ)*10^5+ROW(INDIRECT("1:"&ROWS(Champ)))),ROWS($2:52)),10^5),INT(SMALL(IF(Champ<>"",COLUMN(Champ)*10^5+ROW(INDIRECT("1:"&ROWS(Champ)))),ROWS($2:52))/10^5)-COLUMN(Champ)+1),""),IF(OFFSET(INDIRECT(CONCATENATE("_",E$7)),Base_Elèves!CA51,0,1,1)="","",OFFSET(INDIRECT(CONCATENATE("_",E$7)),Base_Elèves!CA51,0,1,1))))}
F59: {=IF($E$7="","",IF($E$7="Toutes",IF(ROWS($2:53)<=COUNTA(Champ),INDEX(Champ,MOD(SMALL(IF(Champ<>"",COLUMN(Champ)*10^5+ROW(INDIRECT("1:"&ROWS(Champ)))),ROWS($2:53)),10^5),INT(SMALL(IF(Champ<>"",COLUMN(Champ)*10^5+ROW(INDIRECT("1:"&ROWS(Champ)))),ROWS($2:53))/10^5)-COLUMN(Champ)+1),""),IF(OFFSET(INDIRECT(CONCATENATE("_",E$7)),Base_Elèves!CA52,0,1,1)="","",OFFSET(INDIRECT(CONCATENATE("_",E$7)),Base_Elèves!CA52,0,1,1))))}
F60: {=IF($E$7="","",IF($E$7="Toutes",IF(ROWS($2:54)<=COUNTA(Champ),INDEX(Champ,MOD(SMALL(IF(Champ<>"",COLUMN(Champ)*10^5+ROW(INDIRECT("1:"&ROWS(Champ)))),ROWS($2:54)),10^5),INT(SMALL(IF(Champ<>"",COLUMN(Champ)*10^5+ROW(INDIRECT("1:"&ROWS(Champ)))),ROWS($2:54))/10^5)-COLUMN(Champ)+1),""),IF(OFFSET(INDIRECT(CONCATENATE("_",E$7)),Base_Elèves!CA53,0,1,1)="","",OFFSET(INDIRECT(CONCATENATE("_",E$7)),Base_Elèves!CA53,0,1,1))))}
F61: {=IF($E$7="","",IF($E$7="Toutes",IF(ROWS($2:55)<=COUNTA(Champ),INDEX(Champ,MOD(SMALL(IF(Champ<>"",COLUMN(Champ)*10^5+ROW(INDIRECT("1:"&ROWS(Champ)))),ROWS($2:55)),10^5),INT(SMALL(IF(Champ<>"",COLUMN(Champ)*10^5+ROW(INDIRECT("1:"&ROWS(Champ)))),ROWS($2:55))/10^5)-COLUMN(Champ)+1),""),IF(OFFSET(INDIRECT(CONCATENATE("_",E$7)),Base_Elèves!CA54,0,1,1)="","",OFFSET(INDIRECT(CONCATENATE("_",E$7)),Base_Elèves!CA54,0,1,1))))}
F62: {=IF($E$7="","",IF($E$7="Toutes",IF(ROWS($2:56)<=COUNTA(Champ),INDEX(Champ,MOD(SMALL(IF(Champ<>"",COLUMN(Champ)*10^5+ROW(INDIRECT("1:"&ROWS(Champ)))),ROWS($2:56)),10^5),INT(SMALL(IF(Champ<>"",COLUMN(Champ)*10^5+ROW(INDIRECT("1:"&ROWS(Champ)))),ROWS($2:56))/10^5)-COLUMN(Champ)+1),""),IF(OFFSET(INDIRECT(CONCATENATE("_",E$7)),Base_Elèves!CA55,0,1,1)="","",OFFSET(INDIRECT(CONCATENATE("_",E$7)),Base_Elèves!CA55,0,1,1))))}
F63: {=IF($E$7="","",IF($E$7="Toutes",IF(ROWS($2:57)<=COUNTA(Champ),INDEX(Champ,MOD(SMALL(IF(Champ<>"",COLUMN(Champ)*10^5+ROW(INDIRECT("1:"&ROWS(Champ)))),ROWS($2:57)),10^5),INT(SMALL(IF(Champ<>"",COLUMN(Champ)*10^5+ROW(INDIRECT("1:"&ROWS(Champ)))),ROWS($2:57))/10^5)-COLUMN(Champ)+1),""),IF(OFFSET(INDIRECT(CONCATENATE("_",E$7)),Base_Elèves!CA56,0,1,1)="","",OFFSET(INDIRECT(CONCATENATE("_",E$7)),Base_Elèves!CA56,0,1,1))))}
F64: {=IF($E$7="","",IF($E$7="Toutes",IF(ROWS($2:58)<=COUNTA(Champ),INDEX(Champ,MOD(SMALL(IF(Champ<>"",COLUMN(Champ)*10^5+ROW(INDIRECT("1:"&ROWS(Champ)))),ROWS($2:58)),10^5),INT(SMALL(IF(Champ<>"",COLUMN(Champ)*10^5+ROW(INDIRECT("1:"&ROWS(Champ)))),ROWS($2:58))/10^5)-COLUMN(Champ)+1),""),IF(OFFSET(INDIRECT(CONCATENATE("_",E$7)),Base_Elèves!CA57,0,1,1)="","",OFFSET(INDIRECT(CONCATENATE("_",E$7)),Base_Elèves!CA57,0,1,1))))}
F65: {=IF($E$7="","",IF($E$7="Toutes",IF(ROWS($2:59)<=COUNTA(Champ),INDEX(Champ,MOD(SMALL(IF(Champ<>"",COLUMN(Champ)*10^5+ROW(INDIRECT("1:"&ROWS(Champ)))),ROWS($2:59)),10^5),INT(SMALL(IF(Champ<>"",COLUMN(Champ)*10^5+ROW(INDIRECT("1:"&ROWS(Champ)))),ROWS($2:59))/10^5)-COLUMN(Champ)+1),""),IF(OFFSET(INDIRECT(CONCATENATE("_",E$7)),Base_Elèves!CA58,0,1,1)="","",OFFSET(INDIRECT(CONCATENATE("_",E$7)),Base_Elèves!CA58,0,1,1))))}
F66: {=IF($E$7="","",IF($E$7="Toutes",IF(ROWS($2:60)<=COUNTA(Champ),INDEX(Champ,MOD(SMALL(IF(Champ<>"",COLUMN(Champ)*10^5+ROW(INDIRECT("1:"&ROWS(Champ)))),ROWS($2:60)),10^5),INT(SMALL(IF(Champ<>"",COLUMN(Champ)*10^5+ROW(INDIRECT("1:"&ROWS(Champ)))),ROWS($2:60))/10^5)-COLUMN(Champ)+1),""),IF(OFFSET(INDIRECT(CONCATENATE("_",E$7)),Base_Elèves!CA59,0,1,1)="","",OFFSET(INDIRECT(CONCATENATE("_",E$7)),Base_Elèves!CA59,0,1,1))))}
F67: {=IF($E$7="","",IF($E$7="Toutes",IF(ROWS($2:61)<=COUNTA(Champ),INDEX(Champ,MOD(SMALL(IF(Champ<>"",COLUMN(Champ)*10^5+ROW(INDIRECT("1:"&ROWS(Champ)))),ROWS($2:61)),10^5),INT(SMALL(IF(Champ<>"",COLUMN(Champ)*10^5+ROW(INDIRECT("1:"&ROWS(Champ)))),ROWS($2:61))/10^5)-COLUMN(Champ)+1),""),IF(OFFSET(INDIRECT(CONCATENATE("_",E$7)),Base_Elèves!CA60,0,1,1)="","",OFFSET(INDIRECT(CONCATENATE("_",E$7)),Base_Elèves!CA60,0,1,1))))}
F68: {=IF($E$7="","",IF($E$7="Toutes",IF(ROWS($2:62)<=COUNTA(Champ),INDEX(Champ,MOD(SMALL(IF(Champ<>"",COLUMN(Champ)*10^5+ROW(INDIRECT("1:"&ROWS(Champ)))),ROWS($2:62)),10^5),INT(SMALL(IF(Champ<>"",COLUMN(Champ)*10^5+ROW(INDIRECT("1:"&ROWS(Champ)))),ROWS($2:62))/10^5)-COLUMN(Champ)+1),""),IF(OFFSET(INDIRECT(CONCATENATE("_",E$7)),Base_Elèves!CA61,0,1,1)="","",OFFSET(INDIRECT(CONCATENATE("_",E$7)),Base_Elèves!CA61,0,1,1))))}
F69: {=IF($E$7="","",IF($E$7="Toutes",IF(ROWS($2:63)<=COUNTA(Champ),INDEX(Champ,MOD(SMALL(IF(Champ<>"",COLUMN(Champ)*10^5+ROW(INDIRECT("1:"&ROWS(Champ)))),ROWS($2:63)),10^5),INT(SMALL(IF(Champ<>"",COLUMN(Champ)*10^5+ROW(INDIRECT("1:"&ROWS(Champ)))),ROWS($2:63))/10^5)-COLUMN(Champ)+1),""),IF(OFFSET(INDIRECT(CONCATENATE("_",E$7)),Base_Elèves!CA62,0,1,1)="","",OFFSET(INDIRECT(CONCATENATE("_",E$7)),Base_Elèves!CA62,0,1,1))))}
F70: {=IF($E$7="","",IF($E$7="Toutes",IF(ROWS($2:64)<=COUNTA(Champ),INDEX(Champ,MOD(SMALL(IF(Champ<>"",COLUMN(Champ)*10^5+ROW(INDIRECT("1:"&ROWS(Champ)))),ROWS($2:64)),10^5),INT(SMALL(IF(Champ<>"",COLUMN(Champ)*10^5+ROW(INDIRECT("1:"&ROWS(Champ)))),ROWS($2:64))/10^5)-COLUMN(Champ)+1),""),IF(OFFSET(INDIRECT(CONCATENATE("_",E$7)),Base_Elèves!CA63,0,1,1)="","",OFFSET(INDIRECT(CONCATENATE("_",E$7)),Base_Elèves!CA63,0,1,1))))}
F71: {=IF($E$7="","",IF($E$7="Toutes",IF(ROWS($2:65)<=COUNTA(Champ),INDEX(Champ,MOD(SMALL(IF(Champ<>"",COLUMN(Champ)*10^5+ROW(INDIRECT("1:"&ROWS(Champ)))),ROWS($2:65)),10^5),INT(SMALL(IF(Champ<>"",COLUMN(Champ)*10^5+ROW(INDIRECT("1:"&ROWS(Champ)))),ROWS($2:65))/10^5)-COLUMN(Champ)+1),""),IF(OFFSET(INDIRECT(CONCATENATE("_",E$7)),Base_Elèves!CA64,0,1,1)="","",OFFSET(INDIRECT(CONCATENATE("_",E$7)),Base_Elèves!CA64,0,1,1))))}
F72: {=IF($E$7="","",IF($E$7="Toutes",IF(ROWS($2:66)<=COUNTA(Champ),INDEX(Champ,MOD(SMALL(IF(Champ<>"",COLUMN(Champ)*10^5+ROW(INDIRECT("1:"&ROWS(Champ)))),ROWS($2:66)),10^5),INT(SMALL(IF(Champ<>"",COLUMN(Champ)*10^5+ROW(INDIRECT("1:"&ROWS(Champ)))),ROWS($2:66))/10^5)-COLUMN(Champ)+1),""),IF(OFFSET(INDIRECT(CONCATENATE("_",E$7)),Base_Elèves!CA65,0,1,1)="","",OFFSET(INDIRECT(CONCATENATE("_",E$7)),Base_Elèves!CA65,0,1,1))))}
F73: {=IF($E$7="","",IF($E$7="Toutes",IF(ROWS($2:67)<=COUNTA(Champ),INDEX(Champ,MOD(SMALL(IF(Champ<>"",COLUMN(Champ)*10^5+ROW(INDIRECT("1:"&ROWS(Champ)))),ROWS($2:67)),10^5),INT(SMALL(IF(Champ<>"",COLUMN(Champ)*10^5+ROW(INDIRECT("1:"&ROWS(Champ)))),ROWS($2:67))/10^5)-COLUMN(Champ)+1),""),IF(OFFSET(INDIRECT(CONCATENATE("_",E$7)),Base_Elèves!CA66,0,1,1)="","",OFFSET(INDIRECT(CONCATENATE("_",E$7)),Base_Elèves!CA66,0,1,1))))}
F74: {=IF($E$7="","",IF($E$7="Toutes",IF(ROWS($2:68)<=COUNTA(Champ),INDEX(Champ,MOD(SMALL(IF(Champ<>"",COLUMN(Champ)*10^5+ROW(INDIRECT("1:"&ROWS(Champ)))),ROWS($2:68)),10^5),INT(SMALL(IF(Champ<>"",COLUMN(Champ)*10^5+ROW(INDIRECT("1:"&ROWS(Champ)))),ROWS($2:68))/10^5)-COLUMN(Champ)+1),""),IF(OFFSET(INDIRECT(CONCATENATE("_",E$7)),Base_Elèves!CA67,0,1,1)="","",OFFSET(INDIRECT(CONCATENATE("_",E$7)),Base_Elèves!CA67,0,1,1))))}
F75: {=IF($E$7="","",IF($E$7="Toutes",IF(ROWS($2:69)<=COUNTA(Champ),INDEX(Champ,MOD(SMALL(IF(Champ<>"",COLUMN(Champ)*10^5+ROW(INDIRECT("1:"&ROWS(Champ)))),ROWS($2:69)),10^5),INT(SMALL(IF(Champ<>"",COLUMN(Champ)*10^5+ROW(INDIRECT("1:"&ROWS(Champ)))),ROWS($2:69))/10^5)-COLUMN(Champ)+1),""),IF(OFFSET(INDIRECT(CONCATENATE("_",E$7)),Base_Elèves!CA68,0,1,1)="","",OFFSET(INDIRECT(CONCATENATE("_",E$7)),Base_Elèves!CA68,0,1,1))))}
F76: {=IF($E$7="","",IF($E$7="Toutes",IF(ROWS($2:70)<=COUNTA(Champ),INDEX(Champ,MOD(SMALL(IF(Champ<>"",COLUMN(Champ)*10^5+ROW(INDIRECT("1:"&ROWS(Champ)))),ROWS($2:70)),10^5),INT(SMALL(IF(Champ<>"",COLUMN(Champ)*10^5+ROW(INDIRECT("1:"&ROWS(Champ)))),ROWS($2:70))/10^5)-COLUMN(Champ)+1),""),IF(OFFSET(INDIRECT(CONCATENATE("_",E$7)),Base_Elèves!CA69,0,1,1)="","",OFFSET(INDIRECT(CONCATENATE("_",E$7)),Base_Elèves!CA69,0,1,1))))}
F77: {=IF($E$7="","",IF($E$7="Toutes",IF(ROWS($2:71)<=COUNTA(Champ),INDEX(Champ,MOD(SMALL(IF(Champ<>"",COLUMN(Champ)*10^5+ROW(INDIRECT("1:"&ROWS(Champ)))),ROWS($2:71)),10^5),INT(SMALL(IF(Champ<>"",COLUMN(Champ)*10^5+ROW(INDIRECT("1:"&ROWS(Champ)))),ROWS($2:71))/10^5)-COLUMN(Champ)+1),""),IF(OFFSET(INDIRECT(CONCATENATE("_",E$7)),Base_Elèves!CA70,0,1,1)="","",OFFSET(INDIRECT(CONCATENATE("_",E$7)),Base_Elèves!CA70,0,1,1))))}
F78: {=IF($E$7="","",IF($E$7="Toutes",IF(ROWS($2:72)<=COUNTA(Champ),INDEX(Champ,MOD(SMALL(IF(Champ<>"",COLUMN(Champ)*10^5+ROW(INDIRECT("1:"&ROWS(Champ)))),ROWS($2:72)),10^5),INT(SMALL(IF(Champ<>"",COLUMN(Champ)*10^5+ROW(INDIRECT("1:"&ROWS(Champ)))),ROWS($2:72))/10^5)-COLUMN(Champ)+1),""),IF(OFFSET(INDIRECT(CONCATENATE("_",E$7)),Base_Elèves!CA71,0,1,1)="","",OFFSET(INDIRECT(CONCATENATE("_",E$7)),Base_Elèves!CA71,0,1,1))))}
F79: {=IF($E$7="","",IF($E$7="Toutes",IF(ROWS($2:73)<=COUNTA(Champ),INDEX(Champ,MOD(SMALL(IF(Champ<>"",COLUMN(Champ)*10^5+ROW(INDIRECT("1:"&ROWS(Champ)))),ROWS($2:73)),10^5),INT(SMALL(IF(Champ<>"",COLUMN(Champ)*10^5+ROW(INDIRECT("1:"&ROWS(Champ)))),ROWS($2:73))/10^5)-COLUMN(Champ)+1),""),IF(OFFSET(INDIRECT(CONCATENATE("_",E$7)),Base_Elèves!CA72,0,1,1)="","",OFFSET(INDIRECT(CONCATENATE("_",E$7)),Base_Elèves!CA72,0,1,1))))}
F80: {=IF($E$7="","",IF($E$7="Toutes",IF(ROWS($2:74)<=COUNTA(Champ),INDEX(Champ,MOD(SMALL(IF(Champ<>"",COLUMN(Champ)*10^5+ROW(INDIRECT("1:"&ROWS(Champ)))),ROWS($2:74)),10^5),INT(SMALL(IF(Champ<>"",COLUMN(Champ)*10^5+ROW(INDIRECT("1:"&ROWS(Champ)))),ROWS($2:74))/10^5)-COLUMN(Champ)+1),""),IF(OFFSET(INDIRECT(CONCATENATE("_",E$7)),Base_Elèves!CA73,0,1,1)="","",OFFSET(INDIRECT(CONCATENATE("_",E$7)),Base_Elèves!CA73,0,1,1))))}
F81: {=IF($E$7="","",IF($E$7="Toutes",IF(ROWS($2:75)<=COUNTA(Champ),INDEX(Champ,MOD(SMALL(IF(Champ<>"",COLUMN(Champ)*10^5+ROW(INDIRECT("1:"&ROWS(Champ)))),ROWS($2:75)),10^5),INT(SMALL(IF(Champ<>"",COLUMN(Champ)*10^5+ROW(INDIRECT("1:"&ROWS(Champ)))),ROWS($2:75))/10^5)-COLUMN(Champ)+1),""),IF(OFFSET(INDIRECT(CONCATENATE("_",E$7)),Base_Elèves!CA74,0,1,1)="","",OFFSET(INDIRECT(CONCATENATE("_",E$7)),Base_Elèves!CA74,0,1,1))))}
F82: {=IF($E$7="","",IF($E$7="Toutes",IF(ROWS($2:76)<=COUNTA(Champ),INDEX(Champ,MOD(SMALL(IF(Champ<>"",COLUMN(Champ)*10^5+ROW(INDIRECT("1:"&ROWS(Champ)))),ROWS($2:76)),10^5),INT(SMALL(IF(Champ<>"",COLUMN(Champ)*10^5+ROW(INDIRECT("1:"&ROWS(Champ)))),ROWS($2:76))/10^5)-COLUMN(Champ)+1),""),IF(OFFSET(INDIRECT(CONCATENATE("_",E$7)),Base_Elèves!CA75,0,1,1)="","",OFFSET(INDIRECT(CONCATENATE("_",E$7)),Base_Elèves!CA75,0,1,1))))}
F83: {=IF($E$7="","",IF($E$7="Toutes",IF(ROWS($2:77)<=COUNTA(Champ),INDEX(Champ,MOD(SMALL(IF(Champ<>"",COLUMN(Champ)*10^5+ROW(INDIRECT("1:"&ROWS(Champ)))),ROWS($2:77)),10^5),INT(SMALL(IF(Champ<>"",COLUMN(Champ)*10^5+ROW(INDIRECT("1:"&ROWS(Champ)))),ROWS($2:77))/10^5)-COLUMN(Champ)+1),""),IF(OFFSET(INDIRECT(CONCATENATE("_",E$7)),Base_Elèves!CA76,0,1,1)="","",OFFSET(INDIRECT(CONCATENATE("_",E$7)),Base_Elèves!CA76,0,1,1))))}
F84: {=IF($E$7="","",IF($E$7="Toutes",IF(ROWS($2:78)<=COUNTA(Champ),INDEX(Champ,MOD(SMALL(IF(Champ<>"",COLUMN(Champ)*10^5+ROW(INDIRECT("1:"&ROWS(Champ)))),ROWS($2:78)),10^5),INT(SMALL(IF(Champ<>"",COLUMN(Champ)*10^5+ROW(INDIRECT("1:"&ROWS(Champ)))),ROWS($2:78))/10^5)-COLUMN(Champ)+1),""),IF(OFFSET(INDIRECT(CONCATENATE("_",E$7)),Base_Elèves!CA77,0,1,1)="","",OFFSET(INDIRECT(CONCATENATE("_",E$7)),Base_Elèves!CA77,0,1,1))))}
F85: {=IF($E$7="","",IF($E$7="Toutes",IF(ROWS($2:79)<=COUNTA(Champ),INDEX(Champ,MOD(SMALL(IF(Champ<>"",COLUMN(Champ)*10^5+ROW(INDIRECT("1:"&ROWS(Champ)))),ROWS($2:79)),10^5),INT(SMALL(IF(Champ<>"",COLUMN(Champ)*10^5+ROW(INDIRECT("1:"&ROWS(Champ)))),ROWS($2:79))/10^5)-COLUMN(Champ)+1),""),IF(OFFSET(INDIRECT(CONCATENATE("_",E$7)),Base_Elèves!CA78,0,1,1)="","",OFFSET(INDIRECT(CONCATENATE("_",E$7)),Base_Elèves!CA78,0,1,1))))}
F86: {=IF($E$7="","",IF($E$7="Toutes",IF(ROWS($2:80)<=COUNTA(Champ),INDEX(Champ,MOD(SMALL(IF(Champ<>"",COLUMN(Champ)*10^5+ROW(INDIRECT("1:"&ROWS(Champ)))),ROWS($2:80)),10^5),INT(SMALL(IF(Champ<>"",COLUMN(Champ)*10^5+ROW(INDIRECT("1:"&ROWS(Champ)))),ROWS($2:80))/10^5)-COLUMN(Champ)+1),""),IF(OFFSET(INDIRECT(CONCATENATE("_",E$7)),Base_Elèves!CA79,0,1,1)="","",OFFSET(INDIRECT(CONCATENATE("_",E$7)),Base_Elèves!CA79,0,1,1))))}
F87: {=IF($E$7="","",IF($E$7="Toutes",IF(ROWS($2:81)<=COUNTA(Champ),INDEX(Champ,MOD(SMALL(IF(Champ<>"",COLUMN(Champ)*10^5+ROW(INDIRECT("1:"&ROWS(Champ)))),ROWS($2:81)),10^5),INT(SMALL(IF(Champ<>"",COLUMN(Champ)*10^5+ROW(INDIRECT("1:"&ROWS(Champ)))),ROWS($2:81))/10^5)-COLUMN(Champ)+1),""),IF(OFFSET(INDIRECT(CONCATENATE("_",E$7)),Base_Elèves!CA80,0,1,1)="","",OFFSET(INDIRECT(CONCATENATE("_",E$7)),Base_Elèves!CA80,0,1,1))))}
F88: {=IF($E$7="","",IF($E$7="Toutes",IF(ROWS($2:82)<=COUNTA(Champ),INDEX(Champ,MOD(SMALL(IF(Champ<>"",COLUMN(Champ)*10^5+ROW(INDIRECT("1:"&ROWS(Champ)))),ROWS($2:82)),10^5),INT(SMALL(IF(Champ<>"",COLUMN(Champ)*10^5+ROW(INDIRECT("1:"&ROWS(Champ)))),ROWS($2:82))/10^5)-COLUMN(Champ)+1),""),IF(OFFSET(INDIRECT(CONCATENATE("_",E$7)),Base_Elèves!CA81,0,1,1)="","",OFFSET(INDIRECT(CONCATENATE("_",E$7)),Base_Elèves!CA81,0,1,1))))}
F89: {=IF($E$7="","",IF($E$7="Toutes",IF(ROWS($2:83)<=COUNTA(Champ),INDEX(Champ,MOD(SMALL(IF(Champ<>"",COLUMN(Champ)*10^5+ROW(INDIRECT("1:"&ROWS(Champ)))),ROWS($2:83)),10^5),INT(SMALL(IF(Champ<>"",COLUMN(Champ)*10^5+ROW(INDIRECT("1:"&ROWS(Champ)))),ROWS($2:83))/10^5)-COLUMN(Champ)+1),""),IF(OFFSET(INDIRECT(CONCATENATE("_",E$7)),Base_Elèves!CA82,0,1,1)="","",OFFSET(INDIRECT(CONCATENATE("_",E$7)),Base_Elèves!CA82,0,1,1))))}
F90: {=IF($E$7="","",IF($E$7="Toutes",IF(ROWS($2:84)<=COUNTA(Champ),INDEX(Champ,MOD(SMALL(IF(Champ<>"",COLUMN(Champ)*10^5+ROW(INDIRECT("1:"&ROWS(Champ)))),ROWS($2:84)),10^5),INT(SMALL(IF(Champ<>"",COLUMN(Champ)*10^5+ROW(INDIRECT("1:"&ROWS(Champ)))),ROWS($2:84))/10^5)-COLUMN(Champ)+1),""),IF(OFFSET(INDIRECT(CONCATENATE("_",E$7)),Base_Elèves!CA83,0,1,1)="","",OFFSET(INDIRECT(CONCATENATE("_",E$7)),Base_Elèves!CA83,0,1,1))))}
F91: {=IF($E$7="","",IF($E$7="Toutes",IF(ROWS($2:85)<=COUNTA(Champ),INDEX(Champ,MOD(SMALL(IF(Champ<>"",COLUMN(Champ)*10^5+ROW(INDIRECT("1:"&ROWS(Champ)))),ROWS($2:85)),10^5),INT(SMALL(IF(Champ<>"",COLUMN(Champ)*10^5+ROW(INDIRECT("1:"&ROWS(Champ)))),ROWS($2:85))/10^5)-COLUMN(Champ)+1),""),IF(OFFSET(INDIRECT(CONCATENATE("_",E$7)),Base_Elèves!CA84,0,1,1)="","",OFFSET(INDIRECT(CONCATENATE("_",E$7)),Base_Elèves!CA84,0,1,1))))}
F92: {=IF($E$7="","",IF($E$7="Toutes",IF(ROWS($2:86)<=COUNTA(Champ),INDEX(Champ,MOD(SMALL(IF(Champ<>"",COLUMN(Champ)*10^5+ROW(INDIRECT("1:"&ROWS(Champ)))),ROWS($2:86)),10^5),INT(SMALL(IF(Champ<>"",COLUMN(Champ)*10^5+ROW(INDIRECT("1:"&ROWS(Champ)))),ROWS($2:86))/10^5)-COLUMN(Champ)+1),""),IF(OFFSET(INDIRECT(CONCATENATE("_",E$7)),Base_Elèves!CA85,0,1,1)="","",OFFSET(INDIRECT(CONCATENATE("_",E$7)),Base_Elèves!CA85,0,1,1))))}
F93: {=IF($E$7="","",IF($E$7="Toutes",IF(ROWS($2:87)<=COUNTA(Champ),INDEX(Champ,MOD(SMALL(IF(Champ<>"",COLUMN(Champ)*10^5+ROW(INDIRECT("1:"&ROWS(Champ)))),ROWS($2:87)),10^5),INT(SMALL(IF(Champ<>"",COLUMN(Champ)*10^5+ROW(INDIRECT("1:"&ROWS(Champ)))),ROWS($2:87))/10^5)-COLUMN(Champ)+1),""),IF(OFFSET(INDIRECT(CONCATENATE("_",E$7)),Base_Elèves!CA86,0,1,1)="","",OFFSET(INDIRECT(CONCATENATE("_",E$7)),Base_Elèves!CA86,0,1,1))))}
F94: {=IF($E$7="","",IF($E$7="Toutes",IF(ROWS($2:88)<=COUNTA(Champ),INDEX(Champ,MOD(SMALL(IF(Champ<>"",COLUMN(Champ)*10^5+ROW(INDIRECT("1:"&ROWS(Champ)))),ROWS($2:88)),10^5),INT(SMALL(IF(Champ<>"",COLUMN(Champ)*10^5+ROW(INDIRECT("1:"&ROWS(Champ)))),ROWS($2:88))/10^5)-COLUMN(Champ)+1),""),IF(OFFSET(INDIRECT(CONCATENATE("_",E$7)),Base_Elèves!CA87,0,1,1)="","",OFFSET(INDIRECT(CONCATENATE("_",E$7)),Base_Elèves!CA87,0,1,1))))}
F95: {=IF($E$7="","",IF($E$7="Toutes",IF(ROWS($2:89)<=COUNTA(Champ),INDEX(Champ,MOD(SMALL(IF(Champ<>"",COLUMN(Champ)*10^5+ROW(INDIRECT("1:"&ROWS(Champ)))),ROWS($2:89)),10^5),INT(SMALL(IF(Champ<>"",COLUMN(Champ)*10^5+ROW(INDIRECT("1:"&ROWS(Champ)))),ROWS($2:89))/10^5)-COLUMN(Champ)+1),""),IF(OFFSET(INDIRECT(CONCATENATE("_",E$7)),Base_Elèves!CA88,0,1,1)="","",OFFSET(INDIRECT(CONCATENATE("_",E$7)),Base_Elèves!CA88,0,1,1))))}
F96: {=IF($E$7="","",IF($E$7="Toutes",IF(ROWS($2:90)<=COUNTA(Champ),INDEX(Champ,MOD(SMALL(IF(Champ<>"",COLUMN(Champ)*10^5+ROW(INDIRECT("1:"&ROWS(Champ)))),ROWS($2:90)),10^5),INT(SMALL(IF(Champ<>"",COLUMN(Champ)*10^5+ROW(INDIRECT("1:"&ROWS(Champ)))),ROWS($2:90))/10^5)-COLUMN(Champ)+1),""),IF(OFFSET(INDIRECT(CONCATENATE("_",E$7)),Base_Elèves!CA89,0,1,1)="","",OFFSET(INDIRECT(CONCATENATE("_",E$7)),Base_Elèves!CA89,0,1,1))))}
F97: {=IF($E$7="","",IF($E$7="Toutes",IF(ROWS($2:91)<=COUNTA(Champ),INDEX(Champ,MOD(SMALL(IF(Champ<>"",COLUMN(Champ)*10^5+ROW(INDIRECT("1:"&ROWS(Champ)))),ROWS($2:91)),10^5),INT(SMALL(IF(Champ<>"",COLUMN(Champ)*10^5+ROW(INDIRECT("1:"&ROWS(Champ)))),ROWS($2:91))/10^5)-COLUMN(Champ)+1),""),IF(OFFSET(INDIRECT(CONCATENATE("_",E$7)),Base_Elèves!CA90,0,1,1)="","",OFFSET(INDIRECT(CONCATENATE("_",E$7)),Base_Elèves!CA90,0,1,1))))}
F98: {=IF($E$7="","",IF($E$7="Toutes",IF(ROWS($2:92)<=COUNTA(Champ),INDEX(Champ,MOD(SMALL(IF(Champ<>"",COLUMN(Champ)*10^5+ROW(INDIRECT("1:"&ROWS(Champ)))),ROWS($2:92)),10^5),INT(SMALL(IF(Champ<>"",COLUMN(Champ)*10^5+ROW(INDIRECT("1:"&ROWS(Champ)))),ROWS($2:92))/10^5)-COLUMN(Champ)+1),""),IF(OFFSET(INDIRECT(CONCATENATE("_",E$7)),Base_Elèves!CA91,0,1,1)="","",OFFSET(INDIRECT(CONCATENATE("_",E$7)),Base_Elèves!CA91,0,1,1))))}
F99: {=IF($E$7="","",IF($E$7="Toutes",IF(ROWS($2:93)<=COUNTA(Champ),INDEX(Champ,MOD(SMALL(IF(Champ<>"",COLUMN(Champ)*10^5+ROW(INDIRECT("1:"&ROWS(Champ)))),ROWS($2:93)),10^5),INT(SMALL(IF(Champ<>"",COLUMN(Champ)*10^5+ROW(INDIRECT("1:"&ROWS(Champ)))),ROWS($2:93))/10^5)-COLUMN(Champ)+1),""),IF(OFFSET(INDIRECT(CONCATENATE("_",E$7)),Base_Elèves!CA92,0,1,1)="","",OFFSET(INDIRECT(CONCATENATE("_",E$7)),Base_Elèves!CA92,0,1,1))))}
F100: {=IF($E$7="","",IF($E$7="Toutes",IF(ROWS($2:94)<=COUNTA(Champ),INDEX(Champ,MOD(SMALL(IF(Champ<>"",COLUMN(Champ)*10^5+ROW(INDIRECT("1:"&ROWS(Champ)))),ROWS($2:94)),10^5),INT(SMALL(IF(Champ<>"",COLUMN(Champ)*10^5+ROW(INDIRECT("1:"&ROWS(Champ)))),ROWS($2:94))/10^5)-COLUMN(Champ)+1),""),IF(OFFSET(INDIRECT(CONCATENATE("_",E$7)),Base_Elèves!CA93,0,1,1)="","",OFFSET(INDIRECT(CONCATENATE("_",E$7)),Base_Elèves!CA93,0,1,1))))}
...

Sheet Base_Evaluation
A1: Niveau | B1: Trimestre | C1: Niveau CECRL | E1: Pts Max | G1: Coeff | H1: Total | J1: Pts Max | L1: Coeff | M1: Total | O1: Pts Max | Q1: Coeff | R1: Total | T1: Pts Max | V1: Coeff | W1: Total | Y1: Pts Max | AA1: Coeff | AB1: Total | AD1: Pts Max | AF1: Coeff | AG1: Total | AI1: Pts Max | AK1: Coeff | AL1: Total | AN1: Pts Max | AP1: Coeff | AQ1: Total | AS1: Pts Max | AU1: Coeff | AV1: Total | AX1: Pts Max | AZ1: Coeff | BA1: Total | BF1: Coefficient | BH1: =IF(SUM($CG$5:$CK$5)=0,"",IF($BI$3>$BJ$3,1.5,IF($BI$3<$BJ$3,0.5,1))) | CG1: =IF(SUM($CG$5:$CK$5)=0,"",CONCATENATE(CG2,"%")) | CI1: =IF(SUM($CG$5:$CK$5)=0,"",CONCATENATE(CI2,"%")) | CJ1: =IF(SUM($CG$5:$CK$5)=0,"",CONCATENATE(CJ2,"%")) | CK1: =IF(SUM($CG$5:$CK$5)=0,"",CONCATENATE(CK2,"%"))
CG2: =IF(SUM(CG$5:CJ$5)=0,"",ROUND(100/SUM($CG$5:$CK$5)*CG$5,1)) | CI2: =IF(SUM($CG$5:$CK$5)=0,"",ROUND(100/SUM($CG5:$CK5)*CI5,1)) | CJ2: =IF(SUM($CG$5:$CK$5)=0,"",ROUND(100/SUM($CG5:$CK5)*CJ5,1)) | CK2: =IF(SUM($CG$5:$CK$5)=0,"",ROUND(100/SUM($CG5:$CK5)*CK5,1))
E3: 4 | F3: =IF(D1="","",MATCH(D1,Base_Classes_Niveaux!$A$27:$A$35,0)) | G3: =IF(D1="","",IF(D1<$BH$4,0.5,IF(D1>$BH$4,1.5,1))) | H3: =IF(D1="","",E3*G3) | J3: 4 | K3: =IF(I1="","",MATCH(I1,Base_Classes_Niveaux!$A$27:$A$35,0)) | L3: =IF(I1="","",IF(I1<$BH$4,0.5,IF(I1>$BH$4,1.5,1))) | M3: =IF(I1="","",J3*L3) | O3: 4 | P3: =IF(N1="","",MATCH(N1,Base_Classes_Niveaux!$A$27:$A$35,0)) | Q3: =IF(N1="","",IF(N1<$BH$4,0.5,IF(N1>$BH$4,1.5,1))) | R3: =IF(N1="","",O3*Q3) | T3: 4 | U3: =IF(S1="","",MATCH(S1,Base_Classes_Niveaux!$A$27:$A$35,0)) | V3: =IF(S1="","",IF(S1<$BH$4,0.5,IF(S1>$BH$4,1.5,1))) | W3: =IF(S1="","",T3*V3) | Y3: 4 | Z3: =IF(X1="","",MATCH(X1,Base_Classes_Niveaux!$A$27:$A$35,0)) | AA3: =IF(X1="","",IF(X1<$BH$4,0.5,IF(X1>$BH$4,1.5,1))) | AB3: =IF(X1="","",Y3*AA3) | AD3: 4 | AE3: =IF(AC1="","",MATCH(AC1,Base_Classes_Niveaux!$A$27:$A$35,0)) | AF3: =IF(AC1="","",IF(AC1<$BH$4,0.5,IF(AC1>$BH$4,1.5,1))) | AG3: =IF(AC1="","",AD3*AF3) | AI3: 4 | AJ3: =IF(AH1="","",MATCH(AH1,Base_Classes_Niveaux!$A$27:$A$35,0)) | AK3: =IF(AH1="","",IF(AH1<$BH$4,0.5,IF(AH1>$BH$4,1.5,1))) | AL3: =IF(AH1="","",AI3*AK3) | AN3: 4 | AO3: =IF(AM1="","",MATCH(AM1,Base_Classes_Niveaux!$A$27:$A$35,0)) | AP3: =IF(AM1="","",IF(AM1<$BH$4,0.5,IF(AM1>$BH$4,1.5,1))) | AQ3: =IF(AM1="","",AN3*AP3) | AS3: 4 | AT3: =IF(AR1="","",MATCH(AR1,Base_Classes_Niveaux!$A$27:$A$35,0)) | AU3: =IF(AR1="","",IF(AR1<$BH$4,0.5,IF(AR1>$BH$4,1.5,1))) | AV3: =IF(AR1="","",AS3*AU3) | AX3: 4 | AY3: =IF(AW1="","",MATCH(AW1,Base_Classes_Niveaux!$A$27:$A$35,0)) | AZ3: =IF(AW1="","",IF(AW1<$BH$4,0.5,IF(AW1>$BH$4,1.5,1))) | BA3: =IF(AW1="","",AX3*AZ3) | BB3: =IF(OR(AY6="",AZ6=""),"",IF(CONCATENATE($B$5,$AZ$6,$AY$6)="LV2T14",8,IF(CONCATENATE($B$5,$AZ$6,$AY$6)="LV2T24",9,IF(CONCATENATE($B$5,$AZ$6,$AY$6)="LV2T34",10,IF(CONCATENATE($B$5,$AZ$6,$AY$6)="LV2T13",11,IF(CONCATENATE($B$5,$AZ$6,$AY$6)="LV2T23",12,IF(CONCATENATE($B$5,$AZ$6,$AY$6)="LV2T33",13,"Gros Naze"))))))) | BF3: Niveau évaluation | BH3: Niveau Cible | BI3: =IF($BF$4="","",MATCH($BF$4,Niveaux_Détaillés,0)) | BJ3: =IF($BH$4="","",MATCH($BH$4,Niveaux_Détaillés,0)) | CG3: B1 | CI3: A2 | CJ3: A1 | CK3: A1___Primaire
A4: Matière | B4: LV1/LV2 | BF4: =IF(SUM($CG5:$CK5)=0,"",IF($CG2>75,"B1",IF(AND($CG2<=75,$CG2>25),"B1-",IF(AND($CG2<>0,$CG2<=25,$CI2>75),"A2+",IF($CI2>75,"A2",IF(AND($CI2<=75,$CI2>25),"A2-",IF(AND($CI2<>0,$CI2<=25,$CJ2>75),"A1+",IF($CJ2>75,"A1",IF(AND($CJ2<=75,$CJ2>25),"A1-",IF(AND($CJ2<>0,$CJ2<=25,$CK2>75),"A1-",IF($CK2>75,"A1-","N.E."))))))))))) | BH4: =IF($B$6="","",IF(OR($B$6="3A",$B$6="4A",$B$6="5A",$B$6="6A"),INDIRECT(CONCATENATE($AY$5,$B$6,$B$3)),INDIRECT(CONCATENATE($B$5,$A$3,$B$3))))
C5: Compétences | D5: Compétence | E5: A1 | G5: A2 | H5: B1 | I5: Compétence | J5: A1 | L5: A2 | M5: B1 | N5: Compétence | O5: A1 | Q5: A2 | R5: B1 | S5: Compétence | T5: A1 | V5: A2 | W5: B1 | X5: Compétence | Y5: A1 | AA5: A2 | AB5: B1 | AC5: Compétence | AD5: A1 | AF5: A2 | AG5: B1 | AH5: Compétence | AI5: A1 | AK5: A2 | AL5: B1 | AM5: Compétence | AN5: A1 | AP5: A2 | AQ5: B1 | AR5: Compétence | AS5: A1 | AU5: A2 | AV5: B1 | AW5: Compétence | AX5: A1 | AY5: =MID($A$3,1,7) | AZ5: A2 | BA5: B1 | BI5: Expert | BM5: Acquis | BQ5: Presque Acquis | BU5: En Cours | BY5: Début d'Acquisition | CC5: Non Acquis | CG5: =IF(OR($A$3="Niveau_6",$A$3="Niveau_5"),0,COUNTIF($D1:$AW1,$CG$3)) -> 0 | CI5: =COUNTIF($D1:$AW1,$CI$3) -> 0 | CJ5: =COUNTIF($D1:$AW1,$CJ$3) -> 0 | CK5: =COUNTIF($D1:$AW1,$CK$3) -> 0
A6: Classe | C6: Sous-Compétences | AX6: =IF(OR(AY6="",AZ6=""),"",IF(CONCATENATE($AZ$6,$AY$6)="T16",2,IF(CONCATENATE($AZ$6,$AY$6)="T26",3,IF(CONCATENATE($AZ$6,$AY$6)="T36",4,IF(CONCATENATE($AZ$6,$AY$6)="T15",5,IF(CONCATENATE($AZ$6,$AY$6)="T25",6,IF(CONCATENATE($AZ$6,$AY$6)="T35",7,IF(CONCATENATE($AZ$6,$AY$6)="T14",8,IF(CONCATENATE($AZ$6,$AY$6)="T24",9,IF(CONCATENATE($AZ$6,$AY$6)="T34",10,IF(CONCATENATE($AZ$6,$AY$6)="T13",11,IF(CONCATENATE($AZ$6,$AY$6)="T23",12,IF(CONCATENATE($AZ$6,$AY$6)="T33",13,"Gros Naze"))))))))))))) | AY6: =MID($B$6,1,1) | AZ6: =IF($B$3="","",CONCATENATE("T",$B$3)) | BA6: =IF(OR(AY6="",AZ6=""),"",IF(CONCATENATE($AZ$6,$AY$6)="T16",2,IF(CONCATENATE($AZ$6,$AY$6)="T26",3,IF(CONCATENATE($AZ$6,$AY$6)="T36",4,IF(CONCATENATE($AZ$6,$AY$6)="T15",5,IF(CONCATENATE($AZ$6,$AY$6)="T25",6,IF(CONCATENATE($AZ$6,$AY$6)="T35",7,IF(CONCATENATE($AZ$6,$AY$6)="T14",8,IF(CONCATENATE($AZ$6,$AY$6)="T24",9,IF(CONCATENATE($AZ$6,$AY$6)="T34",10,IF(CONCATENATE($AZ$6,$AY$6)="T13",11,IF(CONCATENATE($AZ$6,$AY$6)="T23",12,IF(CONCATENATE($AZ$6,$AY$6)="T33",13,"Gros Naze"))))))))))))) | BC6: Nombre Evaluation Compétences | BD6: Total Points | BF6: Total sur | BH6: CECRL | BI6: A1 | BJ6: A2 | BK6: B1 | BM6: A1 | BN6: A2 | BO6: B1 | BQ6: A1 | BR6: A2 | BS6: B1 | BU6: A1 | BV6: A2 | BW6: B1 | BY6: A1 | BZ6: A2 | CA6: B1 | CC6: A1 | CD6: A2 | CE6: B1 | CF6: Non Evaluable | CG6: Moyenne/20 | CI6: Niveau CECRL Moyen
A7: Présence | C7: NOM Prénom | BC7: =COUNTA(AW1,AR1,AM1,AH1,AC1,X1,S1,N1,I1,D1) -> 0 | BD7: =SUM(BA3,AV3,AQ3,AL3,AG3,AB3,W3,R3,M3,H3) -> 0 | BE7: =IF(BD7=0,"",20/BD7) | BF7: =IF(BE7="","",BD7*$BE$7) | BG7: =IF(OR(BF7="",BF7="Absent"),"",IF(ROUND(BD7*$BE$7,1)>20,ROUND(BD7*$BE$7,1),BF7)) | BH7: =IF(OR(A7="Absent",BF7=""),"",IF($B$5="LV2",INDEX(Base_Classes_Niveaux!$A$102:$M$153,MATCH(BG7,Base_Classes_Niveaux!$A$102:$A$1533),$BB$3),IF(OR($B$6="3A",$B$6="4A",$B$6="5A",$B$6="6A"),INDEX(Base_Classes_Niveaux!$A$162:$M$213,MATCH(BG7,Base_Classes_Niveaux!$A$102:$A$153),$AX$6),IF(OR($B$6<>"3A",$B$6<>"4A",$B$6<>"5A",$B$6<>"6A"),INDEX(Base_Classes_Niveaux!$A$39:$M$90,MATCH(BG7,Base_Classes_Niveaux!$A$39:$A$90),$AX$6))))) | BI7: =SUM(BI8:BI35) -> 0 | BJ7: =SUM(BJ8:BJ35) -> 0 | BK7: =SUM(BK8:BK35) -> 0 | BM7: =SUM(BM8:BM35) -> 0 | BN7: =SUM(BN8:BN35) -> 0 | BO7: =SUM(BO8:BO35) -> 0 | BQ7: =SUM(BQ8:BQ35) -> 0 | BR7: =SUM(BR8:BR35) -> 0 | BS7: =SUM(BS8:BS35) -> 0 | BU7: =SUM(BU8:BU35) -> 0 | BV7: =SUM(BV8:BV35) -> 0 | BW7: =SUM(BW8:BW35) -> 0 | BY7: =SUM(BY8:BY35) -> 0 | BZ7: =SUM(BZ8:BZ35) -> 0 | CA7: =SUM(CA8:CA35) -> 0 | CC7: =SUM(CC8:CC35) -> 0 | CD7: =SUM(CD8:CD35) -> 0 | CE7: =SUM(CE8:CE35) -> 0 | CF7: =SUM(CF8:CF35) -> 0 | CG7: =IF(COUNTBLANK($BG8:$BG37)>=30,"",IF(AVERAGE($BG8:$BG37)>20,20,AVERAGE($BG8:$BG37))) | CH7: =IF(COUNTBLANK($BG8:$BG37)>=30,"",AVERAGE($BG8:$BG37)) | CI7: =IF(OR(AA7="Absent e",CH7=""),"",IF($B$5="LV2",INDEX(Base_Classes_Niveaux!$A$102:$M$153,MATCH(CH7,Base_Classes_Niveaux!$A$102:$A$153),$BB$3),IF(OR($B$6="3A",$B$6="4A",$B$6="5A",$B$6="6A"),INDEX(Base_Classes_Niveaux!$A$102:$M$153,MATCH(CH7,Base_Classes_Niveaux!$A$102:$A$153),$AX$6),IF(OR($B$6<>"3A",$B$6<>"4A",$B$6<>"5A",$B$6<>"6A"),INDEX(Base_Classes_Niveaux!$A$39:$M$90,MATCH(CH7,Base_Classes_Niveaux!$A$39:$A$90),$AX$6)))))
B8: =IF(C8="","",1) | C8: =IF($B$6="","",IF(OFFSET(INDEX(Base_Elèves!$A$1:$BY$1,1,MATCH($B$6,Base_Elèves!$A$1:$BY$1,0)),Base_Elèves!$CA3,0,1,1)="","",OFFSET(INDEX(Base_Elèves!$A$1:$BY$1,1,MATCH($B$6,Base_Elèves!$A$1:$BY$1,0)),Base_Elèves!$CA3,0,1,1))) | E8: =IF(D8="","",IF(OR(D8="Non Acquis",D8="Non Evaluable"),0,MATCH(D8,Points_Validation,0))) | G8: =IF(D8="","",G$3) | H8: =IF(D8="","",E8*G8) | J8: =IF(I8="","",IF(OR(I8="Non Acquis",I8="Non Evaluable"),0,MATCH(I8,Points_Validation,0))) | L8: =IF(I8="","",L$3) | M8: =IF(I8="","",J8*L8) | O8: =IF(N8="","",IF(OR(N8="Non Acquis",N8="Non Evaluable"),0,MATCH(N8,Points_Validation,0))) | Q8: =IF(N8="","",Q$3) | R8: =IF(N8="","",O8*Q8) | T8: =IF(S8="","",IF(OR(S8="Non Acquis",S8="Non Evaluable"),0,MATCH(S8,Points_Validation,0))) | V8: =IF(S8="","",V$3) | W8: =IF(S8="","",T8*V8) | Y8: =IF(X8="","",IF(OR(X8="Non Acquis",X8="Non Evaluable"),0,MATCH(X8,Points_Validation,0))) | AA8: =IF(X8="","",AA$3) | AB8: =IF(X8="","",Y8*AA8) | AD8: =IF(AC8="","",IF(OR(AC8="Non Acquis",AC8="Non Evaluable"),0,MATCH(AC8,Points_Validation,0))) | AF8: =IF(AC8="","",AF$3) | AG8: =IF(AC8="","",AD8*AF8) | AI8: =IF(AH8="","",IF(OR(AH8="Non Acquis",AH8="Non Evaluable"),0,MATCH(AH8,Points_Validation,0))) | AK8: =IF(AH8="","",AK$3) | AL8: =IF(AH8="","",AI8*AK8) | AN8: =IF(AM8="","",IF(OR(AM8="Non Acquis",AM8="Non Evaluable"),0,MATCH(AM8,Points_Validation,0))) | AP8: =IF(AM8="","",AP$3) | AQ8: =IF(AM8="","",AN8*AP8) | AS8: =IF(AR8="","",IF(OR(AR8="Non Acquis",AR8="Non Evaluable"),0,MATCH(AR8,Points_Validation,0))) | AU8: =IF(AR8="","",AU$3) | AV8: =IF(AR8="","",AS8*AU8) | AX8: =IF(AW8="","",IF(OR(AW8="Non Acquis",AW8="Non Evaluable"),0,MATCH(AW8,Points_Validation,0))) | AZ8: =IF(AW8="","",AZ$3) | BA8: =IF(AW8="","",AX8*AZ8) | BC8: =IF(AND(A8="",C8=""),"",COUNTA(AW8,AR8,AM8,AH8,AC8,X8,S8,N8,I8,D8)) | BD8: =IF(AND(A8="",C8=""),"",SUM(BA8,AV8,AQ8,AL8,AG8,AB8,W8,R8,M8,H8)) | BF8: =IF(AND(A8="",C8=""),"",IF(A8="Absent","Absent",IF($BE$7="","",IF(BC8=0,"",IF(ROUND(BD8*$BE$7,1)>20,20,ROUND(BD8*$BE$7,1)))))) | BG8: =IF(OR(BF8="",BF8="Absent"),"",IF(ROUND(BD8*$BE$7,1)>20,ROUND(BD8*$BE$7,1),BF8)) | BH8: =IF(OR(A8="Absent",BF8=""),"",IF($B$5="LV2",INDEX(Base_Classes_Niveaux!$A$102:$M$153,MATCH(BG8,Base_Classes_Niveaux!$A$102:$A$1533),$BB$3),IF(OR($B$6="3A",$B$6="4A",$B$6="5A",$B$6="6A"),INDEX(Base_Classes_Niveaux!$A$162:$M$213,MATCH(BG8,Base_Classes_Niveaux!$A$102:$A$153),$AX$6),IF(OR($B$6<>"3A",$B$6<>"4A",$B$6<>"5A",$B$6<>"6A"),INDEX(Base_Classes_Niveaux!$A$39:$M$90,MATCH(BG8,Base_Classes_Niveaux!$A$39:$A$90),$AX$6))))) | BI8: =IF(AND($A8="",$C8=""),"",SUM(AND($D$1=$BI$6,$D8=$BI$5),AND($I$1=$BI$6,$I8=$BI$5),AND($N$1=$BI$6,$N8=$BI$5),AND($S$1=$BI$6,$S8=$BI$5),AND($X$1=$BI$6,$X8=$BI$5),AND($AC$1=$BI$6,$AC8=$BI$5),AND($AH$1=$BI$6,$AH8=$BI$5),AND($AM$1=$BI$6,$AM8=$BI$5),AND($AR$1=$BI$6,$AR8=$BI$5),AND($AW$1=$BI$6,$AW8=$BI$5))) | BJ8: =IF(AND($A8="",$C8=""),"",SUM(AND($D$1=$BJ$6,$D8=$BI$5),AND($I$1=$BJ$6,$I8=$BI$5),AND($N$1=$BJ$6,$N8=$BI$5),AND($S$1=$BJ$6,$S8=$BI$5),AND($X$1=$BJ$6,$X8=$BI$5),AND($AC$1=$BJ$6,$AC8=$BI$5),AND($AH$1=$BJ$6,$AH8=$BI$5),AND($AM$1=$BJ$6,$AM8=$BI$5),AND($AR$1=$BJ$6,$AR8=$BI$5),AND($AW$1=$BJ$6,$AW8=$BI$5))) | BK8: =IF(AND($A8="",$C8=""),"",SUM(AND($D$1=$BK$6,$D8=$BI$5),AND($I$1=$BK$6,$I8=$BI$5),AND($N$1=$BK$6,$N8=$BI$5),AND($S$1=$BK$6,$S8=$BI$5),AND($X$1=$BK$6,$X8=$BI$5),AND($AC$1=$BK$6,$AC8=$BI$5),AND($AH$1=$BK$6,$AH8=$BI$5),AND($AM$1=$BK$6,$AM8=$BI$5),AND($AR$1=$BK$6,$AR8=$BI$5),AND($AW$1=$BK$6,$AW8=$BI$5))) | BM8: =IF(AND($A8="",$C8=""),"",SUM(AND($D$1=$BI$6,$D8=$BM$5),AND($I$1=$BI$6,$I8=$BM$5),AND($N$1=$BI$6,$N8=$BM$5),AND($S$1=$BI$6,$S8=$BM$5),AND($X$1=$BI$6,$X8=$BM$5),AND($AC$1=$BI$6,$AC8=$BM$5),AND($AH$1=$BI$6,$AH8=$BM$5),AND($AM$1=$BI$6,$AM8=$BM$5),AND($AR$1=$BI$6,$AR8=$BM$5),AND($AW$1=$BI$6,$AW8=$BM$5))) | BN8: =IF(AND($A8="",$C8=""),"",SUM(AND($D$1=$BJ$6,$D8=$BM$5),AND($I$1=$BJ$6,$I8=$BM$5),AND($N$1=$BJ$6,$N8=$BM$5),AND($S$1=$BJ$6,$S8=$BM$5),AND($X$1=$BJ$6,$X8=$BM$5),AND($AC$1=$BJ$6,$AC8=$BM$5),AND($AH$1=$BJ$6,$AH8=$BM$5),AND($AM$1=$BJ$6,$AM8=$BM$5),AND($AR$1=$BJ$6,$AR8=$BM$5),AND($AW$1=$BJ$6,$AW8=$BM$5))) | BO8: =IF(AND($A8="",$C8=""),"",SUM(AND($D$1=$BK$6,$D8=$BM$5),AND($I$1=$BK$6,$I8=$BM$5),AND($N$1=$BK$6,$N8=$BM$5),AND($S$1=$BK$6,$S8=$BM$5),AND($X$1=$BK$6,$X8=$BM$5),AND($AC$1=$BK$6,$AC8=$BM$5),AND($AH$1=$BK$6,$AH8=$BM$5),AND($AM$1=$BK$6,$AM8=$BM$5),AND($AR$1=$BK$6,$AR8=$BM$5),AND($AW$1=$BK$6,$AW8=$BM$5))) | BQ8: =IF(AND($A8="",$C8=""),"",SUM(AND($D$1=$BI$6,$D8=$BQ$5),AND($I$1=$BI$6,$I8=$BQ$5),AND($N$1=$BI$6,$N8=$BQ$5),AND($S$1=$BI$6,$S8=$BQ$5),AND($X$1=$BI$6,$X8=$BQ$5),AND($AC$1=$BI$6,$AC8=$BQ$5),AND($AH$1=$BI$6,$AH8=$BQ$5),AND($AM$1=$BI$6,$AM8=$BQ$5),AND($AR$1=$BI$6,$AR8=$BQ$5),AND($AW$1=$BI$6,$AW8=$BQ$5))) | BR8: =IF(AND($A8="",$C8=""),"",SUM(AND($D$1=$BJ$6,$D8=$BQ$5),AND($I$1=$BJ$6,$I8=$BQ$5),AND($N$1=$BJ$6,$N8=$BQ$5),AND($S$1=$BJ$6,$S8=$BQ$5),AND($X$1=$BJ$6,$X8=$BQ$5),AND($AC$1=$BJ$6,$AC8=$BQ$5),AND($AH$1=$BJ$6,$AH8=$BQ$5),AND($AM$1=$BJ$6,$AM8=$BQ$5),AND($AR$1=$BJ$6,$AR8=$BQ$5),AND($AW$1=$BJ$6,$AW8=$BQ$5))) | BS8: =IF(AND($A8="",$C8=""),"",SUM(AND($D$1=$BK$6,$D8=$BQ$5),AND($I$1=$BK$6,$I8=$BQ$5),AND($N$1=$BK$6,$N8=$BQ$5),AND($S$1=$BK$6,$S8=$BQ$5),AND($X$1=$BK$6,$X8=$BQ$5),AND($AC$1=$BK$6,$AC8=$BQ$5),AND($AH$1=$BK$6,$AH8=$BQ$5),AND($AM$1=$BK$6,$AM8=$BQ$5),AND($AR$1=$BK$6,$AR8=$BQ$5),AND($AW$1=$BK$6,$AW8=$BQ$5))) | BU8: =IF(AND($A8="",$C8=""),"",SUM(AND($D$1=$BI$6,$D8=$BU$5),AND($I$1=$BI$6,$I8=$BU$5),AND($N$1=$BI$6,$N8=$BU$5),AND($S$1=$BI$6,$S8=$BU$5),AND($X$1=$BI$6,$X8=$BU$5),AND($AC$1=$BI$6,$AC8=$BU$5),AND($AH$1=$BI$6,$AH8=$BU$5),AND($AM$1=$BI$6,$AM8=$BU$5),AND($AR$1=$BI$6,$AR8=$BU$5),AND($AW$1=$BI$6,$AW8=$BU$5))) | BV8: =IF(AND($A8="",$C8=""),"",SUM(AND($D$1=$BJ$6,$D8=$BU$5),AND($I$1=$BJ$6,$I8=$BU$5),AND($N$1=$BJ$6,$N8=$BU$5),AND($S$1=$BJ$6,$S8=$BU$5),AND($X$1=$BJ$6,$X8=$BU$5),AND($AC$1=$BJ$6,$AC8=$BU$5),AND($AH$1=$BJ$6,$AH8=$BU$5),AND($AM$1=$BJ$6,$AM8=$BU$5),AND($AR$1=$BJ$6,$AR8=$BU$5),AND($AW$1=$BJ$6,$AW8=$BU$5))) | BW8: =IF(AND($A8="",$C8=""),"",SUM(AND($D$1=$BK$6,$D8=$BU$5),AND($I$1=$BK$6,$I8=$BU$5),AND($N$1=$BK$6,$N8=$BU$5),AND($S$1=$BK$6,$S8=$BU$5),AND($X$1=$BK$6,$X8=$BU$5),AND($AC$1=$BK$6,$AC8=$BU$5),AND($AH$1=$BK$6,$AH8=$BU$5),AND($AM$1=$BK$6,$AM8=$BU$5),AND($AR$1=$BK$6,$AR8=$BU$5),AND($AW$1=$BK$6,$AW8=$BU$5))) | BY8: =IF(AND($A8="",$C8=""),"",SUM(AND($D$1=$BI$6,$D8=$BY$5),AND($I$1=$BI$6,$I8=$BY$5),AND($N$1=$BI$6,$N8=$BY$5),AND($S$1=$BI$6,$S8=$BY$5),AND($X$1=$BI$6,$X8=$BY$5),AND($AC$1=$BI$6,$AC8=$BY$5),AND($AH$1=$BI$6,$AH8=$BY$5),AND($AM$1=$BI$6,$AM8=$BY$5),AND($AR$1=$BI$6,$AR8=$BY$5),AND($AW$1=$BI$6,$AW8=$BY$5))) | BZ8: =IF(AND($A8="",$C8=""),"",SUM(AND($D$1=$BJ$6,$D8=$BY$5),AND($I$1=$BJ$6,$I8=$BY$5),AND($N$1=$BJ$6,$N8=$BY$5),AND($S$1=$BJ$6,$S8=$BY$5),AND($X$1=$BJ$6,$X8=$BY$5),AND($AC$1=$BJ$6,$AC8=$BY$5),AND($AH$1=$BJ$6,$AH8=$BY$5),AND($AM$1=$BJ$6,$AM8=$BY$5),AND($AR$1=$BJ$6,$AR8=$BY$5),AND($AW$1=$BJ$6,$AW8=$BY$5))) | CA8: =IF(AND($A8="",$C8=""),"",SUM(AND($D$1=$BK$6,$D8=$BY$5),AND($I$1=$BK$6,$I8=$BY$5),AND($N$1=$BK$6,$N8=$BY$5),AND($S$1=$BK$6,$S8=$BY$5),AND($X$1=$BK$6,$X8=$BY$5),AND($AC$1=$BK$6,$AC8=$BY$5),AND($AH$1=$BK$6,$AH8=$BY$5),AND($AM$1=$BK$6,$AM8=$BY$5),AND($AR$1=$BK$6,$AR8=$BY$5),AND($AW$1=$BK$6,$AW8=$BY$5))) | CC8: =IF(AND($A8="",$C8=""),"",SUM(AND($D$1=$BI$6,$D8=$CC$5),AND($I$1=$BI$6,$I8=$CC$5),AND($N$1=$BI$6,$N8=$CC$5),AND($S$1=$BI$6,$S8=$CC$5),AND($X$1=$BI$6,$X8=$CC$5),AND($AC$1=$BI$6,$AC8=$CC$5),AND($AH$1=$BI$6,$AH8=$CC$5),AND($AM$1=$BI$6,$AM8=$CC$5),AND($AR$1=$BI$6,$AR8=$CC$5),AND($AW$1=$BI$6,$AW8=$CC$5))) | CD8: =IF(AND($A8="",$C8=""),"",SUM(AND($D$1=$BJ$6,$D8=$CC$5),AND($I$1=$BJ$6,$I8=$CC$5),AND($N$1=$BJ$6,$N8=$CC$5),AND($S$1=$BJ$6,$S8=$CC$5),AND($X$1=$BJ$6,$X8=$CC$5),AND($AC$1=$BJ$6,$AC8=$CC$5),AND($AH$1=$BJ$6,$AH8=$CC$5),AND($AM$1=$BJ$6,$AM8=$CC$5),AND($AR$1=$BJ$6,$AR8=$CC$5),AND($AW$1=$BJ$6,$AW8=$CC$5))) | CE8: =IF(AND($A8="",$C8=""),"",SUM(AND($D$1=$BK$6,$D8=$CC$5),AND($I$1=$BK$6,$I8=$CC$5),AND($N$1=$BK$6,$N8=$CC$5),AND($S$1=$BK$6,$S8=$CC$5),AND($X$1=$BK$6,$X8=$CC$5),AND($AC$1=$BK$6,$AC8=$CC$5),AND($AH$1=$BK$6,$AH8=$CC$5),AND($AM$1=$BK$6,$AM8=$CC$5),AND($AR$1=$BK$6,$AR8=$CC$5),AND($AW$1=$BK$6,$AW8=$CC$5))) | CF8: =IF(AND($A8="",$C8=""),"",COUNTIF(D8:AW8,"Non Evaluable"))
B9: =IF(C9="","",SUM(B8,1)) | C9: =IF($B$6="","",IF(OFFSET(INDEX(Base_Elèves!$A$1:$BY$1,1,MATCH($B$6,Base_Elèves!$A$1:$BY$1,0)),Base_Elèves!$CA4,0,1,1)="","",OFFSET(INDEX(Base_Elèves!$A$1:$BY$1,1,MATCH($B$6,Base_Elèves!$A$1:$BY$1,0)),Base_Elèves!$CA4,0,1,1))) | E9: =IF(D9="","",IF(OR(D9="Non Acquis",D9="Non Evaluable"),0,MATCH(D9,Points_Validation,0))) | G9: =IF(D9="","",G$3) | H9: =IF(D9="","",E9*G9) | J9: =IF(I9="","",IF(OR(I9="Non Acquis",I9="Non Evaluable"),0,MATCH(I9,Points_Validation,0))) | L9: =IF(I9="","",L$3) | M9: =IF(I9="","",J9*L9) | O9: =IF(N9="","",IF(OR(N9="Non Acquis",N9="Non Evaluable"),0,MATCH(N9,Points_Validation,0))) | Q9: =IF(N9="","",Q$3) | R9: =IF(N9="","",O9*Q9) | T9: =IF(S9="","",IF(OR(S9="Non Acquis",S9="Non Evaluable"),0,MATCH(S9,Points_Validation,0))) | V9: =IF(S9="","",V$3) | W9: =IF(S9="","",T9*V9) | Y9: =IF(X9="","",IF(OR(X9="Non Acquis",X9="Non Evaluable"),0,MATCH(X9,Points_Validation,0))) | AA9: =IF(X9="","",AA$3) | AB9: =IF(X9="","",Y9*AA9) | AD9: =IF(AC9="","",IF(OR(AC9="Non Acquis",AC9="Non Evaluable"),0,MATCH(AC9,Points_Validation,0))) | AF9: =IF(AC9="","",AF$3) | AG9: =IF(AC9="","",AD9*AF9) | AI9: =IF(AH9="","",IF(OR(AH9="Non Acquis",AH9="Non Evaluable"),0,MATCH(AH9,Points_Validation,0))) | AK9: =IF(AH9="","",AK$3) | AL9: =IF(AH9="","",AI9*AK9) | AN9: =IF(AM9="","",IF(OR(AM9="Non Acquis",AM9="Non Evaluable"),0,MATCH(AM9,Points_Validation,0))) | AP9: =IF(AM9="","",AP$3) | AQ9: =IF(AM9="","",AN9*AP9) | AS9: =IF(AR9="","",IF(OR(AR9="Non Acquis",AR9="Non Evaluable"),0,MATCH(AR9,Points_Validation,0))) | AU9: =IF(AR9="","",AU$3) | AV9: =IF(AR9="","",AS9*AU9) | AX9: =IF(AW9="","",IF(OR(AW9="Non Acquis",AW9="Non Evaluable"),0,MATCH(AW9,Points_Validation,0))) | AZ9: =IF(AW9="","",AZ$3) | BA9: =IF(AW9="","",AX9*AZ9) | BC9: =IF(AND(A9="",C9=""),"",COUNTA(AW9,AR9,AM9,AH9,AC9,X9,S9,N9,I9,D9)) | BD9: =IF(AND(A9="",C9=""),"",SUM(BA9,AV9,AQ9,AL9,AG9,AB9,W9,R9,M9,H9)) | BF9: =IF(AND(A9="",C9=""),"",IF(A9="Absent","Absent",IF($BE$7="","",IF(BC9=0,"",IF(ROUND(BD9*$BE$7,1)>20,20,ROUND(BD9*$BE$7,1)))))) | BG9: =IF(OR(BF9="",BF9="Absent"),"",IF(ROUND(BD9*$BE$7,1)>20,ROUND(BD9*$BE$7,1),BF9)) | BH9: =IF(OR(A9="Absent",BF9=""),"",IF($B$5="LV2",INDEX(Base_Classes_Niveaux!$A$102:$M$153,MATCH(BG9,Base_Classes_Niveaux!$A$102:$A$1533),$BB$3),IF(OR($B$6="3A",$B$6="4A",$B$6="5A",$B$6="6A"),INDEX(Base_Classes_Niveaux!$A$162:$M$213,MATCH(BG9,Base_Classes_Niveaux!$A$102:$A$153),$AX$6),IF(OR($B$6<>"3A",$B$6<>"4A",$B$6<>"5A",$B$6<>"6A"),INDEX(Base_Classes_Niveaux!$A$39:$M$90,MATCH(BG9,Base_Classes_Niveaux!$A$39:$A$90),$AX$6))))) | BI9: =IF(AND($A9="",$C9=""),"",SUM(AND($D$1=$BI$6,$D9=$BI$5),AND($I$1=$BI$6,$I9=$BI$5),AND($N$1=$BI$6,$N9=$BI$5),AND($S$1=$BI$6,$S9=$BI$5),AND($X$1=$BI$6,$X9=$BI$5),AND($AC$1=$BI$6,$AC9=$BI$5),AND($AH$1=$BI$6,$AH9=$BI$5),AND($AM$1=$BI$6,$AM9=$BI$5),AND($AR$1=$BI$6,$AR9=$BI$5),AND($AW$1=$BI$6,$AW9=$BI$5))) | BJ9: =IF(AND($A9="",$C9=""),"",SUM(AND($D$1=$BJ$6,$D9=$BI$5),AND($I$1=$BJ$6,$I9=$BI$5),AND($N$1=$BJ$6,$N9=$BI$5),AND($S$1=$BJ$6,$S9=$BI$5),AND($X$1=$BJ$6,$X9=$BI$5),AND($AC$1=$BJ$6,$AC9=$BI$5),AND($AH$1=$BJ$6,$AH9=$BI$5),AND($AM$1=$BJ$6,$AM9=$BI$5),AND($AR$1=$BJ$6,$AR9=$BI$5),AND($AW$1=$BJ$6,$AW9=$BI$5))) | BK9: =IF(AND($A9="",$C9=""),"",SUM(AND($D$1=$BK$6,$D9=$BI$5),AND($I$1=$BK$6,$I9=$BI$5),AND($N$1=$BK$6,$N9=$BI$5),AND($S$1=$BK$6,$S9=$BI$5),AND($X$1=$BK$6,$X9=$BI$5),AND($AC$1=$BK$6,$AC9=$BI$5),AND($AH$1=$BK$6,$AH9=$BI$5),AND($AM$1=$BK$6,$AM9=$BI$5),AND($AR$1=$BK$6,$AR9=$BI$5),AND($AW$1=$BK$6,$AW9=$BI$5))) | BM9: =IF(AND($A9="",$C9=""),"",SUM(AND($D$1=$BI$6,$D9=$BM$5),AND($I$1=$BI$6,$I9=$BM$5),AND($N$1=$BI$6,$N9=$BM$5),AND($S$1=$BI$6,$S9=$BM$5),AND($X$1=$BI$6,$X9=$BM$5),AND($AC$1=$BI$6,$AC9=$BM$5),AND($AH$1=$BI$6,$AH9=$BM$5),AND($AM$1=$BI$6,$AM9=$BM$5),AND($AR$1=$BI$6,$AR9=$BM$5),AND($AW$1=$BI$6,$AW9=$BM$5))) | BN9: =IF(AND($A9="",$C9=""),"",SUM(AND($D$1=$BJ$6,$D9=$BM$5),AND($I$1=$BJ$6,$I9=$BM$5),AND($N$1=$BJ$6,$N9=$BM$5),AND($S$1=$BJ$6,$S9=$BM$5),AND($X$1=$BJ$6,$X9=$BM$5),AND($AC$1=$BJ$6,$AC9=$BM$5),AND($AH$1=$BJ$6,$AH9=$BM$5),AND($AM$1=$BJ$6,$AM9=$BM$5),AND($AR$1=$BJ$6,$AR9=$BM$5),AND($AW$1=$BJ$6,$AW9=$BM$5))) | BO9: =IF(AND($A9="",$C9=""),"",SUM(AND($D$1=$BK$6,$D9=$BM$5),AND($I$1=$BK$6,$I9=$BM$5),AND($N$1=$BK$6,$N9=$BM$5),AND($S$1=$BK$6,$S9=$BM$5),AND($X$1=$BK$6,$X9=$BM$5),AND($AC$1=$BK$6,$AC9=$BM$5),AND($AH$1=$BK$6,$AH9=$BM$5),AND($AM$1=$BK$6,$AM9=$BM$5),AND($AR$1=$BK$6,$AR9=$BM$5),AND($AW$1=$BK$6,$AW9=$BM$5))) | BQ9: =IF(AND($A9="",$C9=""),"",SUM(AND($D$1=$BI$6,$D9=$BQ$5),AND($I$1=$BI$6,$I9=$BQ$5),AND($N$1=$BI$6,$N9=$BQ$5),AND($S$1=$BI$6,$S9=$BQ$5),AND($X$1=$BI$6,$X9=$BQ$5),AND($AC$1=$BI$6,$AC9=$BQ$5),AND($AH$1=$BI$6,$AH9=$BQ$5),AND($AM$1=$BI$6,$AM9=$BQ$5),AND($AR$1=$BI$6,$AR9=$BQ$5),AND($AW$1=$BI$6,$AW9=$BQ$5))) | BR9: =IF(AND($A9="",$C9=""),"",SUM(AND($D$1=$BJ$6,$D9=$BQ$5),AND($I$1=$BJ$6,$I9=$BQ$5),AND($N$1=$BJ$6,$N9=$BQ$5),AND($S$1=$BJ$6,$S9=$BQ$5),AND($X$1=$BJ$6,$X9=$BQ$5),AND($AC$1=$BJ$6,$AC9=$BQ$5),AND($AH$1=$BJ$6,$AH9=$BQ$5),AND($AM$1=$BJ$6,$AM9=$BQ$5),AND($AR$1=$BJ$6,$AR9=$BQ$5),AND($AW$1=$BJ$6,$AW9=$BQ$5))) | BS9: =IF(AND($A9="",$C9=""),"",SUM(AND($D$1=$BK$6,$D9=$BQ$5),AND($I$1=$BK$6,$I9=$BQ$5),AND($N$1=$BK$6,$N9=$BQ$5),AND($S$1=$BK$6,$S9=$BQ$5),AND($X$1=$BK$6,$X9=$BQ$5),AND($AC$1=$BK$6,$AC9=$BQ$5),AND($AH$1=$BK$6,$AH9=$BQ$5),AND($AM$1=$BK$6,$AM9=$BQ$5),AND($AR$1=$BK$6,$AR9=$BQ$5),AND($AW$1=$BK$6,$AW9=$BQ$5))) | BU9: =IF(AND($A9="",$C9=""),"",SUM(AND($D$1=$BI$6,$D9=$BU$5),AND($I$1=$BI$6,$I9=$BU$5),AND($N$1=$BI$6,$N9=$BU$5),AND($S$1=$BI$6,$S9=$BU$5),AND($X$1=$BI$6,$X9=$BU$5),AND($AC$1=$BI$6,$AC9=$BU$5),AND($AH$1=$BI$6,$AH9=$BU$5),AND($AM$1=$BI$6,$AM9=$BU$5),AND($AR$1=$BI$6,$AR9=$BU$5),AND($AW$1=$BI$6,$AW9=$BU$5))) | BV9: =IF(AND($A9="",$C9=""),"",SUM(AND($D$1=$BJ$6,$D9=$BU$5),AND($I$1=$BJ$6,$I9=$BU$5),AND($N$1=$BJ$6,$N9=$BU$5),AND($S$1=$BJ$6,$S9=$BU$5),AND($X$1=$BJ$6,$X9=$BU$5),AND($AC$1=$BJ$6,$AC9=$BU$5),AND($AH$1=$BJ$6,$AH9=$BU$5),AND($AM$1=$BJ$6,$AM9=$BU$5),AND($AR$1=$BJ$6,$AR9=$BU$5),AND($AW$1=$BJ$6,$AW9=$BU$5))) | BW9: =IF(AND($A9="",$C9=""),"",SUM(AND($D$1=$BK$6,$D9=$BU$5),AND($I$1=$BK$6,$I9=$BU$5),AND($N$1=$BK$6,$N9=$BU$5),AND($S$1=$BK$6,$S9=$BU$5),AND($X$1=$BK$6,$X9=$BU$5),AND($AC$1=$BK$6,$AC9=$BU$5),AND($AH$1=$BK$6,$AH9=$BU$5),AND($AM$1=$BK$6,$AM9=$BU$5),AND($AR$1=$BK$6,$AR9=$BU$5),AND($AW$1=$BK$6,$AW9=$BU$5))) | BY9: =IF(AND($A9="",$C9=""),"",SUM(AND($D$1=$BI$6,$D9=$BY$5),AND($I$1=$BI$6,$I9=$BY$5),AND($N$1=$BI$6,$N9=$BY$5),AND($S$1=$BI$6,$S9=$BY$5),AND($X$1=$BI$6,$X9=$BY$5),AND($AC$1=$BI$6,$AC9=$BY$5),AND($AH$1=$BI$6,$AH9=$BY$5),AND($AM$1=$BI$6,$AM9=$BY$5),AND($AR$1=$BI$6,$AR9=$BY$5),AND($AW$1=$BI$6,$AW9=$BY$5))) | BZ9: =IF(AND($A9="",$C9=""),"",SUM(AND($D$1=$BJ$6,$D9=$BY$5),AND($I$1=$BJ$6,$I9=$BY$5),AND($N$1=$BJ$6,$N9=$BY$5),AND($S$1=$BJ$6,$S9=$BY$5),AND($X$1=$BJ$6,$X9=$BY$5),AND($AC$1=$BJ$6,$AC9=$BY$5),AND($AH$1=$BJ$6,$AH9=$BY$5),AND($AM$1=$BJ$6,$AM9=$BY$5),AND($AR$1=$BJ$6,$AR9=$BY$5),AND($AW$1=$BJ$6,$AW9=$BY$5))) | CA9: =IF(AND($A9="",$C9=""),"",SUM(AND($D$1=$BK$6,$D9=$BY$5),AND($I$1=$BK$6,$I9=$BY$5),AND($N$1=$BK$6,$N9=$BY$5),AND($S$1=$BK$6,$S9=$BY$5),AND($X$1=$BK$6,$X9=$BY$5),AND($AC$1=$BK$6,$AC9=$BY$5),AND($AH$1=$BK$6,$AH9=$BY$5),AND($AM$1=$BK$6,$AM9=$BY$5),AND($AR$1=$BK$6,$AR9=$BY$5),AND($AW$1=$BK$6,$AW9=$BY$5))) | CC9: =IF(AND($A9="",$C9=""),"",SUM(AND($D$1=$BI$6,$D9=$CC$5),AND($I$1=$BI$6,$I9=$CC$5),AND($N$1=$BI$6,$N9=$CC$5),AND($S$1=$BI$6,$S9=$CC$5),AND($X$1=$BI$6,$X9=$CC$5),AND($AC$1=$BI$6,$AC9=$CC$5),AND($AH$1=$BI$6,$AH9=$CC$5),AND($AM$1=$BI$6,$AM9=$CC$5),AND($AR$1=$BI$6,$AR9=$CC$5),AND($AW$1=$BI$6,$AW9=$CC$5))) | CD9: =IF(AND($A9="",$C9=""),"",SUM(AND($D$1=$BJ$6,$D9=$CC$5),AND($I$1=$BJ$6,$I9=$CC$5),AND($N$1=$BJ$6,$N9=$CC$5),AND($S$1=$BJ$6,$S9=$CC$5),AND($X$1=$BJ$6,$X9=$CC$5),AND($AC$1=$BJ$6,$AC9=$CC$5),AND($AH$1=$BJ$6,$AH9=$CC$5),AND($AM$1=$BJ$6,$AM9=$CC$5),AND($AR$1=$BJ$6,$AR9=$CC$5),AND($AW$1=$BJ$6,$AW9=$CC$5))) | CE9: =IF(AND($A9="",$C9=""),"",SUM(AND($D$1=$BK$6,$D9=$CC$5),AND($I$1=$BK$6,$I9=$CC$5),AND($N$1=$BK$6,$N9=$CC$5),AND($S$1=$BK$6,$S9=$CC$5),AND($X$1=$BK$6,$X9=$CC$5),AND($AC$1=$BK$6,$AC9=$CC$5),AND($AH$1=$BK$6,$AH9=$CC$5),AND($AM$1=$BK$6,$AM9=$CC$5),AND($AR$1=$BK$6,$AR9=$CC$5),AND($AW$1=$BK$6,$AW9=$CC$5))) | CF9: =IF(AND($A9="",$C9=""),"",COUNTIF(D9:AW9,"Non Evaluable"))
B10: =IF(C10="","",SUM(B9,1)) | C10: =IF($B$6="","",IF(OFFSET(INDEX(Base_Elèves!$A$1:$BY$1,1,MATCH($B$6,Base_Elèves!$A$1:$BY$1,0)),Base_Elèves!$CA5,0,1,1)="","",OFFSET(INDEX(Base_Elèves!$A$1:$BY$1,1,MATCH($B$6,Base_Elèves!$A$1:$BY$1,0)),Base_Elèves!$CA5,0,1,1))) | E10: =IF(D10="","",IF(OR(D10="Non Acquis",D10="Non Evaluable"),0,MATCH(D10,Points_Validation,0))) | G10: =IF(D10="","",G$3) | H10: =IF(D10="","",E10*G10) | J10: =IF(I10="","",IF(OR(I10="Non Acquis",I10="Non Evaluable"),0,MATCH(I10,Points_Validation,0))) | L10: =IF(I10="","",L$3) | M10: =IF(I10="","",J10*L10) | O10: =IF(N10="","",IF(OR(N10="Non Acquis",N10="Non Evaluable"),0,MATCH(N10,Points_Validation,0))) | Q10: =IF(N10="","",Q$3) | R10: =IF(N10="","",O10*Q10) | T10: =IF(S10="","",IF(OR(S10="Non Acquis",S10="Non Evaluable"),0,MATCH(S10,Points_Validation,0))) | V10: =IF(S10="","",V$3) | W10: =IF(S10="","",T10*V10) | Y10: =IF(X10="","",IF(OR(X10="Non Acquis",X10="Non Evaluable"),0,MATCH(X10,Points_Validation,0))) | AA10: =IF(X10="","",AA$3) | AB10: =IF(X10="","",Y10*AA10) | AD10: =IF(AC10="","",IF(OR(AC10="Non Acquis",AC10="Non Evaluable"),0,MATCH(AC10,Points_Validation,0))) | AF10: =IF(AC10="","",AF$3) | AG10: =IF(AC10="","",AD10*AF10) | AI10: =IF(AH10="","",IF(OR(AH10="Non Acquis",AH10="Non Evaluable"),0,MATCH(AH10,Points_Validation,0))) | AK10: =IF(AH10="","",AK$3) | AL10: =IF(AH10="","",AI10*AK10) | AN10: =IF(AM10="","",IF(OR(AM10="Non Acquis",AM10="Non Evaluable"),0,MATCH(AM10,Points_Validation,0))) | AP10: =IF(AM10="","",AP$3) | AQ10: =IF(AM10="","",AN10*AP10) | AS10: =IF(AR10="","",IF(OR(AR10="Non Acquis",AR10="Non Evaluable"),0,MATCH(AR10,Points_Validation,0))) | AU10: =IF(AR10="","",AU$3) | AV10: =IF(AR10="","",AS10*AU10) | AX10: =IF(AW10="","",IF(OR(AW10="Non Acquis",AW10="Non Evaluable"),0,MATCH(AW10,Points_Validation,0))) | AZ10: =IF(AW10="","",AZ$3) | BA10: =IF(AW10="","",AX10*AZ10) | BC10: =IF(AND(A10="",C10=""),"",COUNTA(AW10,AR10,AM10,AH10,AC10,X10,S10,N10,I10,D10)) | BD10: =IF(AND(A10="",C10=""),"",SUM(BA10,AV10,AQ10,AL10,AG10,AB10,W10,R10,M10,H10)) | BF10: =IF(AND(A10="",C10=""),"",IF(A10="Absent","Absent",IF($BE$7="","",IF(BC10=0,"",IF(ROUND(BD10*$BE$7,1)>20,20,ROUND(BD10*$BE$7,1)))))) | BG10: =IF(OR(BF10="",BF10="Absent"),"",IF(ROUND(BD10*$BE$7,1)>20,ROUND(BD10*$BE$7,1),BF10)) | BH10: =IF(OR(A10="Absent",BF10=""),"",IF($B$5="LV2",INDEX(Base_Classes_Niveaux!$A$102:$M$153,MATCH(BG10,Base_Classes_Niveaux!$A$102:$A$1533),$BB$3),IF(OR($B$6="3A",$B$6="4A",$B$6="5A",$B$6="6A"),INDEX(Base_Classes_Niveaux!$A$162:$M$213,MATCH(BG10,Base_Classes_Niveaux!$A$102:$A$153),$AX$6),IF(OR($B$6<>"3A",$B$6<>"4A",$B$6<>"5A",$B$6<>"6A"),INDEX(Base_Classes_Niveaux!$A$39:$M$90,MATCH(BG10,Base_Classes_Niveaux!$A$39:$A$90),$AX$6))))) | BI10: =IF(AND($A10="",$C10=""),"",SUM(AND($D$1=$BI$6,$D10=$BI$5),AND($I$1=$BI$6,$I10=$BI$5),AND($N$1=$BI$6,$N10=$BI$5),AND($S$1=$BI$6,$S10=$BI$5),AND($X$1=$BI$6,$X10=$BI$5),AND($AC$1=$BI$6,$AC10=$BI$5),AND($AH$1=$BI$6,$AH10=$BI$5),AND($AM$1=$BI$6,$AM10=$BI$5),AND($AR$1=$BI$6,$AR10=$BI$5),AND($AW$1=$BI$6,$AW10=$BI$5))) | BJ10: =IF(AND($A10="",$C10=""),"",SUM(AND($D$1=$BJ$6,$D10=$BI$5),AND($I$1=$BJ$6,$I10=$BI$5),AND($N$1=$BJ$6,$N10=$BI$5),AND($S$1=$BJ$6,$S10=$BI$5),AND($X$1=$BJ$6,$X10=$BI$5),AND($AC$1=$BJ$6,$AC10=$BI$5),AND($AH$1=$BJ$6,$AH10=$BI$5),AND($AM$1=$BJ$6,$AM10=$BI$5),AND($AR$1=$BJ$6,$AR10=$BI$5),AND($AW$1=$BJ$6,$AW10=$BI$5))) | BK10: =IF(AND($A10="",$C10=""),"",SUM(AND($D$1=$BK$6,$D10=$BI$5),AND($I$1=$BK$6,$I10=$BI$5),AND($N$1=$BK$6,$N10=$BI$5),AND($S$1=$BK$6,$S10=$BI$5),AND($X$1=$BK$6,$X10=$BI$5),AND($AC$1=$BK$6,$AC10=$BI$5),AND($AH$1=$BK$6,$AH10=$BI$5),AND($AM$1=$BK$6,$AM10=$BI$5),AND($AR$1=$BK$6,$AR10=$BI$5),AND($AW$1=$BK$6,$AW10=$BI$5))) | BM10: =IF(AND($A10="",$C10=""),"",SUM(AND($D$1=$BI$6,$D10=$BM$5),AND($I$1=$BI$6,$I10=$BM$5),AND($N$1=$BI$6,$N10=$BM$5),AND($S$1=$BI$6,$S10=$BM$5),AND($X$1=$BI$6,$X10=$BM$5),AND($AC$1=$BI$6,$AC10=$BM$5),AND($AH$1=$BI$6,$AH10=$BM$5),AND($AM$1=$BI$6,$AM10=$BM$5),AND($AR$1=$BI$6,$AR10=$BM$5),AND($AW$1=$BI$6,$AW10=$BM$5))) | BN10: =IF(AND($A10="",$C10=""),"",SUM(AND($D$1=$BJ$6,$D10=$BM$5),AND($I$1=$BJ$6,$I10=$BM$5),AND($N$1=$BJ$6,$N10=$BM$5),AND($S$1=$BJ$6,$S10=$BM$5),AND($X$1=$BJ$6,$X10=$BM$5),AND($AC$1=$BJ$6,$AC10=$BM$5),AND($AH$1=$BJ$6,$AH10=$BM$5),AND($AM$1=$BJ$6,$AM10=$BM$5),AND($AR$1=$BJ$6,$AR10=$BM$5),AND($AW$1=$BJ$6,$AW10=$BM$5))) | BO10: =IF(AND($A10="",$C10=""),"",SUM(AND($D$1=$BK$6,$D10=$BM$5),AND($I$1=$BK$6,$I10=$BM$5),AND($N$1=$BK$6,$N10=$BM$5),AND($S$1=$BK$6,$S10=$BM$5),AND($X$1=$BK$6,$X10=$BM$5),AND($AC$1=$BK$6,$AC10=$BM$5),AND($AH$1=$BK$6,$AH10=$BM$5),AND($AM$1=$BK$6,$AM10=$BM$5),AND($AR$1=$BK$6,$AR10=$BM$5),AND($AW$1=$BK$6,$AW10=$BM$5))) | BQ10: =IF(AND($A10="",$C10=""),"",SUM(AND($D$1=$BI$6,$D10=$BQ$5),AND($I$1=$BI$6,$I10=$BQ$5),AND($N$1=$BI$6,$N10=$BQ$5),AND($S$1=$BI$6,$S10=$BQ$5),AND($X$1=$BI$6,$X10=$BQ$5),AND($AC$1=$BI$6,$AC10=$BQ$5),AND($AH$1=$BI$6,$AH10=$BQ$5),AND($AM$1=$BI$6,$AM10=$BQ$5),AND($AR$1=$BI$6,$AR10=$BQ$5),AND($AW$1=$BI$6,$AW10=$BQ$5))) | BR10: =IF(AND($A10="",$C10=""),"",SUM(AND($D$1=$BJ$6,$D10=$BQ$5),AND($I$1=$BJ$6,$I10=$BQ$5),AND($N$1=$BJ$6,$N10=$BQ$5),AND($S$1=$BJ$6,$S10=$BQ$5),AND($X$1=$BJ$6,$X10=$BQ$5),AND($AC$1=$BJ$6,$AC10=$BQ$5),AND($AH$1=$BJ$6,$AH10=$BQ$5),AND($AM$1=$BJ$6,$AM10=$BQ$5),AND($AR$1=$BJ$6,$AR10=$BQ$5),AND($AW$1=$BJ$6,$AW10=$BQ$5))) | BS10: =IF(AND($A10="",$C10=""),"",SUM(AND($D$1=$BK$6,$D10=$BQ$5),AND($I$1=$BK$6,$I10=$BQ$5),AND($N$1=$BK$6,$N10=$BQ$5),AND($S$1=$BK$6,$S10=$BQ$5),AND($X$1=$BK$6,$X10=$BQ$5),AND($AC$1=$BK$6,$AC10=$BQ$5),AND($AH$1=$BK$6,$AH10=$BQ$5),AND($AM$1=$BK$6,$AM10=$BQ$5),AND($AR$1=$BK$6,$AR10=$BQ$5),AND($AW$1=$BK$6,$AW10=$BQ$5))) | BU10: =IF(AND($A10="",$C10=""),"",SUM(AND($D$1=$BI$6,$D10=$BU$5),AND($I$1=$BI$6,$I10=$BU$5),AND($N$1=$BI$6,$N10=$BU$5),AND($S$1=$BI$6,$S10=$BU$5),AND($X$1=$BI$6,$X10=$BU$5),AND($AC$1=$BI$6,$AC10=$BU$5),AND($AH$1=$BI$6,$AH10=$BU$5),AND($AM$1=$BI$6,$AM10=$BU$5),AND($AR$1=$BI$6,$AR10=$BU$5),AND($AW$1=$BI$6,$AW10=$BU$5))) | BV10: =IF(AND($A10="",$C10=""),"",SUM(AND($D$1=$BJ$6,$D10=$BU$5),AND($I$1=$BJ$6,$I10=$BU$5),AND($N$1=$BJ$6,$N10=$BU$5),AND($S$1=$BJ$6,$S10=$BU$5),AND($X$1=$BJ$6,$X10=$BU$5),AND($AC$1=$BJ$6,$AC10=$BU$5),AND($AH$1=$BJ$6,$AH10=$BU$5),AND($AM$1=$BJ$6,$AM10=$BU$5),AND($AR$1=$BJ$6,$AR10=$BU$5),AND($AW$1=$BJ$6,$AW10=$BU$5))) | BW10: =IF(AND($A10="",$C10=""),"",SUM(AND($D$1=$BK$6,$D10=$BU$5),AND($I$1=$BK$6,$I10=$BU$5),AND($N$1=$BK$6,$N10=$BU$5),AND($S$1=$BK$6,$S10=$BU$5),AND($X$1=$BK$6,$X10=$BU$5),AND($AC$1=$BK$6,$AC10=$BU$5),AND($AH$1=$BK$6,$AH10=$BU$5),AND($AM$1=$BK$6,$AM10=$BU$5),AND($AR$1=$BK$6,$AR10=$BU$5),AND($AW$1=$BK$6,$AW10=$BU$5))) | BY10: =IF(AND($A10="",$C10=""),"",SUM(AND($D$1=$BI$6,$D10=$BY$5),AND($I$1=$BI$6,$I10=$BY$5),AND($N$1=$BI$6,$N10=$BY$5),AND($S$1=$BI$6,$S10=$BY$5),AND($X$1=$BI$6,$X10=$BY$5),AND($AC$1=$BI$6,$AC10=$BY$5),AND($AH$1=$BI$6,$AH10=$BY$5),AND($AM$1=$BI$6,$AM10=$BY$5),AND($AR$1=$BI$6,$AR10=$BY$5),AND($AW$1=$BI$6,$AW10=$BY$5))) | BZ10: =IF(AND($A10="",$C10=""),"",SUM(AND($D$1=$BJ$6,$D10=$BY$5),AND($I$1=$BJ$6,$I10=$BY$5),AND($N$1=$BJ$6,$N10=$BY$5),AND($S$1=$BJ$6,$S10=$BY$5),AND($X$1=$BJ$6,$X10=$BY$5),AND($AC$1=$BJ$6,$AC10=$BY$5),AND($AH$1=$BJ$6,$AH10=$BY$5),AND($AM$1=$BJ$6,$AM10=$BY$5),AND($AR$1=$BJ$6,$AR10=$BY$5),AND($AW$1=$BJ$6,$AW10=$BY$5))) | CA10: =IF(AND($A10="",$C10=""),"",SUM(AND($D$1=$BK$6,$D10=$BY$5),AND($I$1=$BK$6,$I10=$BY$5),AND($N$1=$BK$6,$N10=$BY$5),AND($S$1=$BK$6,$S10=$BY$5),AND($X$1=$BK$6,$X10=$BY$5),AND($AC$1=$BK$6,$AC10=$BY$5),AND($AH$1=$BK$6,$AH10=$BY$5),AND($AM$1=$BK$6,$AM10=$BY$5),AND($AR$1=$BK$6,$AR10=$BY$5),AND($AW$1=$BK$6,$AW10=$BY$5))) | CC10: =IF(AND($A10="",$C10=""),"",SUM(AND($D$1=$BI$6,$D10=$CC$5),AND($I$1=$BI$6,$I10=$CC$5),AND($N$1=$BI$6,$N10=$CC$5),AND($S$1=$BI$6,$S10=$CC$5),AND($X$1=$BI$6,$X10=$CC$5),AND($AC$1=$BI$6,$AC10=$CC$5),AND($AH$1=$BI$6,$AH10=$CC$5),AND($AM$1=$BI$6,$AM10=$CC$5),AND($AR$1=$BI$6,$AR10=$CC$5),AND($AW$1=$BI$6,$AW10=$CC$5))) | CD10: =IF(AND($A10="",$C10=""),"",SUM(AND($D$1=$BJ$6,$D10=$CC$5),AND($I$1=$BJ$6,$I10=$CC$5),AND($N$1=$BJ$6,$N10=$CC$5),AND($S$1=$BJ$6,$S10=$CC$5),AND($X$1=$BJ$6,$X10=$CC$5),AND($AC$1=$BJ$6,$AC10=$CC$5),AND($AH$1=$BJ$6,$AH10=$CC$5),AND($AM$1=$BJ$6,$AM10=$CC$5),AND($AR$1=$BJ$6,$AR10=$CC$5),AND($AW$1=$BJ$6,$AW10=$CC$5))) | CE10: =IF(AND($A10="",$C10=""),"",SUM(AND($D$1=$BK$6,$D10=$CC$5),AND($I$1=$BK$6,$I10=$CC$5),AND($N$1=$BK$6,$N10=$CC$5),AND($S$1=$BK$6,$S10=$CC$5),AND($X$1=$BK$6,$X10=$CC$5),AND($AC$1=$BK$6,$AC10=$CC$5),AND($AH$1=$BK$6,$AH10=$CC$5),AND($AM$1=$BK$6,$AM10=$CC$5),AND($AR$1=$BK$6,$AR10=$CC$5),AND($AW$1=$BK$6,$AW10=$CC$5))) | CF10: =IF(AND($A10="",$C10=""),"",COUNTIF(D10:AW10,"Non Evaluable"))
B11: =IF(C11="","",SUM(B10,1)) | C11: =IF($B$6="","",IF(OFFSET(INDEX(Base_Elèves!$A$1:$BY$1,1,MATCH($B$6,Base_Elèves!$A$1:$BY$1,0)),Base_Elèves!$CA6,0,1,1)="","",OFFSET(INDEX(Base_Elèves!$A$1:$BY$1,1,MATCH($B$6,Base_Elèves!$A$1:$BY$1,0)),Base_Elèves!$CA6,0,1,1))) | E11: =IF(D11="","",IF(OR(D11="Non Acquis",D11="Non Evaluable"),0,MATCH(D11,Points_Validation,0))) | G11: =IF(D11="","",G$3) | H11: =IF(D11="","",E11*G11) | J11: =IF(I11="","",IF(OR(I11="Non Acquis",I11="Non Evaluable"),0,MATCH(I11,Points_Validation,0))) | L11: =IF(I11="","",L$3) | M11: =IF(I11="","",J11*L11) | O11: =IF(N11="","",IF(OR(N11="Non Acquis",N11="Non Evaluable"),0,MATCH(N11,Points_Validation,0))) | Q11: =IF(N11="","",Q$3) | R11: =IF(N11="","",O11*Q11) | T11: =IF(S11="","",IF(OR(S11="Non Acquis",S11="Non Evaluable"),0,MATCH(S11,Points_Validation,0))) | V11: =IF(S11="","",V$3) | W11: =IF(S11="","",T11*V11) | Y11: =IF(X11="","",IF(OR(X11="Non Acquis",X11="Non Evaluable"),0,MATCH(X11,Points_Validation,0))) | AA11: =IF(X11="","",AA$3) | AB11: =IF(X11="","",Y11*AA11) | AD11: =IF(AC11="","",IF(OR(AC11="Non Acquis",AC11="Non Evaluable"),0,MATCH(AC11,Points_Validation,0))) | AF11: =IF(AC11="","",AF$3) | AG11: =IF(AC11="","",AD11*AF11) | AI11: =IF(AH11="","",IF(OR(AH11="Non Acquis",AH11="Non Evaluable"),0,MATCH(AH11,Points_Validation,0))) | AK11: =IF(AH11="","",AK$3) | AL11: =IF(AH11="","",AI11*AK11) | AN11: =IF(AM11="","",IF(OR(AM11="Non Acquis",AM11="Non Evaluable"),0,MATCH(AM11,Points_Validation,0))) | AP11: =IF(AM11="","",AP$3) | AQ11: =IF(AM11="","",AN11*AP11) | AS11: =IF(AR11="","",IF(OR(AR11="Non Acquis",AR11="Non Evaluable"),0,MATCH(AR11,Points_Validation,0))) | AU11: =IF(AR11="","",AU$3) | AV11: =IF(AR11="","",AS11*AU11) | AX11: =IF(AW11="","",IF(OR(AW11="Non Acquis",AW11="Non Evaluable"),0,MATCH(AW11,Points_Validation,0))) | AZ11: =IF(AW11="","",AZ$3) | BA11: =IF(AW11="","",AX11*AZ11) | BC11: =IF(AND(A11="",C11=""),"",COUNTA(AW11,AR11,AM11,AH11,AC11,X11,S11,N11,I11,D11)) | BD11: =IF(AND(A11="",C11=""),"",SUM(BA11,AV11,AQ11,AL11,AG11,AB11,W11,R11,M11,H11)) | BF11: =IF(AND(A11="",C11=""),"",IF(A11="Absent","Absent",IF($BE$7="","",IF(BC11=0,"",IF(ROUND(BD11*$BE$7,1)>20,20,ROUND(BD11*$BE$7,1)))))) | BG11: =IF(OR(BF11="",BF11="Absent"),"",IF(ROUND(BD11*$BE$7,1)>20,ROUND(BD11*$BE$7,1),BF11)) | BH11: =IF(OR(A11="Absent",BF11=""),"",IF($B$5="LV2",INDEX(Base_Classes_Niveaux!$A$102:$M$153,MATCH(BG11,Base_Classes_Niveaux!$A$102:$A$1533),$BB$3),IF(OR($B$6="3A",$B$6="4A",$B$6="5A",$B$6="6A"),INDEX(Base_Classes_Niveaux!$A$162:$M$213,MATCH(BG11,Base_Classes_Niveaux!$A$102:$A$153),$AX$6),IF(OR($B$6<>"3A",$B$6<>"4A",$B$6<>"5A",$B$6<>"6A"),INDEX(Base_Classes_Niveaux!$A$39:$M$90,MATCH(BG11,Base_Classes_Niveaux!$A$39:$A$90),$AX$6))))) | BI11: =IF(AND($A11="",$C11=""),"",SUM(AND($D$1=$BI$6,$D11=$BI$5),AND($I$1=$BI$6,$I11=$BI$5),AND($N$1=$BI$6,$N11=$BI$5),AND($S$1=$BI$6,$S11=$BI$5),AND($X$1=$BI$6,$X11=$BI$5),AND($AC$1=$BI$6,$AC11=$BI$5),AND($AH$1=$BI$6,$AH11=$BI$5),AND($AM$1=$BI$6,$AM11=$BI$5),AND($AR$1=$BI$6,$AR11=$BI$5),AND($AW$1=$BI$6,$AW11=$BI$5))) | BJ11: =IF(AND($A11="",$C11=""),"",SUM(AND($D$1=$BJ$6,$D11=$BI$5),AND($I$1=$BJ$6,$I11=$BI$5),AND($N$1=$BJ$6,$N11=$BI$5),AND($S$1=$BJ$6,$S11=$BI$5),AND($X$1=$BJ$6,$X11=$BI$5),AND($AC$1=$BJ$6,$AC11=$BI$5),AND($AH$1=$BJ$6,$AH11=$BI$5),AND($AM$1=$BJ$6,$AM11=$BI$5),AND($AR$1=$BJ$6,$AR11=$BI$5),AND($AW$1=$BJ$6,$AW11=$BI$5))) | BK11: =IF(AND($A11="",$C11=""),"",SUM(AND($D$1=$BK$6,$D11=$BI$5),AND($I$1=$BK$6,$I11=$BI$5),AND($N$1=$BK$6,$N11=$BI$5),AND($S$1=$BK$6,$S11=$BI$5),AND($X$1=$BK$6,$X11=$BI$5),AND($AC$1=$BK$6,$AC11=$BI$5),AND($AH$1=$BK$6,$AH11=$BI$5),AND($AM$1=$BK$6,$AM11=$BI$5),AND($AR$1=$BK$6,$AR11=$BI$5),AND($AW$1=$BK$6,$AW11=$BI$5))) | BM11: =IF(AND($A11="",$C11=""),"",SUM(AND($D$1=$BI$6,$D11=$BM$5),AND($I$1=$BI$6,$I11=$BM$5),AND($N$1=$BI$6,$N11=$BM$5),AND($S$1=$BI$6,$S11=$BM$5),AND($X$1=$BI$6,$X11=$BM$5),AND($AC$1=$BI$6,$AC11=$BM$5),AND($AH$1=$BI$6,$AH11=$BM$5),AND($AM$1=$BI$6,$AM11=$BM$5),AND($AR$1=$BI$6,$AR11=$BM$5),AND($AW$1=$BI$6,$AW11=$BM$5))) | BN11: =IF(AND($A11="",$C11=""),"",SUM(AND($D$1=$BJ$6,$D11=$BM$5),AND($I$1=$BJ$6,$I11=$BM$5),AND($N$1=$BJ$6,$N11=$BM$5),AND($S$1=$BJ$6,$S11=$BM$5),AND($X$1=$BJ$6,$X11=$BM$5),AND($AC$1=$BJ$6,$AC11=$BM$5),AND($AH$1=$BJ$6,$AH11=$BM$5),AND($AM$1=$BJ$6,$AM11=$BM$5),AND($AR$1=$BJ$6,$AR11=$BM$5),AND($AW$1=$BJ$6,$AW11=$BM$5))) | BO11: =IF(AND($A11="",$C11=""),"",SUM(AND($D$1=$BK$6,$D11=$BM$5),AND($I$1=$BK$6,$I11=$BM$5),AND($N$1=$BK$6,$N11=$BM$5),AND($S$1=$BK$6,$S11=$BM$5),AND($X$1=$BK$6,$X11=$BM$5),AND($AC$1=$BK$6,$AC11=$BM$5),AND($AH$1=$BK$6,$AH11=$BM$5),AND($AM$1=$BK$6,$AM11=$BM$5),AND($AR$1=$BK$6,$AR11=$BM$5),AND($AW$1=$BK$6,$AW11=$BM$5))) | BQ11: =IF(AND($A11="",$C11=""),"",SUM(AND($D$1=$BI$6,$D11=$BQ$5),AND($I$1=$BI$6,$I11=$BQ$5),AND($N$1=$BI$6,$N11=$BQ$5),AND($S$1=$BI$6,$S11=$BQ$5),AND($X$1=$BI$6,$X11=$BQ$5),AND($AC$1=$BI$6,$AC11=$BQ$5),AND($AH$1=$BI$6,$AH11=$BQ$5),AND($AM$1=$BI$6,$AM11=$BQ$5),AND($AR$1=$BI$6,$AR11=$BQ$5),AND($AW$1=$BI$6,$AW11=$BQ$5))) | BR11: =IF(AND($A11="",$C11=""),"",SUM(AND($D$1=$BJ$6,$D11=$BQ$5),AND($I$1=$BJ$6,$I11=$BQ$5),AND($N$1=$BJ$6,$N11=$BQ$5),AND($S$1=$BJ$6,$S11=$BQ$5),AND($X$1=$BJ$6,$X11=$BQ$5),AND($AC$1=$BJ$6,$AC11=$BQ$5),AND($AH$1=$BJ$6,$AH11=$BQ$5),AND($AM$1=$BJ$6,$AM11=$BQ$5),AND($AR$1=$BJ$6,$AR11=$BQ$5),AND($AW$1=$BJ$6,$AW11=$BQ$5))) | BS11: =IF(AND($A11="",$C11=""),"",SUM(AND($D$1=$BK$6,$D11=$BQ$5),AND($I$1=$BK$6,$I11=$BQ$5),AND($N$1=$BK$6,$N11=$BQ$5),AND($S$1=$BK$6,$S11=$BQ$5),AND($X$1=$BK$6,$X11=$BQ$5),AND($AC$1=$BK$6,$AC11=$BQ$5),AND($AH$1=$BK$6,$AH11=$BQ$5),AND($AM$1=$BK$6,$AM11=$BQ$5),AND($AR$1=$BK$6,$AR11=$BQ$5),AND($AW$1=$BK$6,$AW11=$BQ$5))) | BU11: =IF(AND($A11="",$C11=""),"",SUM(AND($D$1=$BI$6,$D11=$BU$5),AND($I$1=$BI$6,$I11=$BU$5),AND($N$1=$BI$6,$N11=$BU$5),AND($S$1=$BI$6,$S11=$BU$5),AND($X$1=$BI$6,$X11=$BU$5),AND($AC$1=$BI$6,$AC11=$BU$5),AND($AH$1=$BI$6,$AH11=$BU$5),AND($AM$1=$BI$6,$AM11=$BU$5),AND($AR$1=$BI$6,$AR11=$BU$5),AND($AW$1=$BI$6,$AW11=$BU$5))) | BV11: =IF(AND($A11="",$C11=""),"",SUM(AND($D$1=$BJ$6,$D11=$BU$5),AND($I$1=$BJ$6,$I11=$BU$5),AND($N$1=$BJ$6,$N11=$BU$5),AND($S$1=$BJ$6,$S11=$BU$5),AND($X$1=$BJ$6,$X11=$BU$5),AND($AC$1=$BJ$6,$AC11=$BU$5),AND($AH$1=$BJ$6,$AH11=$BU$5),AND($AM$1=$BJ$6,$AM11=$BU$5),AND($AR$1=$BJ$6,$AR11=$BU$5),AND($AW$1=$BJ$6,$AW11=$BU$5))) | BW11: =IF(AND($A11="",$C11=""),"",SUM(AND($D$1=$BK$6,$D11=$BU$5),AND($I$1=$BK$6,$I11=$BU$5),AND($N$1=$BK$6,$N11=$BU$5),AND($S$1=$BK$6,$S11=$BU$5),AND($X$1=$BK$6,$X11=$BU$5),AND($AC$1=$BK$6,$AC11=$BU$5),AND($AH$1=$BK$6,$AH11=$BU$5),AND($AM$1=$BK$6,$AM11=$BU$5),AND($AR$1=$BK$6,$AR11=$BU$5),AND($AW$1=$BK$6,$AW11=$BU$5))) | BY11: =IF(AND($A11="",$C11=""),"",SUM(AND($D$1=$BI$6,$D11=$BY$5),AND($I$1=$BI$6,$I11=$BY$5),AND($N$1=$BI$6,$N11=$BY$5),AND($S$1=$BI$6,$S11=$BY$5),AND($X$1=$BI$6,$X11=$BY$5),AND($AC$1=$BI$6,$AC11=$BY$5),AND($AH$1=$BI$6,$AH11=$BY$5),AND($AM$1=$BI$6,$AM11=$BY$5),AND($AR$1=$BI$6,$AR11=$BY$5),AND($AW$1=$BI$6,$AW11=$BY$5))) | BZ11: =IF(AND($A11="",$C11=""),"",SUM(AND($D$1=$BJ$6,$D11=$BY$5),AND($I$1=$BJ$6,$I11=$BY$5),AND($N$1=$BJ$6,$N11=$BY$5),AND($S$1=$BJ$6,$S11=$BY$5),AND($X$1=$BJ$6,$X11=$BY$5),AND($AC$1=$BJ$6,$AC11=$BY$5),AND($AH$1=$BJ$6,$AH11=$BY$5),AND($AM$1=$BJ$6,$AM11=$BY$5),AND($AR$1=$BJ$6,$AR11=$BY$5),AND($AW$1=$BJ$6,$AW11=$BY$5))) | CA11: =IF(AND($A11="",$C11=""),"",SUM(AND($D$1=$BK$6,$D11=$BY$5),AND($I$1=$BK$6,$I11=$BY$5),AND($N$1=$BK$6,$N11=$BY$5),AND($S$1=$BK$6,$S11=$BY$5),AND($X$1=$BK$6,$X11=$BY$5),AND($AC$1=$BK$6,$AC11=$BY$5),AND($AH$1=$BK$6,$AH11=$BY$5),AND($AM$1=$BK$6,$AM11=$BY$5),AND($AR$1=$BK$6,$AR11=$BY$5),AND($AW$1=$BK$6,$AW11=$BY$5))) | CC11: =IF(AND($A11="",$C11=""),"",SUM(AND($D$1=$BI$6,$D11=$CC$5),AND($I$1=$BI$6,$I11=$CC$5),AND($N$1=$BI$6,$N11=$CC$5),AND($S$1=$BI$6,$S11=$CC$5),AND($X$1=$BI$6,$X11=$CC$5),AND($AC$1=$BI$6,$AC11=$CC$5),AND($AH$1=$BI$6,$AH11=$CC$5),AND($AM$1=$BI$6,$AM11=$CC$5),AND($AR$1=$BI$6,$AR11=$CC$5),AND($AW$1=$BI$6,$AW11=$CC$5))) | CD11: =IF(AND($A11="",$C11=""),"",SUM(AND($D$1=$BJ$6,$D11=$CC$5),AND($I$1=$BJ$6,$I11=$CC$5),AND($N$1=$BJ$6,$N11=$CC$5),AND($S$1=$BJ$6,$S11=$CC$5),AND($X$1=$BJ$6,$X11=$CC$5),AND($AC$1=$BJ$6,$AC11=$CC$5),AND($AH$1=$BJ$6,$AH11=$CC$5),AND($AM$1=$BJ$6,$AM11=$CC$5),AND($AR$1=$BJ$6,$AR11=$CC$5),AND($AW$1=$BJ$6,$AW11=$CC$5))) | CE11: =IF(AND($A11="",$C11=""),"",SUM(AND($D$1=$BK$6,$D11=$CC$5),AND($I$1=$BK$6,$I11=$CC$5),AND($N$1=$BK$6,$N11=$CC$5),AND($S$1=$BK$6,$S11=$CC$5),AND($X$1=$BK$6,$X11=$CC$5),AND($AC$1=$BK$6,$AC11=$CC$5),AND($AH$1=$BK$6,$AH11=$CC$5),AND($AM$1=$BK$6,$AM11=$CC$5),AND($AR$1=$BK$6,$AR11=$CC$5),AND($AW$1=$BK$6,$AW11=$CC$5))) | CF11: =IF(AND($A11="",$C11=""),"",COUNTIF(D11:AW11,"Non Evaluable"))
B12: =IF(C12="","",SUM(B11,1)) | C12: =IF($B$6="","",IF(OFFSET(INDEX(Base_Elèves!$A$1:$BY$1,1,MATCH($B$6,Base_Elèves!$A$1:$BY$1,0)),Base_Elèves!$CA7,0,1,1)="","",OFFSET(INDEX(Base_Elèves!$A$1:$BY$1,1,MATCH($B$6,Base_Elèves!$A$1:$BY$1,0)),Base_Elèves!$CA7,0,1,1))) | E12: =IF(D12="","",IF(OR(D12="Non Acquis",D12="Non Evaluable"),0,MATCH(D12,Points_Validation,0))) | G12: =IF(D12="","",G$3) | H12: =IF(D12="","",E12*G12) | J12: =IF(I12="","",IF(OR(I12="Non Acquis",I12="Non Evaluable"),0,MATCH(I12,Points_Validation,0))) | L12: =IF(I12="","",L$3) | M12: =IF(I12="","",J12*L12) | O12: =IF(N12="","",IF(OR(N12="Non Acquis",N12="Non Evaluable"),0,MATCH(N12,Points_Validation,0))) | Q12: =IF(N12="","",Q$3) | R12: =IF(N12="","",O12*Q12) | T12: =IF(S12="","",IF(OR(S12="Non Acquis",S12="Non Evaluable"),0,MATCH(S12,Points_Validation,0))) | V12: =IF(S12="","",V$3) | W12: =IF(S12="","",T12*V12) | Y12: =IF(X12="","",IF(OR(X12="Non Acquis",X12="Non Evaluable"),0,MATCH(X12,Points_Validation,0))) | AA12: =IF(X12="","",AA$3) | AB12: =IF(X12="","",Y12*AA12) | AD12: =IF(AC12="","",IF(OR(AC12="Non Acquis",AC12="Non Evaluable"),0,MATCH(AC12,Points_Validation,0))) | AF12: =IF(AC12="","",AF$3) | AG12: =IF(AC12="","",AD12*AF12) | AI12: =IF(AH12="","",IF(OR(AH12="Non Acquis",AH12="Non Evaluable"),0,MATCH(AH12,Points_Validation,0))) | AK12: =IF(AH12="","",AK$3) | AL12: =IF(AH12="","",AI12*AK12) | AN12: =IF(AM12="","",IF(OR(AM12="Non Acquis",AM12="Non Evaluable"),0,MATCH(AM12,Points_Validation,0))) | AP12: =IF(AM12="","",AP$3) | AQ12: =IF(AM12="","",AN12*AP12) | AS12: =IF(AR12="","",IF(OR(AR12="Non Acquis",AR12="Non Evaluable"),0,MATCH(AR12,Points_Validation,0))) | AU12: =IF(AR12="","",AU$3) | AV12: =IF(AR12="","",AS12*AU12) | AX12: =IF(AW12="","",IF(OR(AW12="Non Acquis",AW12="Non Evaluable"),0,MATCH(AW12,Points_Validation,0))) | AZ12: =IF(AW12="","",AZ$3) | BA12: =IF(AW12="","",AX12*AZ12) | BC12: =IF(AND(A12="",C12=""),"",COUNTA(AW12,AR12,AM12,AH12,AC12,X12,S12,N12,I12,D12)) | BD12: =IF(AND(A12="",C12=""),"",SUM(BA12,AV12,AQ12,AL12,AG12,AB12,W12,R12,M12,H12)) | BF12: =IF(AND(A12="",C12=""),"",IF(A12="Absent","Absent",IF($BE$7="","",IF(BC12=0,"",IF(ROUND(BD12*$BE$7,1)>20,20,ROUND(BD12*$BE$7,1)))))) | BG12: =IF(OR(BF12="",BF12="Absent"),"",IF(ROUND(BD12*$BE$7,1)>20,ROUND(BD12*$BE$7,1),BF12)) | BH12: =IF(OR(A12="Absent",BF12=""),"",IF($B$5="LV2",INDEX(Base_Classes_Niveaux!$A$102:$M$153,MATCH(BG12,Base_Classes_Niveaux!$A$102:$A$1533),$BB$3),IF(OR($B$6="3A",$B$6="4A",$B$6="5A",$B$6="6A"),INDEX(Base_Classes_Niveaux!$A$162:$M$213,MATCH(BG12,Base_Classes_Niveaux!$A$102:$A$153),$AX$6),IF(OR($B$6<>"3A",$B$6<>"4A",$B$6<>"5A",$B$6<>"6A"),INDEX(Base_Classes_Niveaux!$A$39:$M$90,MATCH(BG12,Base_Classes_Niveaux!$A$39:$A$90),$AX$6))))) | BI12: =IF(AND($A12="",$C12=""),"",SUM(AND($D$1=$BI$6,$D12=$BI$5),AND($I$1=$BI$6,$I12=$BI$5),AND($N$1=$BI$6,$N12=$BI$5),AND($S$1=$BI$6,$S12=$BI$5),AND($X$1=$BI$6,$X12=$BI$5),AND($AC$1=$BI$6,$AC12=$BI$5),AND($AH$1=$BI$6,$AH12=$BI$5),AND($AM$1=$BI$6,$AM12=$BI$5),AND($AR$1=$BI$6,$AR12=$BI$5),AND($AW$1=$BI$6,$AW12=$BI$5))) | BJ12: =IF(AND($A12="",$C12=""),"",SUM(AND($D$1=$BJ$6,$D12=$BI$5),AND($I$1=$BJ$6,$I12=$BI$5),AND($N$1=$BJ$6,$N12=$BI$5),AND($S$1=$BJ$6,$S12=$BI$5),AND($X$1=$BJ$6,$X12=$BI$5),AND($AC$1=$BJ$6,$AC12=$BI$5),AND($AH$1=$BJ$6,$AH12=$BI$5),AND($AM$1=$BJ$6,$AM12=$BI$5),AND($AR$1=$BJ$6,$AR12=$BI$5),AND($AW$1=$BJ$6,$AW12=$BI$5))) | BK12: =IF(AND($A12="",$C12=""),"",SUM(AND($D$1=$BK$6,$D12=$BI$5),AND($I$1=$BK$6,$I12=$BI$5),AND($N$1=$BK$6,$N12=$BI$5),AND($S$1=$BK$6,$S12=$BI$5),AND($X$1=$BK$6,$X12=$BI$5),AND($AC$1=$BK$6,$AC12=$BI$5),AND($AH$1=$BK$6,$AH12=$BI$5),AND($AM$1=$BK$6,$AM12=$BI$5),AND($AR$1=$BK$6,$AR12=$BI$5),AND($AW$1=$BK$6,$AW12=$BI$5))) | BM12: =IF(AND($A12="",$C12=""),"",SUM(AND($D$1=$BI$6,$D12=$BM$5),AND($I$1=$BI$6,$I12=$BM$5),AND($N$1=$BI$6,$N12=$BM$5),AND($S$1=$BI$6,$S12=$BM$5),AND($X$1=$BI$6,$X12=$BM$5),AND($AC$1=$BI$6,$AC12=$BM$5),AND($AH$1=$BI$6,$AH12=$BM$5),AND($AM$1=$BI$6,$AM12=$BM$5),AND($AR$1=$BI$6,$AR12=$BM$5),AND($AW$1=$BI$6,$AW12=$BM$5))) | BN12: =IF(AND($A12="",$C12=""),"",SUM(AND($D$1=$BJ$6,$D12=$BM$5),AND($I$1=$BJ$6,$I12=$BM$5),AND($N$1=$BJ$6,$N12=$BM$5),AND($S$1=$BJ$6,$S12=$BM$5),AND($X$1=$BJ$6,$X12=$BM$5),AND($AC$1=$BJ$6,$AC12=$BM$5),AND($AH$1=$BJ$6,$AH12=$BM$5),AND($AM$1=$BJ$6,$AM12=$BM$5),AND($AR$1=$BJ$6,$AR12=$BM$5),AND($AW$1=$BJ$6,$AW12=$BM$5))) | BO12: =IF(AND($A12="",$C12=""),"",SUM(AND($D$1=$BK$6,$D12=$BM$5),AND($I$1=$BK$6,$I12=$BM$5),AND($N$1=$BK$6,$N12=$BM$5),AND($S$1=$BK$6,$S12=$BM$5),AND($X$1=$BK$6,$X12=$BM$5),AND($AC$1=$BK$6,$AC12=$BM$5),AND($AH$1=$BK$6,$AH12=$BM$5),AND($AM$1=$BK$6,$AM12=$BM$5),AND($AR$1=$BK$6,$AR12=$BM$5),AND($AW$1=$BK$6,$AW12=$BM$5))) | BQ12: =IF(AND($A12="",$C12=""),"",SUM(AND($D$1=$BI$6,$D12=$BQ$5),AND($I$1=$BI$6,$I12=$BQ$5),AND($N$1=$BI$6,$N12=$BQ$5),AND($S$1=$BI$6,$S12=$BQ$5),AND($X$1=$BI$6,$X12=$BQ$5),AND($AC$1=$BI$6,$AC12=$BQ$5),AND($AH$1=$BI$6,$AH12=$BQ$5),AND($AM$1=$BI$6,$AM12=$BQ$5),AND($AR$1=$BI$6,$AR12=$BQ$5),AND($AW$1=$BI$6,$AW12=$BQ$5))) | BR12: =IF(AND($A12="",$C12=""),"",SUM(AND($D$1=$BJ$6,$D12=$BQ$5),AND($I$1=$BJ$6,$I12=$BQ$5),AND($N$1=$BJ$6,$N12=$BQ$5),AND($S$1=$BJ$6,$S12=$BQ$5),AND($X$1=$BJ$6,$X12=$BQ$5),AND($AC$1=$BJ$6,$AC12=$BQ$5),AND($AH$1=$BJ$6,$AH12=$BQ$5),AND($AM$1=$BJ$6,$AM12=$BQ$5),AND($AR$1=$BJ$6,$AR12=$BQ$5),AND($AW$1=$BJ$6,$AW12=$BQ$5))) | BS12: =IF(AND($A12="",$C12=""),"",SUM(AND($D$1=$BK$6,$D12=$BQ$5),AND($I$1=$BK$6,$I12=$BQ$5),AND($N$1=$BK$6,$N12=$BQ$5),AND($S$1=$BK$6,$S12=$BQ$5),AND($X$1=$BK$6,$X12=$BQ$5),AND($AC$1=$BK$6,$AC12=$BQ$5),AND($AH$1=$BK$6,$AH12=$BQ$5),AND($AM$1=$BK$6,$AM12=$BQ$5),AND($AR$1=$BK$6,$AR12=$BQ$5),AND($AW$1=$BK$6,$AW12=$BQ$5))) | BU12: =IF(AND($A12="",$C12=""),"",SUM(AND($D$1=$BI$6,$D12=$BU$5),AND($I$1=$BI$6,$I12=$BU$5),AND($N$1=$BI$6,$N12=$BU$5),AND($S$1=$BI$6,$S12=$BU$5),AND($X$1=$BI$6,$X12=$BU$5),AND($AC$1=$BI$6,$AC12=$BU$5),AND($AH$1=$BI$6,$AH12=$BU$5),AND($AM$1=$BI$6,$AM12=$BU$5),AND($AR$1=$BI$6,$AR12=$BU$5),AND($AW$1=$BI$6,$AW12=$BU$5))) | BV12: =IF(AND($A12="",$C12=""),"",SUM(AND($D$1=$BJ$6,$D12=$BU$5),AND($I$1=$BJ$6,$I12=$BU$5),AND($N$1=$BJ$6,$N12=$BU$5),AND($S$1=$BJ$6,$S12=$BU$5),AND($X$1=$BJ$6,$X12=$BU$5),AND($AC$1=$BJ$6,$AC12=$BU$5),AND($AH$1=$BJ$6,$AH12=$BU$5),AND($AM$1=$BJ$6,$AM12=$BU$5),AND($AR$1=$BJ$6,$AR12=$BU$5),AND($AW$1=$BJ$6,$AW12=$BU$5))) | BW12: =IF(AND($A12="",$C12=""),"",SUM(AND($D$1=$BK$6,$D12=$BU$5),AND($I$1=$BK$6,$I12=$BU$5),AND($N$1=$BK$6,$N12=$BU$5),AND($S$1=$BK$6,$S12=$BU$5),AND($X$1=$BK$6,$X12=$BU$5),AND($AC$1=$BK$6,$AC12=$BU$5),AND($AH$1=$BK$6,$AH12=$BU$5),AND($AM$1=$BK$6,$AM12=$BU$5),AND($AR$1=$BK$6,$AR12=$BU$5),AND($AW$1=$BK$6,$AW12=$BU$5))) | BY12: =IF(AND($A12="",$C12=""),"",SUM(AND($D$1=$BI$6,$D12=$BY$5),AND($I$1=$BI$6,$I12=$BY$5),AND($N$1=$BI$6,$N12=$BY$5),AND($S$1=$BI$6,$S12=$BY$5),AND($X$1=$BI$6,$X12=$BY$5),AND($AC$1=$BI$6,$AC12=$BY$5),AND($AH$1=$BI$6,$AH12=$BY$5),AND($AM$1=$BI$6,$AM12=$BY$5),AND($AR$1=$BI$6,$AR12=$BY$5),AND($AW$1=$BI$6,$AW12=$BY$5))) | BZ12: =IF(AND($A12="",$C12=""),"",SUM(AND($D$1=$BJ$6,$D12=$BY$5),AND($I$1=$BJ$6,$I12=$BY$5),AND($N$1=$BJ$6,$N12=$BY$5),AND($S$1=$BJ$6,$S12=$BY$5),AND($X$1=$BJ$6,$X12=$BY$5),AND($AC$1=$BJ$6,$AC12=$BY$5),AND($AH$1=$BJ$6,$AH12=$BY$5),AND($AM$1=$BJ$6,$AM12=$BY$5),AND($AR$1=$BJ$6,$AR12=$BY$5),AND($AW$1=$BJ$6,$AW12=$BY$5))) | CA12: =IF(AND($A12="",$C12=""),"",SUM(AND($D$1=$BK$6,$D12=$BY$5),AND($I$1=$BK$6,$I12=$BY$5),AND($N$1=$BK$6,$N12=$BY$5),AND($S$1=$BK$6,$S12=$BY$5),AND($X$1=$BK$6,$X12=$BY$5),AND($AC$1=$BK$6,$AC12=$BY$5),AND($AH$1=$BK$6,$AH12=$BY$5),AND($AM$1=$BK$6,$AM12=$BY$5),AND($AR$1=$BK$6,$AR12=$BY$5),AND($AW$1=$BK$6,$AW12=$BY$5))) | CC12: =IF(AND($A12="",$C12=""),"",SUM(AND($D$1=$BI$6,$D12=$CC$5),AND($I$1=$BI$6,$I12=$CC$5),AND($N$1=$BI$6,$N12=$CC$5),AND($S$1=$BI$6,$S12=$CC$5),AND($X$1=$BI$6,$X12=$CC$5),AND($AC$1=$BI$6,$AC12=$CC$5),AND($AH$1=$BI$6,$AH12=$CC$5),AND($AM$1=$BI$6,$AM12=$CC$5),AND($AR$1=$BI$6,$AR12=$CC$5),AND($AW$1=$BI$6,$AW12=$CC$5))) | CD12: =IF(AND($A12="",$C12=""),"",SUM(AND($D$1=$BJ$6,$D12=$CC$5),AND($I$1=$BJ$6,$I12=$CC$5),AND($N$1=$BJ$6,$N12=$CC$5),AND($S$1=$BJ$6,$S12=$CC$5),AND($X$1=$BJ$6,$X12=$CC$5),AND($AC$1=$BJ$6,$AC12=$CC$5),AND($AH$1=$BJ$6,$AH12=$CC$5),AND($AM$1=$BJ$6,$AM12=$CC$5),AND($AR$1=$BJ$6,$AR12=$CC$5),AND($AW$1=$BJ$6,$AW12=$CC$5))) | CE12: =IF(AND($A12="",$C12=""),"",SUM(AND($D$1=$BK$6,$D12=$CC$5),AND($I$1=$BK$6,$I12=$CC$5),AND($N$1=$BK$6,$N12=$CC$5),AND($S$1=$BK$6,$S12=$CC$5),AND($X$1=$BK$6,$X12=$CC$5),AND($AC$1=$BK$6,$AC12=$CC$5),AND($AH$1=$BK$6,$AH12=$CC$5),AND($AM$1=$BK$6,$AM12=$CC$5),AND($AR$1=$BK$6,$AR12=$CC$5),AND($AW$1=$BK$6,$AW12=$CC$5))) | CF12: =IF(AND($A12="",$C12=""),"",COUNTIF(D12:AW12,"Non Evaluable"))
B13: =IF(C13="","",SUM(B12,1)) | C13: =IF($B$6="","",IF(OFFSET(INDEX(Base_Elèves!$A$1:$BY$1,1,MATCH($B$6,Base_Elèves!$A$1:$BY$1,0)),Base_Elèves!$CA8,0,1,1)="","",OFFSET(INDEX(Base_Elèves!$A$1:$BY$1,1,MATCH($B$6,Base_Elèves!$A$1:$BY$1,0)),Base_Elèves!$CA8,0,1,1))) | E13: =IF(D13="","",IF(OR(D13="Non Acquis",D13="Non Evaluable"),0,MATCH(D13,Points_Validation,0))) | G13: =IF(D13="","",G$3) | H13: =IF(D13="","",E13*G13) | J13: =IF(I13="","",IF(OR(I13="Non Acquis",I13="Non Evaluable"),0,MATCH(I13,Points_Validation,0))) | L13: =IF(I13="","",L$3) | M13: =IF(I13="","",J13*L13) | O13: =IF(N13="","",IF(OR(N13="Non Acquis",N13="Non Evaluable"),0,MATCH(N13,Points_Validation,0))) | Q13: =IF(N13="","",Q$3) | R13: =IF(N13="","",O13*Q13) | T13: =IF(S13="","",IF(OR(S13="Non Acquis",S13="Non Evaluable"),0,MATCH(S13,Points_Validation,0))) | V13: =IF(S13="","",V$3) | W13: =IF(S13="","",T13*V13) | Y13: =IF(X13="","",IF(OR(X13="Non Acquis",X13="Non Evaluable"),0,MATCH(X13,Points_Validation,0))) | AA13: =IF(X13="","",AA$3) | AB13: =IF(X13="","",Y13*AA13) | AD13: =IF(AC13="","",IF(OR(AC13="Non Acquis",AC13="Non Evaluable"),0,MATCH(AC13,Points_Validation,0))) | AF13: =IF(AC13="","",AF$3) | AG13: =IF(AC13="","",AD13*AF13) | AI13: =IF(AH13="","",IF(OR(AH13="Non Acquis",AH13="Non Evaluable"),0,MATCH(AH13,Points_Validation,0))) | AK13: =IF(AH13="","",AK$3) | AL13: =IF(AH13="","",AI13*AK13) | AN13: =IF(AM13="","",IF(OR(AM13="Non Acquis",AM13="Non Evaluable"),0,MATCH(AM13,Points_Validation,0))) | AP13: =IF(AM13="","",AP$3) | AQ13: =IF(AM13="","",AN13*AP13) | AS13: =IF(AR13="","",IF(OR(AR13="Non Acquis",AR13="Non Evaluable"),0,MATCH(AR13,Points_Validation,0))) | AU13: =IF(AR13="","",AU$3) | AV13: =IF(AR13="","",AS13*AU13) | AX13: =IF(AW13="","",IF(OR(AW13="Non Acquis",AW13="Non Evaluable"),0,MATCH(AW13,Points_Validation,0))) | AZ13: =IF(AW13="","",AZ$3) | BA13: =IF(AW13="","",AX13*AZ13) | BC13: =IF(AND(A13="",C13=""),"",COUNTA(AW13,AR13,AM13,AH13,AC13,X13,S13,N13,I13,D13)) | BD13: =IF(AND(A13="",C13=""),"",SUM(BA13,AV13,AQ13,AL13,AG13,AB13,W13,R13,M13,H13)) | BF13: =IF(AND(A13="",C13=""),"",IF(A13="Absent","Absent",IF($BE$7="","",IF(BC13=0,"",IF(ROUND(BD13*$BE$7,1)>20,20,ROUND(BD13*$BE$7,1)))))) | BG13: =IF(OR(BF13="",BF13="Absent"),"",IF(ROUND(BD13*$BE$7,1)>20,ROUND(BD13*$BE$7,1),BF13)) | BH13: =IF(OR(A13="Absent",BF13=""),"",IF($B$5="LV2",INDEX(Base_Classes_Niveaux!$A$102:$M$153,MATCH(BG13,Base_Classes_Niveaux!$A$102:$A$1533),$BB$3),IF(OR($B$6="3A",$B$6="4A",$B$6="5A",$B$6="6A"),INDEX(Base_Classes_Niveaux!$A$162:$M$213,MATCH(BG13,Base_Classes_Niveaux!$A$102:$A$153),$AX$6),IF(OR($B$6<>"3A",$B$6<>"4A",$B$6<>"5A",$B$6<>"6A"),INDEX(Base_Classes_Niveaux!$A$39:$M$90,MATCH(BG13,Base_Classes_Niveaux!$A$39:$A$90),$AX$6))))) | BI13: =IF(AND($A13="",$C13=""),"",SUM(AND($D$1=$BI$6,$D13=$BI$5),AND($I$1=$BI$6,$I13=$BI$5),AND($N$1=$BI$6,$N13=$BI$5),AND($S$1=$BI$6,$S13=$BI$5),AND($X$1=$BI$6,$X13=$BI$5),AND($AC$1=$BI$6,$AC13=$BI$5),AND($AH$1=$BI$6,$AH13=$BI$5),AND($AM$1=$BI$6,$AM13=$BI$5),AND($AR$1=$BI$6,$AR13=$BI$5),AND($AW$1=$BI$6,$AW13=$BI$5))) | BJ13: =IF(AND($A13="",$C13=""),"",SUM(AND($D$1=$BJ$6,$D13=$BI$5),AND($I$1=$BJ$6,$I13=$BI$5),AND($N$1=$BJ$6,$N13=$BI$5),AND($S$1=$BJ$6,$S13=$BI$5),AND($X$1=$BJ$6,$X13=$BI$5),AND($AC$1=$BJ$6,$AC13=$BI$5),AND($AH$1=$BJ$6,$AH13=$BI$5),AND($AM$1=$BJ$6,$AM13=$BI$5),AND($AR$1=$BJ$6,$AR13=$BI$5),AND($AW$1=$BJ$6,$AW13=$BI$5))) | BK13: =IF(AND($A13="",$C13=""),"",SUM(AND($D$1=$BK$6,$D13=$BI$5),AND($I$1=$BK$6,$I13=$BI$5),AND($N$1=$BK$6,$N13=$BI$5),AND($S$1=$BK$6,$S13=$BI$5),AND($X$1=$BK$6,$X13=$BI$5),AND($AC$1=$BK$6,$AC13=$BI$5),AND($AH$1=$BK$6,$AH13=$BI$5),AND($AM$1=$BK$6,$AM13=$BI$5),AND($AR$1=$BK$6,$AR13=$BI$5),AND($AW$1=$BK$6,$AW13=$BI$5))) | BM13: =IF(AND($A13="",$C13=""),"",SUM(AND($D$1=$BI$6,$D13=$BM$5),AND($I$1=$BI$6,$I13=$BM$5),AND($N$1=$BI$6,$N13=$BM$5),AND($S$1=$BI$6,$S13=$BM$5),AND($X$1=$BI$6,$X13=$BM$5),AND($AC$1=$BI$6,$AC13=$BM$5),AND($AH$1=$BI$6,$AH13=$BM$5),AND($AM$1=$BI$6,$AM13=$BM$5),AND($AR$1=$BI$6,$AR13=$BM$5),AND($AW$1=$BI$6,$AW13=$BM$5))) | BN13: =IF(AND($A13="",$C13=""),"",SUM(AND($D$1=$BJ$6,$D13=$BM$5),AND($I$1=$BJ$6,$I13=$BM$5),AND($N$1=$BJ$6,$N13=$BM$5),AND($S$1=$BJ$6,$S13=$BM$5),AND($X$1=$BJ$6,$X13=$BM$5),AND($AC$1=$BJ$6,$AC13=$BM$5),AND($AH$1=$BJ$6,$AH13=$BM$5),AND($AM$1=$BJ$6,$AM13=$BM$5),AND($AR$1=$BJ$6,$AR13=$BM$5),AND($AW$1=$BJ$6,$AW13=$BM$5))) | BO13: =IF(AND($A13="",$C13=""),"",SUM(AND($D$1=$BK$6,$D13=$BM$5),AND($I$1=$BK$6,$I13=$BM$5),AND($N$1=$BK$6,$N13=$BM$5),AND($S$1=$BK$6,$S13=$BM$5),AND($X$1=$BK$6,$X13=$BM$5),AND($AC$1=$BK$6,$AC13=$BM$5),AND($AH$1=$BK$6,$AH13=$BM$5),AND($AM$1=$BK$6,$AM13=$BM$5),AND($AR$1=$BK$6,$AR13=$BM$5),AND($AW$1=$BK$6,$AW13=$BM$5))) | BQ13: =IF(AND($A13="",$C13=""),"",SUM(AND($D$1=$BI$6,$D13=$BQ$5),AND($I$1=$BI$6,$I13=$BQ$5),AND($N$1=$BI$6,$N13=$BQ$5),AND($S$1=$BI$6,$S13=$BQ$5),AND($X$1=$BI$6,$X13=$BQ$5),AND($AC$1=$BI$6,$AC13=$BQ$5),AND($AH$1=$BI$6,$AH13=$BQ$5),AND($AM$1=$BI$6,$AM13=$BQ$5),AND($AR$1=$BI$6,$AR13=$BQ$5),AND($AW$1=$BI$6,$AW13=$BQ$5))) | BR13: =IF(AND($A13="",$C13=""),"",SUM(AND($D$1=$BJ$6,$D13=$BQ$5),AND($I$1=$BJ$6,$I13=$BQ$5),AND($N$1=$BJ$6,$N13=$BQ$5),AND($S$1=$BJ$6,$S13=$BQ$5),AND($X$1=$BJ$6,$X13=$BQ$5),AND($AC$1=$BJ$6,$AC13=$BQ$5),AND($AH$1=$BJ$6,$AH13=$BQ$5),AND($AM$1=$BJ$6,$AM13=$BQ$5),AND($AR$1=$BJ$6,$AR13=$BQ$5),AND($AW$1=$BJ$6,$AW13=$BQ$5))) | BS13: =IF(AND($A13="",$C13=""),"",SUM(AND($D$1=$BK$6,$D13=$BQ$5),AND($I$1=$BK$6,$I13=$BQ$5),AND($N$1=$BK$6,$N13=$BQ$5),AND($S$1=$BK$6,$S13=$BQ$5),AND($X$1=$BK$6,$X13=$BQ$5),AND($AC$1=$BK$6,$AC13=$BQ$5),AND($AH$1=$BK$6,$AH13=$BQ$5),AND($AM$1=$BK$6,$AM13=$BQ$5),AND($AR$1=$BK$6,$AR13=$BQ$5),AND($AW$1=$BK$6,$AW13=$BQ$5))) | BU13: =IF(AND($A13="",$C13=""),"",SUM(AND($D$1=$BI$6,$D13=$BU$5),AND($I$1=$BI$6,$I13=$BU$5),AND($N$1=$BI$6,$N13=$BU$5),AND($S$1=$BI$6,$S13=$BU$5),AND($X$1=$BI$6,$X13=$BU$5),AND($AC$1=$BI$6,$AC13=$BU$5),AND($AH$1=$BI$6,$AH13=$BU$5),AND($AM$1=$BI$6,$AM13=$BU$5),AND($AR$1=$BI$6,$AR13=$BU$5),AND($AW$1=$BI$6,$AW13=$BU$5))) | BV13: =IF(AND($A13="",$C13=""),"",SUM(AND($D$1=$BJ$6,$D13=$BU$5),AND($I$1=$BJ$6,$I13=$BU$5),AND($N$1=$BJ$6,$N13=$BU$5),AND($S$1=$BJ$6,$S13=$BU$5),AND($X$1=$BJ$6,$X13=$BU$5),AND($AC$1=$BJ$6,$AC13=$BU$5),AND($AH$1=$BJ$6,$AH13=$BU$5),AND($AM$1=$BJ$6,$AM13=$BU$5),AND($AR$1=$BJ$6,$AR13=$BU$5),AND($AW$1=$BJ$6,$AW13=$BU$5))) | BW13: =IF(AND($A13="",$C13=""),"",SUM(AND($D$1=$BK$6,$D13=$BU$5),AND($I$1=$BK$6,$I13=$BU$5),AND($N$1=$BK$6,$N13=$BU$5),AND($S$1=$BK$6,$S13=$BU$5),AND($X$1=$BK$6,$X13=$BU$5),AND($AC$1=$BK$6,$AC13=$BU$5),AND($AH$1=$BK$6,$AH13=$BU$5),AND($AM$1=$BK$6,$AM13=$BU$5),AND($AR$1=$BK$6,$AR13=$BU$5),AND($AW$1=$BK$6,$AW13=$BU$5))) | BY13: =IF(AND($A13="",$C13=""),"",SUM(AND($D$1=$BI$6,$D13=$BY$5),AND($I$1=$BI$6,$I13=$BY$5),AND($N$1=$BI$6,$N13=$BY$5),AND($S$1=$BI$6,$S13=$BY$5),AND($X$1=$BI$6,$X13=$BY$5),AND($AC$1=$BI$6,$AC13=$BY$5),AND($AH$1=$BI$6,$AH13=$BY$5),AND($AM$1=$BI$6,$AM13=$BY$5),AND($AR$1=$BI$6,$AR13=$BY$5),AND($AW$1=$BI$6,$AW13=$BY$5))) | BZ13: =IF(AND($A13="",$C13=""),"",SUM(AND($D$1=$BJ$6,$D13=$BY$5),AND($I$1=$BJ$6,$I13=$BY$5),AND($N$1=$BJ$6,$N13=$BY$5),AND($S$1=$BJ$6,$S13=$BY$5),AND($X$1=$BJ$6,$X13=$BY$5),AND($AC$1=$BJ$6,$AC13=$BY$5),AND($AH$1=$BJ$6,$AH13=$BY$5),AND($AM$1=$BJ$6,$AM13=$BY$5),AND($AR$1=$BJ$6,$AR13=$BY$5),AND($AW$1=$BJ$6,$AW13=$BY$5))) | CA13: =IF(AND($A13="",$C13=""),"",SUM(AND($D$1=$BK$6,$D13=$BY$5),AND($I$1=$BK$6,$I13=$BY$5),AND($N$1=$BK$6,$N13=$BY$5),AND($S$1=$BK$6,$S13=$BY$5),AND($X$1=$BK$6,$X13=$BY$5),AND($AC$1=$BK$6,$AC13=$BY$5),AND($AH$1=$BK$6,$AH13=$BY$5),AND($AM$1=$BK$6,$AM13=$BY$5),AND($AR$1=$BK$6,$AR13=$BY$5),AND($AW$1=$BK$6,$AW13=$BY$5))) | CC13: =IF(AND($A13="",$C13=""),"",SUM(AND($D$1=$BI$6,$D13=$CC$5),AND($I$1=$BI$6,$I13=$CC$5),AND($N$1=$BI$6,$N13=$CC$5),AND($S$1=$BI$6,$S13=$CC$5),AND($X$1=$BI$6,$X13=$CC$5),AND($AC$1=$BI$6,$AC13=$CC$5),AND($AH$1=$BI$6,$AH13=$CC$5),AND($AM$1=$BI$6,$AM13=$CC$5),AND($AR$1=$BI$6,$AR13=$CC$5),AND($AW$1=$BI$6,$AW13=$CC$5))) | CD13: =IF(AND($A13="",$C13=""),"",SUM(AND($D$1=$BJ$6,$D13=$CC$5),AND($I$1=$BJ$6,$I13=$CC$5),AND($N$1=$BJ$6,$N13=$CC$5),AND($S$1=$BJ$6,$S13=$CC$5),AND($X$1=$BJ$6,$X13=$CC$5),AND($AC$1=$BJ$6,$AC13=$CC$5),AND($AH$1=$BJ$6,$AH13=$CC$5),AND($AM$1=$BJ$6,$AM13=$CC$5),AND($AR$1=$BJ$6,$AR13=$CC$5),AND($AW$1=$BJ$6,$AW13=$CC$5))) | CE13: =IF(AND($A13="",$C13=""),"",SUM(AND($D$1=$BK$6,$D13=$CC$5),AND($I$1=$BK$6,$I13=$CC$5),AND($N$1=$BK$6,$N13=$CC$5),AND($S$1=$BK$6,$S13=$CC$5),AND($X$1=$BK$6,$X13=$CC$5),AND($AC$1=$BK$6,$AC13=$CC$5),AND($AH$1=$BK$6,$AH13=$CC$5),AND($AM$1=$BK$6,$AM13=$CC$5),AND($AR$1=$BK$6,$AR13=$CC$5),AND($AW$1=$BK$6,$AW13=$CC$5))) | CF13: =IF(AND($A13="",$C13=""),"",COUNTIF(D13:AW13,"Non Evaluable"))
B14: =IF(C14="","",SUM(B13,1)) | C14: =IF($B$6="","",IF(OFFSET(INDEX(Base_Elèves!$A$1:$BY$1,1,MATCH($B$6,Base_Elèves!$A$1:$BY$1,0)),Base_Elèves!$CA9,0,1,1)="","",OFFSET(INDEX(Base_Elèves!$A$1:$BY$1,1,MATCH($B$6,Base_Elèves!$A$1:$BY$1,0)),Base_Elèves!$CA9,0,1,1))) | E14: =IF(D14="","",IF(OR(D14="Non Acquis",D14="Non Evaluable"),0,MATCH(D14,Points_Validation,0))) | G14: =IF(D14="","",G$3) | H14: =IF(D14="","",E14*G14) | J14: =IF(I14="","",IF(OR(I14="Non Acquis",I14="Non Evaluable"),0,MATCH(I14,Points_Validation,0))) | L14: =IF(I14="","",L$3) | M14: =IF(I14="","",J14*L14) | O14: =IF(N14="","",IF(OR(N14="Non Acquis",N14="Non Evaluable"),0,MATCH(N14,Points_Validation,0))) | Q14: =IF(N14="","",Q$3) | R14: =IF(N14="","",O14*Q14) | T14: =IF(S14="","",IF(OR(S14="Non Acquis",S14="Non Evaluable"),0,MATCH(S14,Points_Validation,0))) | V14: =IF(S14="","",V$3) | W14: =IF(S14="","",T14*V14) | Y14: =IF(X14="","",IF(OR(X14="Non Acquis",X14="Non Evaluable"),0,MATCH(X14,Points_Validation,0))) | AA14: =IF(X14="","",AA$3) | AB14: =IF(X14="","",Y14*AA14) | AD14: =IF(AC14="","",IF(OR(AC14="Non Acquis",AC14="Non Evaluable"),0,MATCH(AC14,Points_Validation,0))) | AF14: =IF(AC14="","",AF$3) | AG14: =IF(AC14="","",AD14*AF14) | AI14: =IF(AH14="","",IF(OR(AH14="Non Acquis",AH14="Non Evaluable"),0,MATCH(AH14,Points_Validation,0))) | AK14: =IF(AH14="","",AK$3) | AL14: =IF(AH14="","",AI14*AK14) | AN14: =IF(AM14="","",IF(OR(AM14="Non Acquis",AM14="Non Evaluable"),0,MATCH(AM14,Points_Validation,0))) | AP14: =IF(AM14="","",AP$3) | AQ14: =IF(AM14="","",AN14*AP14) | AS14: =IF(AR14="","",IF(OR(AR14="Non Acquis",AR14="Non Evaluable"),0,MATCH(AR14,Points_Validation,0))) | AU14: =IF(AR14="","",AU$3) | AV14: =IF(AR14="","",AS14*AU14) | AX14: =IF(AW14="","",IF(OR(AW14="Non Acquis",AW14="Non Evaluable"),0,MATCH(AW14,Points_Validation,0))) | AZ14: =IF(AW14="","",AZ$3) | BA14: =IF(AW14="","",AX14*AZ14) | BC14: =IF(AND(A14="",C14=""),"",COUNTA(AW14,AR14,AM14,AH14,AC14,X14,S14,N14,I14,D14)) | BD14: =IF(AND(A14="",C14=""),"",SUM(BA14,AV14,AQ14,AL14,AG14,AB14,W14,R14,M14,H14)) | BF14: =IF(AND(A14="",C14=""),"",IF(A14="Absent","Absent",IF($BE$7="","",IF(BC14=0,"",IF(ROUND(BD14*$BE$7,1)>20,20,ROUND(BD14*$BE$7,1)))))) | BG14: =IF(OR(BF14="",BF14="Absent"),"",IF(ROUND(BD14*$BE$7,1)>20,ROUND(BD14*$BE$7,1),BF14)) | BH14: =IF(OR(A14="Absent",BF14=""),"",IF($B$5="LV2",INDEX(Base_Classes_Niveaux!$A$102:$M$153,MATCH(BG14,Base_Classes_Niveaux!$A$102:$A$1533),$BB$3),IF(OR($B$6="3A",$B$6="4A",$B$6="5A",$B$6="6A"),INDEX(Base_Classes_Niveaux!$A$162:$M$213,MATCH(BG14,Base_Classes_Niveaux!$A$102:$A$153),$AX$6),IF(OR($B$6<>"3A",$B$6<>"4A",$B$6<>"5A",$B$6<>"6A"),INDEX(Base_Classes_Niveaux!$A$39:$M$90,MATCH(BG14,Base_Classes_Niveaux!$A$39:$A$90),$AX$6))))) | BI14: =IF(AND($A14="",$C14=""),"",SUM(AND($D$1=$BI$6,$D14=$BI$5),AND($I$1=$BI$6,$I14=$BI$5),AND($N$1=$BI$6,$N14=$BI$5),AND($S$1=$BI$6,$S14=$BI$5),AND($X$1=$BI$6,$X14=$BI$5),AND($AC$1=$BI$6,$AC14=$BI$5),AND($AH$1=$BI$6,$AH14=$BI$5),AND($AM$1=$BI$6,$AM14=$BI$5),AND($AR$1=$BI$6,$AR14=$BI$5),AND($AW$1=$BI$6,$AW14=$BI$5))) | BJ14: =IF(AND($A14="",$C14=""),"",SUM(AND($D$1=$BJ$6,$D14=$BI$5),AND($I$1=$BJ$6,$I14=$BI$5),AND($N$1=$BJ$6,$N14=$BI$5),AND($S$1=$BJ$6,$S14=$BI$5),AND($X$1=$BJ$6,$X14=$BI$5),AND($AC$1=$BJ$6,$AC14=$BI$5),AND($AH$1=$BJ$6,$AH14=$BI$5),AND($AM$1=$BJ$6,$AM14=$BI$5),AND($AR$1=$BJ$6,$AR14=$BI$5),AND($AW$1=$BJ$6,$AW14=$BI$5))) | BK14: =IF(AND($A14="",$C14=""),"",SUM(AND($D$1=$BK$6,$D14=$BI$5),AND($I$1=$BK$6,$I14=$BI$5),AND($N$1=$BK$6,$N14=$BI$5),AND($S$1=$BK$6,$S14=$BI$5),AND($X$1=$BK$6,$X14=$BI$5),AND($AC$1=$BK$6,$AC14=$BI$5),AND($AH$1=$BK$6,$AH14=$BI$5),AND($AM$1=$BK$6,$AM14=$BI$5),AND($AR$1=$BK$6,$AR14=$BI$5),AND($AW$1=$BK$6,$AW14=$BI$5))) | BM14: =IF(AND($A14="",$C14=""),"",SUM(AND($D$1=$BI$6,$D14=$BM$5),AND($I$1=$BI$6,$I14=$BM$5),AND($N$1=$BI$6,$N14=$BM$5),AND($S$1=$BI$6,$S14=$BM$5),AND($X$1=$BI$6,$X14=$BM$5),AND($AC$1=$BI$6,$AC14=$BM$5),AND($AH$1=$BI$6,$AH14=$BM$5),AND($AM$1=$BI$6,$AM14=$BM$5),AND($AR$1=$BI$6,$AR14=$BM$5),AND($AW$1=$BI$6,$AW14=$BM$5))) | BN14: =IF(AND($A14="",$C14=""),"",SUM(AND($D$1=$BJ$6,$D14=$BM$5),AND($I$1=$BJ$6,$I14=$BM$5),AND($N$1=$BJ$6,$N14=$BM$5),AND($S$1=$BJ$6,$S14=$BM$5),AND($X$1=$BJ$6,$X14=$BM$5),AND($AC$1=$BJ$6,$AC14=$BM$5),AND($AH$1=$BJ$6,$AH14=$BM$5),AND($AM$1=$BJ$6,$AM14=$BM$5),AND($AR$1=$BJ$6,$AR14=$BM$5),AND($AW$1=$BJ$6,$AW14=$BM$5))) | BO14: =IF(AND($A14="",$C14=""),"",SUM(AND($D$1=$BK$6,$D14=$BM$5),AND($I$1=$BK$6,$I14=$BM$5),AND($N$1=$BK$6,$N14=$BM$5),AND($S$1=$BK$6,$S14=$BM$5),AND($X$1=$BK$6,$X14=$BM$5),AND($AC$1=$BK$6,$AC14=$BM$5),AND($AH$1=$BK$6,$AH14=$BM$5),AND($AM$1=$BK$6,$AM14=$BM$5),AND($AR$1=$BK$6,$AR14=$BM$5),AND($AW$1=$BK$6,$AW14=$BM$5))) | BQ14: =IF(AND($A14="",$C14=""),"",SUM(AND($D$1=$BI$6,$D14=$BQ$5),AND($I$1=$BI$6,$I14=$BQ$5),AND($N$1=$BI$6,$N14=$BQ$5),AND($S$1=$BI$6,$S14=$BQ$5),AND($X$1=$BI$6,$X14=$BQ$5),AND($AC$1=$BI$6,$AC14=$BQ$5),AND($AH$1=$BI$6,$AH14=$BQ$5),AND($AM$1=$BI$6,$AM14=$BQ$5),AND($AR$1=$BI$6,$AR14=$BQ$5),AND($AW$1=$BI$6,$AW14=$BQ$5))) | BR14: =IF(AND($A14="",$C14=""),"",SUM(AND($D$1=$BJ$6,$D14=$BQ$5),AND($I$1=$BJ$6,$I14=$BQ$5),AND($N$1=$BJ$6,$N14=$BQ$5),AND($S$1=$BJ$6,$S14=$BQ$5),AND($X$1=$BJ$6,$X14=$BQ$5),AND($AC$1=$BJ$6,$AC14=$BQ$5),AND($AH$1=$BJ$6,$AH14=$BQ$5),AND($AM$1=$BJ$6,$AM14=$BQ$5),AND($AR$1=$BJ$6,$AR14=$BQ$5),AND($AW$1=$BJ$6,$AW14=$BQ$5))) | BS14: =IF(AND($A14="",$C14=""),"",SUM(AND($D$1=$BK$6,$D14=$BQ$5),AND($I$1=$BK$6,$I14=$BQ$5),AND($N$1=$BK$6,$N14=$BQ$5),AND($S$1=$BK$6,$S14=$BQ$5),AND($X$1=$BK$6,$X14=$BQ$5),AND($AC$1=$BK$6,$AC14=$BQ$5),AND($AH$1=$BK$6,$AH14=$BQ$5),AND($AM$1=$BK$6,$AM14=$BQ$5),AND($AR$1=$BK$6,$AR14=$BQ$5),AND($AW$1=$BK$6,$AW14=$BQ$5))) | BU14: =IF(AND($A14="",$C14=""),"",SUM(AND($D$1=$BI$6,$D14=$BU$5),AND($I$1=$BI$6,$I14=$BU$5),AND($N$1=$BI$6,$N14=$BU$5),AND($S$1=$BI$6,$S14=$BU$5),AND($X$1=$BI$6,$X14=$BU$5),AND($AC$1=$BI$6,$AC14=$BU$5),AND($AH$1=$BI$6,$AH14=$BU$5),AND($AM$1=$BI$6,$AM14=$BU$5),AND($AR$1=$BI$6,$AR14=$BU$5),AND($AW$1=$BI$6,$AW14=$BU$5))) | BV14: =IF(AND($A14="",$C14=""),"",SUM(AND($D$1=$BJ$6,$D14=$BU$5),AND($I$1=$BJ$6,$I14=$BU$5),AND($N$1=$BJ$6,$N14=$BU$5),AND($S$1=$BJ$6,$S14=$BU$5),AND($X$1=$BJ$6,$X14=$BU$5),AND($AC$1=$BJ$6,$AC14=$BU$5),AND($AH$1=$BJ$6,$AH14=$BU$5),AND($AM$1=$BJ$6,$AM14=$BU$5),AND($AR$1=$BJ$6,$AR14=$BU$5),AND($AW$1=$BJ$6,$AW14=$BU$5))) | BW14: =IF(AND($A14="",$C14=""),"",SUM(AND($D$1=$BK$6,$D14=$BU$5),AND($I$1=$BK$6,$I14=$BU$5),AND($N$1=$BK$6,$N14=$BU$5),AND($S$1=$BK$6,$S14=$BU$5),AND($X$1=$BK$6,$X14=$BU$5),AND($AC$1=$BK$6,$AC14=$BU$5),AND($AH$1=$BK$6,$AH14=$BU$5),AND($AM$1=$BK$6,$AM14=$BU$5),AND($AR$1=$BK$6,$AR14=$BU$5),AND($AW$1=$BK$6,$AW14=$BU$5))) | BY14: =IF(AND($A14="",$C14=""),"",SUM(AND($D$1=$BI$6,$D14=$BY$5),AND($I$1=$BI$6,$I14=$BY$5),AND($N$1=$BI$6,$N14=$BY$5),AND($S$1=$BI$6,$S14=$BY$5),AND($X$1=$BI$6,$X14=$BY$5),AND($AC$1=$BI$6,$AC14=$BY$5),AND($AH$1=$BI$6,$AH14=$BY$5),AND($AM$1=$BI$6,$AM14=$BY$5),AND($AR$1=$BI$6,$AR14=$BY$5),AND($AW$1=$BI$6,$AW14=$BY$5))) | BZ14: =IF(AND($A14="",$C14=""),"",SUM(AND($D$1=$BJ$6,$D14=$BY$5),AND($I$1=$BJ$6,$I14=$BY$5),AND($N$1=$BJ$6,$N14=$BY$5),AND($S$1=$BJ$6,$S14=$BY$5),AND($X$1=$BJ$6,$X14=$BY$5),AND($AC$1=$BJ$6,$AC14=$BY$5),AND($AH$1=$BJ$6,$AH14=$BY$5),AND($AM$1=$BJ$6,$AM14=$BY$5),AND($AR$1=$BJ$6,$AR14=$BY$5),AND($AW$1=$BJ$6,$AW14=$BY$5))) | CA14: =IF(AND($A14="",$C14=""),"",SUM(AND($D$1=$BK$6,$D14=$BY$5),AND($I$1=$BK$6,$I14=$BY$5),AND($N$1=$BK$6,$N14=$BY$5),AND($S$1=$BK$6,$S14=$BY$5),AND($X$1=$BK$6,$X14=$BY$5),AND($AC$1=$BK$6,$AC14=$BY$5),AND($AH$1=$BK$6,$AH14=$BY$5),AND($AM$1=$BK$6,$AM14=$BY$5),AND($AR$1=$BK$6,$AR14=$BY$5),AND($AW$1=$BK$6,$AW14=$BY$5))) | CC14: =IF(AND($A14="",$C14=""),"",SUM(AND($D$1=$BI$6,$D14=$CC$5),AND($I$1=$BI$6,$I14=$CC$5),AND($N$1=$BI$6,$N14=$CC$5),AND($S$1=$BI$6,$S14=$CC$5),AND($X$1=$BI$6,$X14=$CC$5),AND($AC$1=$BI$6,$AC14=$CC$5),AND($AH$1=$BI$6,$AH14=$CC$5),AND($AM$1=$BI$6,$AM14=$CC$5),AND($AR$1=$BI$6,$AR14=$CC$5),AND($AW$1=$BI$6,$AW14=$CC$5))) | CD14: =IF(AND($A14="",$C14=""),"",SUM(AND($D$1=$BJ$6,$D14=$CC$5),AND($I$1=$BJ$6,$I14=$CC$5),AND($N$1=$BJ$6,$N14=$CC$5),AND($S$1=$BJ$6,$S14=$CC$5),AND($X$1=$BJ$6,$X14=$CC$5),AND($AC$1=$BJ$6,$AC14=$CC$5),AND($AH$1=$BJ$6,$AH14=$CC$5),AND($AM$1=$BJ$6,$AM14=$CC$5),AND($AR$1=$BJ$6,$AR14=$CC$5),AND($AW$1=$BJ$6,$AW14=$CC$5))) | CE14: =IF(AND($A14="",$C14=""),"",SUM(AND($D$1=$BK$6,$D14=$CC$5),AND($I$1=$BK$6,$I14=$CC$5),AND($N$1=$BK$6,$N14=$CC$5),AND($S$1=$BK$6,$S14=$CC$5),AND($X$1=$BK$6,$X14=$CC$5),AND($AC$1=$BK$6,$AC14=$CC$5),AND($AH$1=$BK$6,$AH14=$CC$5),AND($AM$1=$BK$6,$AM14=$CC$5),AND($AR$1=$BK$6,$AR14=$CC$5),AND($AW$1=$BK$6,$AW14=$CC$5))) | CF14: =IF(AND($A14="",$C14=""),"",COUNTIF(D14:AW14,"Non Evaluable"))
B15: =IF(C15="","",SUM(B14,1)) | C15: =IF($B$6="","",IF(OFFSET(INDEX(Base_Elèves!$A$1:$BY$1,1,MATCH($B$6,Base_Elèves!$A$1:$BY$1,0)),Base_Elèves!$CA10,0,1,1)="","",OFFSET(INDEX(Base_Elèves!$A$1:$BY$1,1,MATCH($B$6,Base_Elèves!$A$1:$BY$1,0)),Base_Elèves!$CA10,0,1,1))) | E15: =IF(D15="","",IF(OR(D15="Non Acquis",D15="Non Evaluable"),0,MATCH(D15,Points_Validation,0))) | G15: =IF(D15="","",G$3) | H15: =IF(D15="","",E15*G15) | J15: =IF(I15="","",IF(OR(I15="Non Acquis",I15="Non Evaluable"),0,MATCH(I15,Points_Validation,0))) | L15: =IF(I15="","",L$3) | M15: =IF(I15="","",J15*L15) | O15: =IF(N15="","",IF(OR(N15="Non Acquis",N15="Non Evaluable"),0,MATCH(N15,Points_Validation,0))) | Q15: =IF(N15="","",Q$3) | R15: =IF(N15="","",O15*Q15) | T15: =IF(S15="","",IF(OR(S15="Non Acquis",S15="Non Evaluable"),0,MATCH(S15,Points_Validation,0))) | V15: =IF(S15="","",V$3) | W15: =IF(S15="","",T15*V15) | Y15: =IF(X15="","",IF(OR(X15="Non Acquis",X15="Non Evaluable"),0,MATCH(X15,Points_Validation,0))) | AA15: =IF(X15="","",AA$3) | AB15: =IF(X15="","",Y15*AA15) | AD15: =IF(AC15="","",IF(OR(AC15="Non Acquis",AC15="Non Evaluable"),0,MATCH(AC15,Points_Validation,0))) | AF15: =IF(AC15="","",AF$3) | AG15: =IF(AC15="","",AD15*AF15) | AI15: =IF(AH15="","",IF(OR(AH15="Non Acquis",AH15="Non Evaluable"),0,MATCH(AH15,Points_Validation,0))) | AK15: =IF(AH15="","",AK$3) | AL15: =IF(AH15="","",AI15*AK15) | AN15: =IF(AM15="","",IF(OR(AM15="Non Acquis",AM15="Non Evaluable"),0,MATCH(AM15,Points_Validation,0))) | AP15: =IF(AM15="","",AP$3) | AQ15: =IF(AM15="","",AN15*AP15) | AS15: =IF(AR15="","",IF(OR(AR15="Non Acquis",AR15="Non Evaluable"),0,MATCH(AR15,Points_Validation,0))) | AU15: =IF(AR15="","",AU$3) | AV15: =IF(AR15="","",AS15*AU15) | AX15: =IF(AW15="","",IF(OR(AW15="Non Acquis",AW15="Non Evaluable"),0,MATCH(AW15,Points_Validation,0))) | AZ15: =IF(AW15="","",AZ$3) | BA15: =IF(AW15="","",AX15*AZ15) | BC15: =IF(AND(A15="",C15=""),"",COUNTA(AW15,AR15,AM15,AH15,AC15,X15,S15,N15,I15,D15)) | BD15: =IF(AND(A15="",C15=""),"",SUM(BA15,AV15,AQ15,AL15,AG15,AB15,W15,R15,M15,H15)) | BF15: =IF(AND(A15="",C15=""),"",IF(A15="Absent","Absent",IF($BE$7="","",IF(BC15=0,"",IF(ROUND(BD15*$BE$7,1)>20,20,ROUND(BD15*$BE$7,1)))))) | BG15: =IF(OR(BF15="",BF15="Absent"),"",IF(ROUND(BD15*$BE$7,1)>20,ROUND(BD15*$BE$7,1),BF15)) | BH15: =IF(OR(A15="Absent",BF15=""),"",IF($B$5="LV2",INDEX(Base_Classes_Niveaux!$A$102:$M$153,MATCH(BG15,Base_Classes_Niveaux!$A$102:$A$1533),$BB$3),IF(OR($B$6="3A",$B$6="4A",$B$6="5A",$B$6="6A"),INDEX(Base_Classes_Niveaux!$A$162:$M$213,MATCH(BG15,Base_Classes_Niveaux!$A$102:$A$153),$AX$6),IF(OR($B$6<>"3A",$B$6<>"4A",$B$6<>"5A",$B$6<>"6A"),INDEX(Base_Classes_Niveaux!$A$39:$M$90,MATCH(BG15,Base_Classes_Niveaux!$A$39:$A$90),$AX$6))))) | BI15: =IF(AND($A15="",$C15=""),"",SUM(AND($D$1=$BI$6,$D15=$BI$5),AND($I$1=$BI$6,$I15=$BI$5),AND($N$1=$BI$6,$N15=$BI$5),AND($S$1=$BI$6,$S15=$BI$5),AND($X$1=$BI$6,$X15=$BI$5),AND($AC$1=$BI$6,$AC15=$BI$5),AND($AH$1=$BI$6,$AH15=$BI$5),AND($AM$1=$BI$6,$AM15=$BI$5),AND($AR$1=$BI$6,$AR15=$BI$5),AND($AW$1=$BI$6,$AW15=$BI$5))) | BJ15: =IF(AND($A15="",$C15=""),"",SUM(AND($D$1=$BJ$6,$D15=$BI$5),AND($I$1=$BJ$6,$I15=$BI$5),AND($N$1=$BJ$6,$N15=$BI$5),AND($S$1=$BJ$6,$S15=$BI$5),AND($X$1=$BJ$6,$X15=$BI$5),AND($AC$1=$BJ$6,$AC15=$BI$5),AND($AH$1=$BJ$6,$AH15=$BI$5),AND($AM$1=$BJ$6,$AM15=$BI$5),AND($AR$1=$BJ$6,$AR15=$BI$5),AND($AW$1=$BJ$6,$AW15=$BI$5))) | BK15: =IF(AND($A15="",$C15=""),"",SUM(AND($D$1=$BK$6,$D15=$BI$5),AND($I$1=$BK$6,$I15=$BI$5),AND($N$1=$BK$6,$N15=$BI$5),AND($S$1=$BK$6,$S15=$BI$5),AND($X$1=$BK$6,$X15=$BI$5),AND($AC$1=$BK$6,$AC15=$BI$5),AND($AH$1=$BK$6,$AH15=$BI$5),AND($AM$1=$BK$6,$AM15=$BI$5),AND($AR$1=$BK$6,$AR15=$BI$5),AND($AW$1=$BK$6,$AW15=$BI$5))) | BM15: =IF(AND($A15="",$C15=""),"",SUM(AND($D$1=$BI$6,$D15=$BM$5),AND($I$1=$BI$6,$I15=$BM$5),AND($N$1=$BI$6,$N15=$BM$5),AND($S$1=$BI$6,$S15=$BM$5),AND($X$1=$BI$6,$X15=$BM$5),AND($AC$1=$BI$6,$AC15=$BM$5),AND($AH$1=$BI$6,$AH15=$BM$5),AND($AM$1=$BI$6,$AM15=$BM$5),AND($AR$1=$BI$6,$AR15=$BM$5),AND($AW$1=$BI$6,$AW15=$BM$5))) | BN15: =IF(AND($A15="",$C15=""),"",SUM(AND($D$1=$BJ$6,$D15=$BM$5),AND($I$1=$BJ$6,$I15=$BM$5),AND($N$1=$BJ$6,$N15=$BM$5),AND($S$1=$BJ$6,$S15=$BM$5),AND($X$1=$BJ$6,$X15=$BM$5),AND($AC$1=$BJ$6,$AC15=$BM$5),AND($AH$1=$BJ$6,$AH15=$BM$5),AND($AM$1=$BJ$6,$AM15=$BM$5),AND($AR$1=$BJ$6,$AR15=$BM$5),AND($AW$1=$BJ$6,$AW15=$BM$5))) | BO15: =IF(AND($A15="",$C15=""),"",SUM(AND($D$1=$BK$6,$D15=$BM$5),AND($I$1=$BK$6,$I15=$BM$5),AND($N$1=$BK$6,$N15=$BM$5),AND($S$1=$BK$6,$S15=$BM$5),AND($X$1=$BK$6,$X15=$BM$5),AND($AC$1=$BK$6,$AC15=$BM$5),AND($AH$1=$BK$6,$AH15=$BM$5),AND($AM$1=$BK$6,$AM15=$BM$5),AND($AR$1=$BK$6,$AR15=$BM$5),AND($AW$1=$BK$6,$AW15=$BM$5))) | BQ15: =IF(AND($A15="",$C15=""),"",SUM(AND($D$1=$BI$6,$D15=$BQ$5),AND($I$1=$BI$6,$I15=$BQ$5),AND($N$1=$BI$6,$N15=$BQ$5),AND($S$1=$BI$6,$S15=$BQ$5),AND($X$1=$BI$6,$X15=$BQ$5),AND($AC$1=$BI$6,$AC15=$BQ$5),AND($AH$1=$BI$6,$AH15=$BQ$5),AND($AM$1=$BI$6,$AM15=$BQ$5),AND($AR$1=$BI$6,$AR15=$BQ$5),AND($AW$1=$BI$6,$AW15=$BQ$5))) | BR15: =IF(AND($A15="",$C15=""),"",SUM(AND($D$1=$BJ$6,$D15=$BQ$5),AND($I$1=$BJ$6,$I15=$BQ$5),AND($N$1=$BJ$6,$N15=$BQ$5),AND($S$1=$BJ$6,$S15=$BQ$5),AND($X$1=$BJ$6,$X15=$BQ$5),AND($AC$1=$BJ$6,$AC15=$BQ$5),AND($AH$1=$BJ$6,$AH15=$BQ$5),AND($AM$1=$BJ$6,$AM15=$BQ$5),AND($AR$1=$BJ$6,$AR15=$BQ$5),AND($AW$1=$BJ$6,$AW15=$BQ$5))) | BS15: =IF(AND($A15="",$C15=""),"",SUM(AND($D$1=$BK$6,$D15=$BQ$5),AND($I$1=$BK$6,$I15=$BQ$5),AND($N$1=$BK$6,$N15=$BQ$5),AND($S$1=$BK$6,$S15=$BQ$5),AND($X$1=$BK$6,$X15=$BQ$5),AND($AC$1=$BK$6,$AC15=$BQ$5),AND($AH$1=$BK$6,$AH15=$BQ$5),AND($AM$1=$BK$6,$AM15=$BQ$5),AND($AR$1=$BK$6,$AR15=$BQ$5),AND($AW$1=$BK$6,$AW15=$BQ$5))) | BU15: =IF(AND($A15="",$C15=""),"",SUM(AND($D$1=$BI$6,$D15=$BU$5),AND($I$1=$BI$6,$I15=$BU$5),AND($N$1=$BI$6,$N15=$BU$5),AND($S$1=$BI$6,$S15=$BU$5),AND($X$1=$BI$6,$X15=$BU$5),AND($AC$1=$BI$6,$AC15=$BU$5),AND($AH$1=$BI$6,$AH15=$BU$5),AND($AM$1=$BI$6,$AM15=$BU$5),AND($AR$1=$BI$6,$AR15=$BU$5),AND($AW$1=$BI$6,$AW15=$BU$5))) | BV15: =IF(AND($A15="",$C15=""),"",SUM(AND($D$1=$BJ$6,$D15=$BU$5),AND($I$1=$BJ$6,$I15=$BU$5),AND($N$1=$BJ$6,$N15=$BU$5),AND($S$1=$BJ$6,$S15=$BU$5),AND($X$1=$BJ$6,$X15=$BU$5),AND($AC$1=$BJ$6,$AC15=$BU$5),AND($AH$1=$BJ$6,$AH15=$BU$5),AND($AM$1=$BJ$6,$AM15=$BU$5),AND($AR$1=$BJ$6,$AR15=$BU$5),AND($AW$1=$BJ$6,$AW15=$BU$5))) | BW15: =IF(AND($A15="",$C15=""),"",SUM(AND($D$1=$BK$6,$D15=$BU$5),AND($I$1=$BK$6,$I15=$BU$5),AND($N$1=$BK$6,$N15=$BU$5),AND($S$1=$BK$6,$S15=$BU$5),AND($X$1=$BK$6,$X15=$BU$5),AND($AC$1=$BK$6,$AC15=$BU$5),AND($AH$1=$BK$6,$AH15=$BU$5),AND($AM$1=$BK$6,$AM15=$BU$5),AND($AR$1=$BK$6,$AR15=$BU$5),AND($AW$1=$BK$6,$AW15=$BU$5))) | BY15: =IF(AND($A15="",$C15=""),"",SUM(AND($D$1=$BI$6,$D15=$BY$5),AND($I$1=$BI$6,$I15=$BY$5),AND($N$1=$BI$6,$N15=$BY$5),AND($S$1=$BI$6,$S15=$BY$5),AND($X$1=$BI$6,$X15=$BY$5),AND($AC$1=$BI$6,$AC15=$BY$5),AND($AH$1=$BI$6,$AH15=$BY$5),AND($AM$1=$BI$6,$AM15=$BY$5),AND($AR$1=$BI$6,$AR15=$BY$5),AND($AW$1=$BI$6,$AW15=$BY$5))) | BZ15: =IF(AND($A15="",$C15=""),"",SUM(AND($D$1=$BJ$6,$D15=$BY$5),AND($I$1=$BJ$6,$I15=$BY$5),AND($N$1=$BJ$6,$N15=$BY$5),AND($S$1=$BJ$6,$S15=$BY$5),AND($X$1=$BJ$6,$X15=$BY$5),AND($AC$1=$BJ$6,$AC15=$BY$5),AND($AH$1=$BJ$6,$AH15=$BY$5),AND($AM$1=$BJ$6,$AM15=$BY$5),AND($AR$1=$BJ$6,$AR15=$BY$5),AND($AW$1=$BJ$6,$AW15=$BY$5))) | CA15: =IF(AND($A15="",$C15=""),"",SUM(AND($D$1=$BK$6,$D15=$BY$5),AND($I$1=$BK$6,$I15=$BY$5),AND($N$1=$BK$6,$N15=$BY$5),AND($S$1=$BK$6,$S15=$BY$5),AND($X$1=$BK$6,$X15=$BY$5),AND($AC$1=$BK$6,$AC15=$BY$5),AND($AH$1=$BK$6,$AH15=$BY$5),AND($AM$1=$BK$6,$AM15=$BY$5),AND($AR$1=$BK$6,$AR15=$BY$5),AND($AW$1=$BK$6,$AW15=$BY$5))) | CC15: =IF(AND($A15="",$C15=""),"",SUM(AND($D$1=$BI$6,$D15=$CC$5),AND($I$1=$BI$6,$I15=$CC$5),AND($N$1=$BI$6,$N15=$CC$5),AND($S$1=$BI$6,$S15=$CC$5),AND($X$1=$BI$6,$X15=$CC$5),AND($AC$1=$BI$6,$AC15=$CC$5),AND($AH$1=$BI$6,$AH15=$CC$5),AND($AM$1=$BI$6,$AM15=$CC$5),AND($AR$1=$BI$6,$AR15=$CC$5),AND($AW$1=$BI$6,$AW15=$CC$5))) | CD15: =IF(AND($A15="",$C15=""),"",SUM(AND($D$1=$BJ$6,$D15=$CC$5),AND($I$1=$BJ$6,$I15=$CC$5),AND($N$1=$BJ$6,$N15=$CC$5),AND($S$1=$BJ$6,$S15=$CC$5),AND($X$1=$BJ$6,$X15=$CC$5),AND($AC$1=$BJ$6,$AC15=$CC$5),AND($AH$1=$BJ$6,$AH15=$CC$5),AND($AM$1=$BJ$6,$AM15=$CC$5),AND($AR$1=$BJ$6,$AR15=$CC$5),AND($AW$1=$BJ$6,$AW15=$CC$5))) | CE15: =IF(AND($A15="",$C15=""),"",SUM(AND($D$1=$BK$6,$D15=$CC$5),AND($I$1=$BK$6,$I15=$CC$5),AND($N$1=$BK$6,$N15=$CC$5),AND($S$1=$BK$6,$S15=$CC$5),AND($X$1=$BK$6,$X15=$CC$5),AND($AC$1=$BK$6,$AC15=$CC$5),AND($AH$1=$BK$6,$AH15=$CC$5),AND($AM$1=$BK$6,$AM15=$CC$5),AND($AR$1=$BK$6,$AR15=$CC$5),AND($AW$1=$BK$6,$AW15=$CC$5))) | CF15: =IF(AND($A15="",$C15=""),"",COUNTIF(D15:AW15,"Non Evaluable"))
B16: =IF(C16="","",SUM(B15,1)) | C16: =IF($B$6="","",IF(OFFSET(INDEX(Base_Elèves!$A$1:$BY$1,1,MATCH($B$6,Base_Elèves!$A$1:$BY$1,0)),Base_Elèves!$CA11,0,1,1)="","",OFFSET(INDEX(Base_Elèves!$A$1:$BY$1,1,MATCH($B$6,Base_Elèves!$A$1:$BY$1,0)),Base_Elèves!$CA11,0,1,1))) | E16: =IF(D16="","",IF(OR(D16="Non Acquis",D16="Non Evaluable"),0,MATCH(D16,Points_Validation,0))) | G16: =IF(D16="","",G$3) | H16: =IF(D16="","",E16*G16) | J16: =IF(I16="","",IF(OR(I16="Non Acquis",I16="Non Evaluable"),0,MATCH(I16,Points_Validation,0))) | L16: =IF(I16="","",L$3) | M16: =IF(I16="","",J16*L16) | O16: =IF(N16="","",IF(OR(N16="Non Acquis",N16="Non Evaluable"),0,MATCH(N16,Points_Validation,0))) | Q16: =IF(N16="","",Q$3) | R16: =IF(N16="","",O16*Q16) | T16: =IF(S16="","",IF(OR(S16="Non Acquis",S16="Non Evaluable"),0,MATCH(S16,Points_Validation,0))) | V16: =IF(S16="","",V$3) | W16: =IF(S16="","",T16*V16) | Y16: =IF(X16="","",IF(OR(X16="Non Acquis",X16="Non Evaluable"),0,MATCH(X16,Points_Validation,0))) | AA16: =IF(X16="","",AA$3) | AB16: =IF(X16="","",Y16*AA16) | AD16: =IF(AC16="","",IF(OR(AC16="Non Acquis",AC16="Non Evaluable"),0,MATCH(AC16,Points_Validation,0))) | AF16: =IF(AC16="","",AF$3) | AG16: =IF(AC16="","",AD16*AF16) | AI16: =IF(AH16="","",IF(OR(AH16="Non Acquis",AH16="Non Evaluable"),0,MATCH(AH16,Points_Validation,0))) | AK16: =IF(AH16="","",AK$3) | AL16: =IF(AH16="","",AI16*AK16) | AN16: =IF(AM16="","",IF(OR(AM16="Non Acquis",AM16="Non Evaluable"),0,MATCH(AM16,Points_Validation,0))) | AP16: =IF(AM16="","",AP$3) | AQ16: =IF(AM16="","",AN16*AP16) | AS16: =IF(AR16="","",IF(OR(AR16="Non Acquis",AR16="Non Evaluable"),0,MATCH(AR16,Points_Validation,0))) | AU16: =IF(AR16="","",AU$3) | AV16: =IF(AR16="","",AS16*AU16) | AX16: =IF(AW16="","",IF(OR(AW16="Non Acquis",AW16="Non Evaluable"),0,MATCH(AW16,Points_Validation,0))) | AZ16: =IF(AW16="","",AZ$3) | BA16: =IF(AW16="","",AX16*AZ16) | BC16: =IF(AND(A16="",C16=""),"",COUNTA(AW16,AR16,AM16,AH16,AC16,X16,S16,N16,I16,D16)) | BD16: =IF(AND(A16="",C16=""),"",SUM(BA16,AV16,AQ16,AL16,AG16,AB16,W16,R16,M16,H16)) | BF16: =IF(AND(A16="",C16=""),"",IF(A16="Absent","Absent",IF($BE$7="","",IF(BC16=0,"",IF(ROUND(BD16*$BE$7,1)>20,20,ROUND(BD16*$BE$7,1)))))) | BG16: =IF(OR(BF16="",BF16="Absent"),"",IF(ROUND(BD16*$BE$7,1)>20,ROUND(BD16*$BE$7,1),BF16)) | BH16: =IF(OR(A16="Absent",BF16=""),"",IF($B$5="LV2",INDEX(Base_Classes_Niveaux!$A$102:$M$153,MATCH(BG16,Base_Classes_Niveaux!$A$102:$A$1533),$BB$3),IF(OR($B$6="3A",$B$6="4A",$B$6="5A",$B$6="6A"),INDEX(Base_Classes_Niveaux!$A$162:$M$213,MATCH(BG16,Base_Classes_Niveaux!$A$102:$A$153),$AX$6),IF(OR($B$6<>"3A",$B$6<>"4A",$B$6<>"5A",$B$6<>"6A"),INDEX(Base_Classes_Niveaux!$A$39:$M$90,MATCH(BG16,Base_Classes_Niveaux!$A$39:$A$90),$AX$6))))) | BI16: =IF(AND($A16="",$C16=""),"",SUM(AND($D$1=$BI$6,$D16=$BI$5),AND($I$1=$BI$6,$I16=$BI$5),AND($N$1=$BI$6,$N16=$BI$5),AND($S$1=$BI$6,$S16=$BI$5),AND($X$1=$BI$6,$X16=$BI$5),AND($AC$1=$BI$6,$AC16=$BI$5),AND($AH$1=$BI$6,$AH16=$BI$5),AND($AM$1=$BI$6,$AM16=$BI$5),AND($AR$1=$BI$6,$AR16=$BI$5),AND($AW$1=$BI$6,$AW16=$BI$5))) | BJ16: =IF(AND($A16="",$C16=""),"",SUM(AND($D$1=$BJ$6,$D16=$BI$5),AND($I$1=$BJ$6,$I16=$BI$5),AND($N$1=$BJ$6,$N16=$BI$5),AND($S$1=$BJ$6,$S16=$BI$5),AND($X$1=$BJ$6,$X16=$BI$5),AND($AC$1=$BJ$6,$AC16=$BI$5),AND($AH$1=$BJ$6,$AH16=$BI$5),AND($AM$1=$BJ$6,$AM16=$BI$5),AND($AR$1=$BJ$6,$AR16=$BI$5),AND($AW$1=$BJ$6,$AW16=$BI$5))) | BK16: =IF(AND($A16="",$C16=""),"",SUM(AND($D$1=$BK$6,$D16=$BI$5),AND($I$1=$BK$6,$I16=$BI$5),AND($N$1=$BK$6,$N16=$BI$5),AND($S$1=$BK$6,$S16=$BI$5),AND($X$1=$BK$6,$X16=$BI$5),AND($AC$1=$BK$6,$AC16=$BI$5),AND($AH$1=$BK$6,$AH16=$BI$5),AND($AM$1=$BK$6,$AM16=$BI$5),AND($AR$1=$BK$6,$AR16=$BI$5),AND($AW$1=$BK$6,$AW16=$BI$5))) | BM16: =IF(AND($A16="",$C16=""),"",SUM(AND($D$1=$BI$6,$D16=$BM$5),AND($I$1=$BI$6,$I16=$BM$5),AND($N$1=$BI$6,$N16=$BM$5),AND($S$1=$BI$6,$S16=$BM$5),AND($X$1=$BI$6,$X16=$BM$5),AND($AC$1=$BI$6,$AC16=$BM$5),AND($AH$1=$BI$6,$AH16=$BM$5),AND($AM$1=$BI$6,$AM16=$BM$5),AND($AR$1=$BI$6,$AR16=$BM$5),AND($AW$1=$BI$6,$AW16=$BM$5))) | BN16: =IF(AND($A16="",$C16=""),"",SUM(AND($D$1=$BJ$6,$D16=$BM$5),AND($I$1=$BJ$6,$I16=$BM$5),AND($N$1=$BJ$6,$N16=$BM$5),AND($S$1=$BJ$6,$S16=$BM$5),AND($X$1=$BJ$6,$X16=$BM$5),AND($AC$1=$BJ$6,$AC16=$BM$5),AND($AH$1=$BJ$6,$AH16=$BM$5),AND($AM$1=$BJ$6,$AM16=$BM$5),AND($AR$1=$BJ$6,$AR16=$BM$5),AND($AW$1=$BJ$6,$AW16=$BM$5))) | BO16: =IF(AND($A16="",$C16=""),"",SUM(AND($D$1=$BK$6,$D16=$BM$5),AND($I$1=$BK$6,$I16=$BM$5),AND($N$1=$BK$6,$N16=$BM$5),AND($S$1=$BK$6,$S16=$BM$5),AND($X$1=$BK$6,$X16=$BM$5),AND($AC$1=$BK$6,$AC16=$BM$5),AND($AH$1=$BK$6,$AH16=$BM$5),AND($AM$1=$BK$6,$AM16=$BM$5),AND($AR$1=$BK$6,$AR16=$BM$5),AND($AW$1=$BK$6,$AW16=$BM$5))) | BQ16: =IF(AND($A16="",$C16=""),"",SUM(AND($D$1=$BI$6,$D16=$BQ$5),AND($I$1=$BI$6,$I16=$BQ$5),AND($N$1=$BI$6,$N16=$BQ$5),AND($S$1=$BI$6,$S16=$BQ$5),AND($X$1=$BI$6,$X16=$BQ$5),AND($AC$1=$BI$6,$AC16=$BQ$5),AND($AH$1=$BI$6,$AH16=$BQ$5),AND($AM$1=$BI$6,$AM16=$BQ$5),AND($AR$1=$BI$6,$AR16=$BQ$5),AND($AW$1=$BI$6,$AW16=$BQ$5))) | BR16: =IF(AND($A16="",$C16=""),"",SUM(AND($D$1=$BJ$6,$D16=$BQ$5),AND($I$1=$BJ$6,$I16=$BQ$5),AND($N$1=$BJ$6,$N16=$BQ$5),AND($S$1=$BJ$6,$S16=$BQ$5),AND($X$1=$BJ$6,$X16=$BQ$5),AND($AC$1=$BJ$6,$AC16=$BQ$5),AND($AH$1=$BJ$6,$AH16=$BQ$5),AND($AM$1=$BJ$6,$AM16=$BQ$5),AND($AR$1=$BJ$6,$AR16=$BQ$5),AND($AW$1=$BJ$6,$AW16=$BQ$5))) | BS16: =IF(AND($A16="",$C16=""),"",SUM(AND($D$1=$BK$6,$D16=$BQ$5),AND($I$1=$BK$6,$I16=$BQ$5),AND($N$1=$BK$6,$N16=$BQ$5),AND($S$1=$BK$6,$S16=$BQ$5),AND($X$1=$BK$6,$X16=$BQ$5),AND($AC$1=$BK$6,$AC16=$BQ$5),AND($AH$1=$BK$6,$AH16=$BQ$5),AND($AM$1=$BK$6,$AM16=$BQ$5),AND($AR$1=$BK$6,$AR16=$BQ$5),AND($AW$1=$BK$6,$AW16=$BQ$5))) | BU16: =IF(AND($A16="",$C16=""),"",SUM(AND($D$1=$BI$6,$D16=$BU$5),AND($I$1=$BI$6,$I16=$BU$5),AND($N$1=$BI$6,$N16=$BU$5),AND($S$1=$BI$6,$S16=$BU$5),AND($X$1=$BI$6,$X16=$BU$5),AND($AC$1=$BI$6,$AC16=$BU$5),AND($AH$1=$BI$6,$AH16=$BU$5),AND($AM$1=$BI$6,$AM16=$BU$5),AND($AR$1=$BI$6,$AR16=$BU$5),AND($AW$1=$BI$6,$AW16=$BU$5))) | BV16: =IF(AND($A16="",$C16=""),"",SUM(AND($D$1=$BJ$6,$D16=$BU$5),AND($I$1=$BJ$6,$I16=$BU$5),AND($N$1=$BJ$6,$N16=$BU$5),AND($S$1=$BJ$6,$S16=$BU$5),AND($X$1=$BJ$6,$X16=$BU$5),AND($AC$1=$BJ$6,$AC16=$BU$5),AND($AH$1=$BJ$6,$AH16=$BU$5),AND($AM$1=$BJ$6,$AM16=$BU$5),AND($AR$1=$BJ$6,$AR16=$BU$5),AND($AW$1=$BJ$6,$AW16=$BU$5))) | BW16: =IF(AND($A16="",$C16=""),"",SUM(AND($D$1=$BK$6,$D16=$BU$5),AND($I$1=$BK$6,$I16=$BU$5),AND($N$1=$BK$6,$N16=$BU$5),AND($S$1=$BK$6,$S16=$BU$5),AND($X$1=$BK$6,$X16=$BU$5),AND($AC$1=$BK$6,$AC16=$BU$5),AND($AH$1=$BK$6,$AH16=$BU$5),AND($AM$1=$BK$6,$AM16=$BU$5),AND($AR$1=$BK$6,$AR16=$BU$5),AND($AW$1=$BK$6,$AW16=$BU$5))) | BY16: =IF(AND($A16="",$C16=""),"",SUM(AND($D$1=$BI$6,$D16=$BY$5),AND($I$1=$BI$6,$I16=$BY$5),AND($N$1=$BI$6,$N16=$BY$5),AND($S$1=$BI$6,$S16=$BY$5),AND($X$1=$BI$6,$X16=$BY$5),AND($AC$1=$BI$6,$AC16=$BY$5),AND($AH$1=$BI$6,$AH16=$BY$5),AND($AM$1=$BI$6,$AM16=$BY$5),AND($AR$1=$BI$6,$AR16=$BY$5),AND($AW$1=$BI$6,$AW16=$BY$5))) | BZ16: =IF(AND($A16="",$C16=""),"",SUM(AND($D$1=$BJ$6,$D16=$BY$5),AND($I$1=$BJ$6,$I16=$BY$5),AND($N$1=$BJ$6,$N16=$BY$5),AND($S$1=$BJ$6,$S16=$BY$5),AND($X$1=$BJ$6,$X16=$BY$5),AND($AC$1=$BJ$6,$AC16=$BY$5),AND($AH$1=$BJ$6,$AH16=$BY$5),AND($AM$1=$BJ$6,$AM16=$BY$5),AND($AR$1=$BJ$6,$AR16=$BY$5),AND($AW$1=$BJ$6,$AW16=$BY$5))) | CA16: =IF(AND($A16="",$C16=""),"",SUM(AND($D$1=$BK$6,$D16=$BY$5),AND($I$1=$BK$6,$I16=$BY$5),AND($N$1=$BK$6,$N16=$BY$5),AND($S$1=$BK$6,$S16=$BY$5),AND($X$1=$BK$6,$X16=$BY$5),AND($AC$1=$BK$6,$AC16=$BY$5),AND($AH$1=$BK$6,$AH16=$BY$5),AND($AM$1=$BK$6,$AM16=$BY$5),AND($AR$1=$BK$6,$AR16=$BY$5),AND($AW$1=$BK$6,$AW16=$BY$5))) | CC16: =IF(AND($A16="",$C16=""),"",SUM(AND($D$1=$BI$6,$D16=$CC$5),AND($I$1=$BI$6,$I16=$CC$5),AND($N$1=$BI$6,$N16=$CC$5),AND($S$1=$BI$6,$S16=$CC$5),AND($X$1=$BI$6,$X16=$CC$5),AND($AC$1=$BI$6,$AC16=$CC$5),AND($AH$1=$BI$6,$AH16=$CC$5),AND($AM$1=$BI$6,$AM16=$CC$5),AND($AR$1=$BI$6,$AR16=$CC$5),AND($AW$1=$BI$6,$AW16=$CC$5))) | CD16: =IF(AND($A16="",$C16=""),"",SUM(AND($D$1=$BJ$6,$D16=$CC$5),AND($I$1=$BJ$6,$I16=$CC$5),AND($N$1=$BJ$6,$N16=$CC$5),AND($S$1=$BJ$6,$S16=$CC$5),AND($X$1=$BJ$6,$X16=$CC$5),AND($AC$1=$BJ$6,$AC16=$CC$5),AND($AH$1=$BJ$6,$AH16=$CC$5),AND($AM$1=$BJ$6,$AM16=$CC$5),AND($AR$1=$BJ$6,$AR16=$CC$5),AND($AW$1=$BJ$6,$AW16=$CC$5))) | CE16: =IF(AND($A16="",$C16=""),"",SUM(AND($D$1=$BK$6,$D16=$CC$5),AND($I$1=$BK$6,$I16=$CC$5),AND($N$1=$BK$6,$N16=$CC$5),AND($S$1=$BK$6,$S16=$CC$5),AND($X$1=$BK$6,$X16=$CC$5),AND($AC$1=$BK$6,$AC16=$CC$5),AND($AH$1=$BK$6,$AH16=$CC$5),AND($AM$1=$BK$6,$AM16=$CC$5),AND($AR$1=$BK$6,$AR16=$CC$5),AND($AW$1=$BK$6,$AW16=$CC$5))) | CF16: =IF(AND($A16="",$C16=""),"",COUNTIF(D16:AW16,"Non Evaluable"))
B17: =IF(C17="","",SUM(B16,1)) | C17: =IF($B$6="","",IF(OFFSET(INDEX(Base_Elèves!$A$1:$BY$1,1,MATCH($B$6,Base_Elèves!$A$1:$BY$1,0)),Base_Elèves!$CA12,0,1,1)="","",OFFSET(INDEX(Base_Elèves!$A$1:$BY$1,1,MATCH($B$6,Base_Elèves!$A$1:$BY$1,0)),Base_Elèves!$CA12,0,1,1))) | E17: =IF(D17="","",IF(OR(D17="Non Acquis",D17="Non Evaluable"),0,MATCH(D17,Points_Validation,0))) | G17: =IF(D17="","",G$3) | H17: =IF(D17="","",E17*G17) | J17: =IF(I17="","",IF(OR(I17="Non Acquis",I17="Non Evaluable"),0,MATCH(I17,Points_Validation,0))) | L17: =IF(I17="","",L$3) | M17: =IF(I17="","",J17*L17) | O17: =IF(N17="","",IF(OR(N17="Non Acquis",N17="Non Evaluable"),0,MATCH(N17,Points_Validation,0))) | Q17: =IF(N17="","",Q$3) | R17: =IF(N17="","",O17*Q17) | T17: =IF(S17="","",IF(OR(S17="Non Acquis",S17="Non Evaluable"),0,MATCH(S17,Points_Validation,0))) | V17: =IF(S17="","",V$3) | W17: =IF(S17="","",T17*V17) | Y17: =IF(X17="","",IF(OR(X17="Non Acquis",X17="Non Evaluable"),0,MATCH(X17,Points_Validation,0))) | AA17: =IF(X17="","",AA$3) | AB17: =IF(X17="","",Y17*AA17) | AD17: =IF(AC17="","",IF(OR(AC17="Non Acquis",AC17="Non Evaluable"),0,MATCH(AC17,Points_Validation,0))) | AF17: =IF(AC17="","",AF$3) | AG17: =IF(AC17="","",AD17*AF17) | AI17: =IF(AH17="","",IF(OR(AH17="Non Acquis",AH17="Non Evaluable"),0,MATCH(AH17,Points_Validation,0))) | AK17: =IF(AH17="","",AK$3) | AL17: =IF(AH17="","",AI17*AK17) | AN17: =IF(AM17="","",IF(OR(AM17="Non Acquis",AM17="Non Evaluable"),0,MATCH(AM17,Points_Validation,0))) | AP17: =IF(AM17="","",AP$3) | AQ17: =IF(AM17="","",AN17*AP17) | AS17: =IF(AR17="","",IF(OR(AR17="Non Acquis",AR17="Non Evaluable"),0,MATCH(AR17,Points_Validation,0))) | AU17: =IF(AR17="","",AU$3) | AV17: =IF(AR17="","",AS17*AU17) | AX17: =IF(AW17="","",IF(OR(AW17="Non Acquis",AW17="Non Evaluable"),0,MATCH(AW17,Points_Validation,0))) | AZ17: =IF(AW17="","",AZ$3) | BA17: =IF(AW17="","",AX17*AZ17) | BC17: =IF(AND(A17="",C17=""),"",COUNTA(AW17,AR17,AM17,AH17,AC17,X17,S17,N17,I17,D17)) | BD17: =IF(AND(A17="",C17=""),"",SUM(BA17,AV17,AQ17,AL17,AG17,AB17,W17,R17,M17,H17)) | BF17: =IF(AND(A17="",C17=""),"",IF(A17="Absent","Absent",IF($BE$7="","",IF(BC17=0,"",IF(ROUND(BD17*$BE$7,1)>20,20,ROUND(BD17*$BE$7,1)))))) | BG17: =IF(OR(BF17="",BF17="Absent"),"",IF(ROUND(BD17*$BE$7,1)>20,ROUND(BD17*$BE$7,1),BF17)) | BH17: =IF(OR(A17="Absent",BF17=""),"",IF($B$5="LV2",INDEX(Base_Classes_Niveaux!$A$102:$M$153,MATCH(BG17,Base_Classes_Niveaux!$A$102:$A$1533),$BB$3),IF(OR($B$6="3A",$B$6="4A",$B$6="5A",$B$6="6A"),INDEX(Base_Classes_Niveaux!$A$162:$M$213,MATCH(BG17,Base_Classes_Niveaux!$A$102:$A$153),$AX$6),IF(OR($B$6<>"3A",$B$6<>"4A",$B$6<>"5A",$B$6<>"6A"),INDEX(Base_Classes_Niveaux!$A$39:$M$90,MATCH(BG17,Base_Classes_Niveaux!$A$39:$A$90),$AX$6))))) | BI17: =IF(AND($A17="",$C17=""),"",SUM(AND($D$1=$BI$6,$D17=$BI$5),AND($I$1=$BI$6,$I17=$BI$5),AND($N$1=$BI$6,$N17=$BI$5),AND($S$1=$BI$6,$S17=$BI$5),AND($X$1=$BI$6,$X17=$BI$5),AND($AC$1=$BI$6,$AC17=$BI$5),AND($AH$1=$BI$6,$AH17=$BI$5),AND($AM$1=$BI$6,$AM17=$BI$5),AND($AR$1=$BI$6,$AR17=$BI$5),AND($AW$1=$BI$6,$AW17=$BI$5))) | BJ17: =IF(AND($A17="",$C17=""),"",SUM(AND($D$1=$BJ$6,$D17=$BI$5),AND($I$1=$BJ$6,$I17=$BI$5),AND($N$1=$BJ$6,$N17=$BI$5),AND($S$1=$BJ$6,$S17=$BI$5),AND($X$1=$BJ$6,$X17=$BI$5),AND($AC$1=$BJ$6,$AC17=$BI$5),AND($AH$1=$BJ$6,$AH17=$BI$5),AND($AM$1=$BJ$6,$AM17=$BI$5),AND($AR$1=$BJ$6,$AR17=$BI$5),AND($AW$1=$BJ$6,$AW17=$BI$5))) | BK17: =IF(AND($A17="",$C17=""),"",SUM(AND($D$1=$BK$6,$D17=$BI$5),AND($I$1=$BK$6,$I17=$BI$5),AND($N$1=$BK$6,$N17=$BI$5),AND($S$1=$BK$6,$S17=$BI$5),AND($X$1=$BK$6,$X17=$BI$5),AND($AC$1=$BK$6,$AC17=$BI$5),AND($AH$1=$BK$6,$AH17=$BI$5),AND($AM$1=$BK$6,$AM17=$BI$5),AND($AR$1=$BK$6,$AR17=$BI$5),AND($AW$1=$BK$6,$AW17=$BI$5))) | BM17: =IF(AND($A17="",$C17=""),"",SUM(AND($D$1=$BI$6,$D17=$BM$5),AND($I$1=$BI$6,$I17=$BM$5),AND($N$1=$BI$6,$N17=$BM$5),AND($S$1=$BI$6,$S17=$BM$5),AND($X$1=$BI$6,$X17=$BM$5),AND($AC$1=$BI$6,$AC17=$BM$5),AND($AH$1=$BI$6,$AH17=$BM$5),AND($AM$1=$BI$6,$AM17=$BM$5),AND($AR$1=$BI$6,$AR17=$BM$5),AND($AW$1=$BI$6,$AW17=$BM$5))) | BN17: =IF(AND($A17="",$C17=""),"",SUM(AND($D$1=$BJ$6,$D17=$BM$5),AND($I$1=$BJ$6,$I17=$BM$5),AND($N$1=$BJ$6,$N17=$BM$5),AND($S$1=$BJ$6,$S17=$BM$5),AND($X$1=$BJ$6,$X17=$BM$5),AND($AC$1=$BJ$6,$AC17=$BM$5),AND($AH$1=$BJ$6,$AH17=$BM$5),AND($AM$1=$BJ$6,$AM17=$BM$5),AND($AR$1=$BJ$6,$AR17=$BM$5),AND($AW$1=$BJ$6,$AW17=$BM$5))) | BO17: =IF(AND($A17="",$C17=""),"",SUM(AND($D$1=$BK$6,$D17=$BM$5),AND($I$1=$BK$6,$I17=$BM$5),AND($N$1=$BK$6,$N17=$BM$5),AND($S$1=$BK$6,$S17=$BM$5),AND($X$1=$BK$6,$X17=$BM$5),AND($AC$1=$BK$6,$AC17=$BM$5),AND($AH$1=$BK$6,$AH17=$BM$5),AND($AM$1=$BK$6,$AM17=$BM$5),AND($AR$1=$BK$6,$AR17=$BM$5),AND($AW$1=$BK$6,$AW17=$BM$5))) | BQ17: =IF(AND($A17="",$C17=""),"",SUM(AND($D$1=$BI$6,$D17=$BQ$5),AND($I$1=$BI$6,$I17=$BQ$5),AND($N$1=$BI$6,$N17=$BQ$5),AND($S$1=$BI$6,$S17=$BQ$5),AND($X$1=$BI$6,$X17=$BQ$5),AND($AC$1=$BI$6,$AC17=$BQ$5),AND($AH$1=$BI$6,$AH17=$BQ$5),AND($AM$1=$BI$6,$AM17=$BQ$5),AND($AR$1=$BI$6,$AR17=$BQ$5),AND($AW$1=$BI$6,$AW17=$BQ$5))) | BR17: =IF(AND($A17="",$C17=""),"",SUM(AND($D$1=$BJ$6,$D17=$BQ$5),AND($I$1=$BJ$6,$I17=$BQ$5),AND($N$1=$BJ$6,$N17=$BQ$5),AND($S$1=$BJ$6,$S17=$BQ$5),AND($X$1=$BJ$6,$X17=$BQ$5),AND($AC$1=$BJ$6,$AC17=$BQ$5),AND($AH$1=$BJ$6,$AH17=$BQ$5),AND($AM$1=$BJ$6,$AM17=$BQ$5),AND($AR$1=$BJ$6,$AR17=$BQ$5),AND($AW$1=$BJ$6,$AW17=$BQ$5))) | BS17: =IF(AND($A17="",$C17=""),"",SUM(AND($D$1=$BK$6,$D17=$BQ$5),AND($I$1=$BK$6,$I17=$BQ$5),AND($N$1=$BK$6,$N17=$BQ$5),AND($S$1=$BK$6,$S17=$BQ$5),AND($X$1=$BK$6,$X17=$BQ$5),AND($AC$1=$BK$6,$AC17=$BQ$5),AND($AH$1=$BK$6,$AH17=$BQ$5),AND($AM$1=$BK$6,$AM17=$BQ$5),AND($AR$1=$BK$6,$AR17=$BQ$5),AND($AW$1=$BK$6,$AW17=$BQ$5))) | BU17: =IF(AND($A17="",$C17=""),"",SUM(AND($D$1=$BI$6,$D17=$BU$5),AND($I$1=$BI$6,$I17=$BU$5),AND($N$1=$BI$6,$N17=$BU$5),AND($S$1=$BI$6,$S17=$BU$5),AND($X$1=$BI$6,$X17=$BU$5),AND($AC$1=$BI$6,$AC17=$BU$5),AND($AH$1=$BI$6,$AH17=$BU$5),AND($AM$1=$BI$6,$AM17=$BU$5),AND($AR$1=$BI$6,$AR17=$BU$5),AND($AW$1=$BI$6,$AW17=$BU$5))) | BV17: =IF(AND($A17="",$C17=""),"",SUM(AND($D$1=$BJ$6,$D17=$BU$5),AND($I$1=$BJ$6,$I17=$BU$5),AND($N$1=$BJ$6,$N17=$BU$5),AND($S$1=$BJ$6,$S17=$BU$5),AND($X$1=$BJ$6,$X17=$BU$5),AND($AC$1=$BJ$6,$AC17=$BU$5),AND($AH$1=$BJ$6,$AH17=$BU$5),AND($AM$1=$BJ$6,$AM17=$BU$5),AND($AR$1=$BJ$6,$AR17=$BU$5),AND($AW$1=$BJ$6,$AW17=$BU$5))) | BW17: =IF(AND($A17="",$C17=""),"",SUM(AND($D$1=$BK$6,$D17=$BU$5),AND($I$1=$BK$6,$I17=$BU$5),AND($N$1=$BK$6,$N17=$BU$5),AND($S$1=$BK$6,$S17=$BU$5),AND($X$1=$BK$6,$X17=$BU$5),AND($AC$1=$BK$6,$AC17=$BU$5),AND($AH$1=$BK$6,$AH17=$BU$5),AND($AM$1=$BK$6,$AM17=$BU$5),AND($AR$1=$BK$6,$AR17=$BU$5),AND($AW$1=$BK$6,$AW17=$BU$5))) | BY17: =IF(AND($A17="",$C17=""),"",SUM(AND($D$1=$BI$6,$D17=$BY$5),AND($I$1=$BI$6,$I17=$BY$5),AND($N$1=$BI$6,$N17=$BY$5),AND($S$1=$BI$6,$S17=$BY$5),AND($X$1=$BI$6,$X17=$BY$5),AND($AC$1=$BI$6,$AC17=$BY$5),AND($AH$1=$BI$6,$AH17=$BY$5),AND($AM$1=$BI$6,$AM17=$BY$5),AND($AR$1=$BI$6,$AR17=$BY$5),AND($AW$1=$BI$6,$AW17=$BY$5))) | BZ17: =IF(AND($A17="",$C17=""),"",SUM(AND($D$1=$BJ$6,$D17=$BY$5),AND($I$1=$BJ$6,$I17=$BY$5),AND($N$1=$BJ$6,$N17=$BY$5),AND($S$1=$BJ$6,$S17=$BY$5),AND($X$1=$BJ$6,$X17=$BY$5),AND($AC$1=$BJ$6,$AC17=$BY$5),AND($AH$1=$BJ$6,$AH17=$BY$5),AND($AM$1=$BJ$6,$AM17=$BY$5),AND($AR$1=$BJ$6,$AR17=$BY$5),AND($AW$1=$BJ$6,$AW17=$BY$5))) | CA17: =IF(AND($A17="",$C17=""),"",SUM(AND($D$1=$BK$6,$D17=$BY$5),AND($I$1=$BK$6,$I17=$BY$5),AND($N$1=$BK$6,$N17=$BY$5),AND($S$1=$BK$6,$S17=$BY$5),AND($X$1=$BK$6,$X17=$BY$5),AND($AC$1=$BK$6,$AC17=$BY$5),AND($AH$1=$BK$6,$AH17=$BY$5),AND($AM$1=$BK$6,$AM17=$BY$5),AND($AR$1=$BK$6,$AR17=$BY$5),AND($AW$1=$BK$6,$AW17=$BY$5))) | CC17: =IF(AND($A17="",$C17=""),"",SUM(AND($D$1=$BI$6,$D17=$CC$5),AND($I$1=$BI$6,$I17=$CC$5),AND($N$1=$BI$6,$N17=$CC$5),AND($S$1=$BI$6,$S17=$CC$5),AND($X$1=$BI$6,$X17=$CC$5),AND($AC$1=$BI$6,$AC17=$CC$5),AND($AH$1=$BI$6,$AH17=$CC$5),AND($AM$1=$BI$6,$AM17=$CC$5),AND($AR$1=$BI$6,$AR17=$CC$5),AND($AW$1=$BI$6,$AW17=$CC$5))) | CD17: =IF(AND($A17="",$C17=""),"",SUM(AND($D$1=$BJ$6,$D17=$CC$5),AND($I$1=$BJ$6,$I17=$CC$5),AND($N$1=$BJ$6,$N17=$CC$5),AND($S$1=$BJ$6,$S17=$CC$5),AND($X$1=$BJ$6,$X17=$CC$5),AND($AC$1=$BJ$6,$AC17=$CC$5),AND($AH$1=$BJ$6,$AH17=$CC$5),AND($AM$1=$BJ$6,$AM17=$CC$5),AND($AR$1=$BJ$6,$AR17=$CC$5),AND($AW$1=$BJ$6,$AW17=$CC$5))) | CE17: =IF(AND($A17="",$C17=""),"",SUM(AND($D$1=$BK$6,$D17=$CC$5),AND($I$1=$BK$6,$I17=$CC$5),AND($N$1=$BK$6,$N17=$CC$5),AND($S$1=$BK$6,$S17=$CC$5),AND($X$1=$BK$6,$X17=$CC$5),AND($AC$1=$BK$6,$AC17=$CC$5),AND($AH$1=$BK$6,$AH17=$CC$5),AND($AM$1=$BK$6,$AM17=$CC$5),AND($AR$1=$BK$6,$AR17=$CC$5),AND($AW$1=$BK$6,$AW17=$CC$5))) | CF17: =IF(AND($A17="",$C17=""),"",COUNTIF(D17:AW17,"Non Evaluable"))
B18: =IF(C18="","",SUM(B17,1)) | C18: =IF($B$6="","",IF(OFFSET(INDEX(Base_Elèves!$A$1:$BY$1,1,MATCH($B$6,Base_Elèves!$A$1:$BY$1,0)),Base_Elèves!$CA13,0,1,1)="","",OFFSET(INDEX(Base_Elèves!$A$1:$BY$1,1,MATCH($B$6,Base_Elèves!$A$1:$BY$1,0)),Base_Elèves!$CA13,0,1,1))) | E18: =IF(D18="","",IF(OR(D18="Non Acquis",D18="Non Evaluable"),0,MATCH(D18,Points_Validation,0))) | G18: =IF(D18="","",G$3) | H18: =IF(D18="","",E18*G18) | J18: =IF(I18="","",IF(OR(I18="Non Acquis",I18="Non Evaluable"),0,MATCH(I18,Points_Validation,0))) | L18: =IF(I18="","",L$3) | M18: =IF(I18="","",J18*L18) | O18: =IF(N18="","",IF(OR(N18="Non Acquis",N18="Non Evaluable"),0,MATCH(N18,Points_Validation,0))) | Q18: =IF(N18="","",Q$3) | R18: =IF(N18="","",O18*Q18) | T18: =IF(S18="","",IF(OR(S18="Non Acquis",S18="Non Evaluable"),0,MATCH(S18,Points_Validation,0))) | V18: =IF(S18="","",V$3) | W18: =IF(S18="","",T18*V18) | Y18: =IF(X18="","",IF(OR(X18="Non Acquis",X18="Non Evaluable"),0,MATCH(X18,Points_Validation,0))) | AA18: =IF(X18="","",AA$3) | AB18: =IF(X18="","",Y18*AA18) | AD18: =IF(AC18="","",IF(OR(AC18="Non Acquis",AC18="Non Evaluable"),0,MATCH(AC18,Points_Validation,0))) | AF18: =IF(AC18="","",AF$3) | AG18: =IF(AC18="","",AD18*AF18) | AI18: =IF(AH18="","",IF(OR(AH18="Non Acquis",AH18="Non Evaluable"),0,MATCH(AH18,Points_Validation,0))) | AK18: =IF(AH18="","",AK$3) | AL18: =IF(AH18="","",AI18*AK18) | AN18: =IF(AM18="","",IF(OR(AM18="Non Acquis",AM18="Non Evaluable"),0,MATCH(AM18,Points_Validation,0))) | AP18: =IF(AM18="","",AP$3) | AQ18: =IF(AM18="","",AN18*AP18) | AS18: =IF(AR18="","",IF(OR(AR18="Non Acquis",AR18="Non Evaluable"),0,MATCH(AR18,Points_Validation,0))) | AU18: =IF(AR18="","",AU$3) | AV18: =IF(AR18="","",AS18*AU18) | AX18: =IF(AW18="","",IF(OR(AW18="Non Acquis",AW18="Non Evaluable"),0,MATCH(AW18,Points_Validation,0))) | AZ18: =IF(AW18="","",AZ$3) | BA18: =IF(AW18="","",AX18*AZ18) | BC18: =IF(AND(A18="",C18=""),"",COUNTA(AW18,AR18,AM18,AH18,AC18,X18,S18,N18,I18,D18)) | BD18: =IF(AND(A18="",C18=""),"",SUM(BA18,AV18,AQ18,AL18,AG18,AB18,W18,R18,M18,H18)) | BF18: =IF(AND(A18="",C18=""),"",IF(A18="Absent","Absent",IF($BE$7="","",IF(BC18=0,"",IF(ROUND(BD18*$BE$7,1)>20,20,ROUND(BD18*$BE$7,1)))))) | BG18: =IF(OR(BF18="",BF18="Absent"),"",IF(ROUND(BD18*$BE$7,1)>20,ROUND(BD18*$BE$7,1),BF18)) | BH18: =IF(OR(A18="Absent",BF18=""),"",IF($B$5="LV2",INDEX(Base_Classes_Niveaux!$A$102:$M$153,MATCH(BG18,Base_Classes_Niveaux!$A$102:$A$1533),$BB$3),IF(OR($B$6="3A",$B$6="4A",$B$6="5A",$B$6="6A"),INDEX(Base_Classes_Niveaux!$A$162:$M$213,MATCH(BG18,Base_Classes_Niveaux!$A$102:$A$153),$AX$6),IF(OR($B$6<>"3A",$B$6<>"4A",$B$6<>"5A",$B$6<>"6A"),INDEX(Base_Classes_Niveaux!$A$39:$M$90,MATCH(BG18,Base_Classes_Niveaux!$A$39:$A$90),$AX$6))))) | BI18: =IF(AND($A18="",$C18=""),"",SUM(AND($D$1=$BI$6,$D18=$BI$5),AND($I$1=$BI$6,$I18=$BI$5),AND($N$1=$BI$6,$N18=$BI$5),AND($S$1=$BI$6,$S18=$BI$5),AND($X$1=$BI$6,$X18=$BI$5),AND($AC$1=$BI$6,$AC18=$BI$5),AND($AH$1=$BI$6,$AH18=$BI$5),AND($AM$1=$BI$6,$AM18=$BI$5),AND($AR$1=$BI$6,$AR18=$BI$5),AND($AW$1=$BI$6,$AW18=$BI$5))) | BJ18: =IF(AND($A18="",$C18=""),"",SUM(AND($D$1=$BJ$6,$D18=$BI$5),AND($I$1=$BJ$6,$I18=$BI$5),AND($N$1=$BJ$6,$N18=$BI$5),AND($S$1=$BJ$6,$S18=$BI$5),AND($X$1=$BJ$6,$X18=$BI$5),AND($AC$1=$BJ$6,$AC18=$BI$5),AND($AH$1=$BJ$6,$AH18=$BI$5),AND($AM$1=$BJ$6,$AM18=$BI$5),AND($AR$1=$BJ$6,$AR18=$BI$5),AND($AW$1=$BJ$6,$AW18=$BI$5))) | BK18: =IF(AND($A18="",$C18=""),"",SUM(AND($D$1=$BK$6,$D18=$BI$5),AND($I$1=$BK$6,$I18=$BI$5),AND($N$1=$BK$6,$N18=$BI$5),AND($S$1=$BK$6,$S18=$BI$5),AND($X$1=$BK$6,$X18=$BI$5),AND($AC$1=$BK$6,$AC18=$BI$5),AND($AH$1=$BK$6,$AH18=$BI$5),AND($AM$1=$BK$6,$AM18=$BI$5),AND($AR$1=$BK$6,$AR18=$BI$5),AND($AW$1=$BK$6,$AW18=$BI$5))) | BM18: =IF(AND($A18="",$C18=""),"",SUM(AND($D$1=$BI$6,$D18=$BM$5),AND($I$1=$BI$6,$I18=$BM$5),AND($N$1=$BI$6,$N18=$BM$5),AND($S$1=$BI$6,$S18=$BM$5),AND($X$1=$BI$6,$X18=$BM$5),AND($AC$1=$BI$6,$AC18=$BM$5),AND($AH$1=$BI$6,$AH18=$BM$5),AND($AM$1=$BI$6,$AM18=$BM$5),AND($AR$1=$BI$6,$AR18=$BM$5),AND($AW$1=$BI$6,$AW18=$BM$5))) | BN18: =IF(AND($A18="",$C18=""),"",SUM(AND($D$1=$BJ$6,$D18=$BM$5),AND($I$1=$BJ$6,$I18=$BM$5),AND($N$1=$BJ$6,$N18=$BM$5),AND($S$1=$BJ$6,$S18=$BM$5),AND($X$1=$BJ$6,$X18=$BM$5),AND($AC$1=$BJ$6,$AC18=$BM$5),AND($AH$1=$BJ$6,$AH18=$BM$5),AND($AM$1=$BJ$6,$AM18=$BM$5),AND($AR$1=$BJ$6,$AR18=$BM$5),AND($AW$1=$BJ$6,$AW18=$BM$5))) | BO18: =IF(AND($A18="",$C18=""),"",SUM(AND($D$1=$BK$6,$D18=$BM$5),AND($I$1=$BK$6,$I18=$BM$5),AND($N$1=$BK$6,$N18=$BM$5),AND($S$1=$BK$6,$S18=$BM$5),AND($X$1=$BK$6,$X18=$BM$5),AND($AC$1=$BK$6,$AC18=$BM$5),AND($AH$1=$BK$6,$AH18=$BM$5),AND($AM$1=$BK$6,$AM18=$BM$5),AND($AR$1=$BK$6,$AR18=$BM$5),AND($AW$1=$BK$6,$AW18=$BM$5))) | BQ18: =IF(AND($A18="",$C18=""),"",SUM(AND($D$1=$BI$6,$D18=$BQ$5),AND($I$1=$BI$6,$I18=$BQ$5),AND($N$1=$BI$6,$N18=$BQ$5),AND($S$1=$BI$6,$S18=$BQ$5),AND($X$1=$BI$6,$X18=$BQ$5),AND($AC$1=$BI$6,$AC18=$BQ$5),AND($AH$1=$BI$6,$AH18=$BQ$5),AND($AM$1=$BI$6,$AM18=$BQ$5),AND($AR$1=$BI$6,$AR18=$BQ$5),AND($AW$1=$BI$6,$AW18=$BQ$5))) | BR18: =IF(AND($A18="",$C18=""),"",SUM(AND($D$1=$BJ$6,$D18=$BQ$5),AND($I$1=$BJ$6,$I18=$BQ$5),AND($N$1=$BJ$6,$N18=$BQ$5),AND($S$1=$BJ$6,$S18=$BQ$5),AND($X$1=$BJ$6,$X18=$BQ$5),AND($AC$1=$BJ$6,$AC18=$BQ$5),AND($AH$1=$BJ$6,$AH18=$BQ$5),AND($AM$1=$BJ$6,$AM18=$BQ$5),AND($AR$1=$BJ$6,$AR18=$BQ$5),AND($AW$1=$BJ$6,$AW18=$BQ$5))) | BS18: =IF(AND($A18="",$C18=""),"",SUM(AND($D$1=$BK$6,$D18=$BQ$5),AND($I$1=$BK$6,$I18=$BQ$5),AND($N$1=$BK$6,$N18=$BQ$5),AND($S$1=$BK$6,$S18=$BQ$5),AND($X$1=$BK$6,$X18=$BQ$5),AND($AC$1=$BK$6,$AC18=$BQ$5),AND($AH$1=$BK$6,$AH18=$BQ$5),AND($AM$1=$BK$6,$AM18=$BQ$5),AND($AR$1=$BK$6,$AR18=$BQ$5),AND($AW$1=$BK$6,$AW18=$BQ$5))) | BU18: =IF(AND($A18="",$C18=""),"",SUM(AND($D$1=$BI$6,$D18=$BU$5),AND($I$1=$BI$6,$I18=$BU$5),AND($N$1=$BI$6,$N18=$BU$5),AND($S$1=$BI$6,$S18=$BU$5),AND($X$1=$BI$6,$X18=$BU$5),AND($AC$1=$BI$6,$AC18=$BU$5),AND($AH$1=$BI$6,$AH18=$BU$5),AND($AM$1=$BI$6,$AM18=$BU$5),AND($AR$1=$BI$6,$AR18=$BU$5),AND($AW$1=$BI$6,$AW18=$BU$5))) | BV18: =IF(AND($A18="",$C18=""),"",SUM(AND($D$1=$BJ$6,$D18=$BU$5),AND($I$1=$BJ$6,$I18=$BU$5),AND($N$1=$BJ$6,$N18=$BU$5),AND($S$1=$BJ$6,$S18=$BU$5),AND($X$1=$BJ$6,$X18=$BU$5),AND($AC$1=$BJ$6,$AC18=$BU$5),AND($AH$1=$BJ$6,$AH18=$BU$5),AND($AM$1=$BJ$6,$AM18=$BU$5),AND($AR$1=$BJ$6,$AR18=$BU$5),AND($AW$1=$BJ$6,$AW18=$BU$5))) | BW18: =IF(AND($A18="",$C18=""),"",SUM(AND($D$1=$BK$6,$D18=$BU$5),AND($I$1=$BK$6,$I18=$BU$5),AND($N$1=$BK$6,$N18=$BU$5),AND($S$1=$BK$6,$S18=$BU$5),AND($X$1=$BK$6,$X18=$BU$5),AND($AC$1=$BK$6,$AC18=$BU$5),AND($AH$1=$BK$6,$AH18=$BU$5),AND($AM$1=$BK$6,$AM18=$BU$5),AND($AR$1=$BK$6,$AR18=$BU$5),AND($AW$1=$BK$6,$AW18=$BU$5))) | BY18: =IF(AND($A18="",$C18=""),"",SUM(AND($D$1=$BI$6,$D18=$BY$5),AND($I$1=$BI$6,$I18=$BY$5),AND($N$1=$BI$6,$N18=$BY$5),AND($S$1=$BI$6,$S18=$BY$5),AND($X$1=$BI$6,$X18=$BY$5),AND($AC$1=$BI$6,$AC18=$BY$5),AND($AH$1=$BI$6,$AH18=$BY$5),AND($AM$1=$BI$6,$AM18=$BY$5),AND($AR$1=$BI$6,$AR18=$BY$5),AND($AW$1=$BI$6,$AW18=$BY$5))) | BZ18: =IF(AND($A18="",$C18=""),"",SUM(AND($D$1=$BJ$6,$D18=$BY$5),AND($I$1=$BJ$6,$I18=$BY$5),AND($N$1=$BJ$6,$N18=$BY$5),AND($S$1=$BJ$6,$S18=$BY$5),AND($X$1=$BJ$6,$X18=$BY$5),AND($AC$1=$BJ$6,$AC18=$BY$5),AND($AH$1=$BJ$6,$AH18=$BY$5),AND($AM$1=$BJ$6,$AM18=$BY$5),AND($AR$1=$BJ$6,$AR18=$BY$5),AND($AW$1=$BJ$6,$AW18=$BY$5))) | CA18: =IF(AND($A18="",$C18=""),"",SUM(AND($D$1=$BK$6,$D18=$BY$5),AND($I$1=$BK$6,$I18=$BY$5),AND($N$1=$BK$6,$N18=$BY$5),AND($S$1=$BK$6,$S18=$BY$5),AND($X$1=$BK$6,$X18=$BY$5),AND($AC$1=$BK$6,$AC18=$BY$5),AND($AH$1=$BK$6,$AH18=$BY$5),AND($AM$1=$BK$6,$AM18=$BY$5),AND($AR$1=$BK$6,$AR18=$BY$5),AND($AW$1=$BK$6,$AW18=$BY$5))) | CC18: =IF(AND($A18="",$C18=""),"",SUM(AND($D$1=$BI$6,$D18=$CC$5),AND($I$1=$BI$6,$I18=$CC$5),AND($N$1=$BI$6,$N18=$CC$5),AND($S$1=$BI$6,$S18=$CC$5),AND($X$1=$BI$6,$X18=$CC$5),AND($AC$1=$BI$6,$AC18=$CC$5),AND($AH$1=$BI$6,$AH18=$CC$5),AND($AM$1=$BI$6,$AM18=$CC$5),AND($AR$1=$BI$6,$AR18=$CC$5),AND($AW$1=$BI$6,$AW18=$CC$5))) | CD18: =IF(AND($A18="",$C18=""),"",SUM(AND($D$1=$BJ$6,$D18=$CC$5),AND($I$1=$BJ$6,$I18=$CC$5),AND($N$1=$BJ$6,$N18=$CC$5),AND($S$1=$BJ$6,$S18=$CC$5),AND($X$1=$BJ$6,$X18=$CC$5),AND($AC$1=$BJ$6,$AC18=$CC$5),AND($AH$1=$BJ$6,$AH18=$CC$5),AND($AM$1=$BJ$6,$AM18=$CC$5),AND($AR$1=$BJ$6,$AR18=$CC$5),AND($AW$1=$BJ$6,$AW18=$CC$5))) | CE18: =IF(AND($A18="",$C18=""),"",SUM(AND($D$1=$BK$6,$D18=$CC$5),AND($I$1=$BK$6,$I18=$CC$5),AND($N$1=$BK$6,$N18=$CC$5),AND($S$1=$BK$6,$S18=$CC$5),AND($X$1=$BK$6,$X18=$CC$5),AND($AC$1=$BK$6,$AC18=$CC$5),AND($AH$1=$BK$6,$AH18=$CC$5),AND($AM$1=$BK$6,$AM18=$CC$5),AND($AR$1=$BK$6,$AR18=$CC$5),AND($AW$1=$BK$6,$AW18=$CC$5))) | CF18: =IF(AND($A18="",$C18=""),"",COUNTIF(D18:AW18,"Non Evaluable"))
B19: =IF(C19="","",SUM(B18,1)) | C19: =IF($B$6="","",IF(OFFSET(INDEX(Base_Elèves!$A$1:$BY$1,1,MATCH($B$6,Base_Elèves!$A$1:$BY$1,0)),Base_Elèves!$CA14,0,1,1)="","",OFFSET(INDEX(Base_Elèves!$A$1:$BY$1,1,MATCH($B$6,Base_Elèves!$A$1:$BY$1,0)),Base_Elèves!$CA14,0,1,1))) | E19: =IF(D19="","",IF(OR(D19="Non Acquis",D19="Non Evaluable"),0,MATCH(D19,Points_Validation,0))) | G19: =IF(D19="","",G$3) | H19: =IF(D19="","",E19*G19) | J19: =IF(I19="","",IF(OR(I19="Non Acquis",I19="Non Evaluable"),0,MATCH(I19,Points_Validation,0))) | L19: =IF(I19="","",L$3) | M19: =IF(I19="","",J19*L19) | O19: =IF(N19="","",IF(OR(N19="Non Acquis",N19="Non Evaluable"),0,MATCH(N19,Points_Validation,0))) | Q19: =IF(N19="","",Q$3) | R19: =IF(N19="","",O19*Q19) | T19: =IF(S19="","",IF(OR(S19="Non Acquis",S19="Non Evaluable"),0,MATCH(S19,Points_Validation,0))) | V19: =IF(S19="","",V$3) | W19: =IF(S19="","",T19*V19) | Y19: =IF(X19="","",IF(OR(X19="Non Acquis",X19="Non Evaluable"),0,MATCH(X19,Points_Validation,0))) | AA19: =IF(X19="","",AA$3) | AB19: =IF(X19="","",Y19*AA19) | AD19: =IF(AC19="","",IF(OR(AC19="Non Acquis",AC19="Non Evaluable"),0,MATCH(AC19,Points_Validation,0))) | AF19: =IF(AC19="","",AF$3) | AG19: =IF(AC19="","",AD19*AF19) | AI19: =IF(AH19="","",IF(OR(AH19="Non Acquis",AH19="Non Evaluable"),0,MATCH(AH19,Points_Validation,0))) | AK19: =IF(AH19="","",AK$3) | AL19: =IF(AH19="","",AI19*AK19) | AN19: =IF(AM19="","",IF(OR(AM19="Non Acquis",AM19="Non Evaluable"),0,MATCH(AM19,Points_Validation,0))) | AP19: =IF(AM19="","",AP$3) | AQ19: =IF(AM19="","",AN19*AP19) | AS19: =IF(AR19="","",IF(OR(AR19="Non Acquis",AR19="Non Evaluable"),0,MATCH(AR19,Points_Validation,0))) | AU19: =IF(AR19="","",AU$3) | AV19: =IF(AR19="","",AS19*AU19) | AX19: =IF(AW19="","",IF(OR(AW19="Non Acquis",AW19="Non Evaluable"),0,MATCH(AW19,Points_Validation,0))) | AZ19: =IF(AW19="","",AZ$3) | BA19: =IF(AW19="","",AX19*AZ19) | BC19: =IF(AND(A19="",C19=""),"",COUNTA(AW19,AR19,AM19,AH19,AC19,X19,S19,N19,I19,D19)) | BD19: =IF(AND(A19="",C19=""),"",SUM(BA19,AV19,AQ19,AL19,AG19,AB19,W19,R19,M19,H19)) | BF19: =IF(AND(A19="",C19=""),"",IF(A19="Absent","Absent",IF($BE$7="","",IF(BC19=0,"",IF(ROUND(BD19*$BE$7,1)>20,20,ROUND(BD19*$BE$7,1)))))) | BG19: =IF(OR(BF19="",BF19="Absent"),"",IF(ROUND(BD19*$BE$7,1)>20,ROUND(BD19*$BE$7,1),BF19)) | BH19: =IF(OR(A19="Absent",BF19=""),"",IF($B$5="LV2",INDEX(Base_Classes_Niveaux!$A$102:$M$153,MATCH(BG19,Base_Classes_Niveaux!$A$102:$A$1533),$BB$3),IF(OR($B$6="3A",$B$6="4A",$B$6="5A",$B$6="6A"),INDEX(Base_Classes_Niveaux!$A$162:$M$213,MATCH(BG19,Base_Classes_Niveaux!$A$102:$A$153),$AX$6),IF(OR($B$6<>"3A",$B$6<>"4A",$B$6<>"5A",$B$6<>"6A"),INDEX(Base_Classes_Niveaux!$A$39:$M$90,MATCH(BG19,Base_Classes_Niveaux!$A$39:$A$90),$AX$6))))) | BI19: =IF(AND($A19="",$C19=""),"",SUM(AND($D$1=$BI$6,$D19=$BI$5),AND($I$1=$BI$6,$I19=$BI$5),AND($N$1=$BI$6,$N19=$BI$5),AND($S$1=$BI$6,$S19=$BI$5),AND($X$1=$BI$6,$X19=$BI$5),AND($AC$1=$BI$6,$AC19=$BI$5),AND($AH$1=$BI$6,$AH19=$BI$5),AND($AM$1=$BI$6,$AM19=$BI$5),AND($AR$1=$BI$6,$AR19=$BI$5),AND($AW$1=$BI$6,$AW19=$BI$5))) | BJ19: =IF(AND($A19="",$C19=""),"",SUM(AND($D$1=$BJ$6,$D19=$BI$5),AND($I$1=$BJ$6,$I19=$BI$5),AND($N$1=$BJ$6,$N19=$BI$5),AND($S$1=$BJ$6,$S19=$BI$5),AND($X$1=$BJ$6,$X19=$BI$5),AND($AC$1=$BJ$6,$AC19=$BI$5),AND($AH$1=$BJ$6,$AH19=$BI$5),AND($AM$1=$BJ$6,$AM19=$BI$5),AND($AR$1=$BJ$6,$AR19=$BI$5),AND($AW$1=$BJ$6,$AW19=$BI$5))) | BK19: =IF(AND($A19="",$C19=""),"",SUM(AND($D$1=$BK$6,$D19=$BI$5),AND($I$1=$BK$6,$I19=$BI$5),AND($N$1=$BK$6,$N19=$BI$5),AND($S$1=$BK$6,$S19=$BI$5),AND($X$1=$BK$6,$X19=$BI$5),AND($AC$1=$BK$6,$AC19=$BI$5),AND($AH$1=$BK$6,$AH19=$BI$5),AND($AM$1=$BK$6,$AM19=$BI$5),AND($AR$1=$BK$6,$AR19=$BI$5),AND($AW$1=$BK$6,$AW19=$BI$5))) | BM19: =IF(AND($A19="",$C19=""),"",SUM(AND($D$1=$BI$6,$D19=$BM$5),AND($I$1=$BI$6,$I19=$BM$5),AND($N$1=$BI$6,$N19=$BM$5),AND($S$1=$BI$6,$S19=$BM$5),AND($X$1=$BI$6,$X19=$BM$5),AND($AC$1=$BI$6,$AC19=$BM$5),AND($AH$1=$BI$6,$AH19=$BM$5),AND($AM$1=$BI$6,$AM19=$BM$5),AND($AR$1=$BI$6,$AR19=$BM$5),AND($AW$1=$BI$6,$AW19=$BM$5))) | BN19: =IF(AND($A19="",$C19=""),"",SUM(AND($D$1=$BJ$6,$D19=$BM$5),AND($I$1=$BJ$6,$I19=$BM$5),AND($N$1=$BJ$6,$N19=$BM$5),AND($S$1=$BJ$6,$S19=$BM$5),AND($X$1=$BJ$6,$X19=$BM$5),AND($AC$1=$BJ$6,$AC19=$BM$5),AND($AH$1=$BJ$6,$AH19=$BM$5),AND($AM$1=$BJ$6,$AM19=$BM$5),AND($AR$1=$BJ$6,$AR19=$BM$5),AND($AW$1=$BJ$6,$AW19=$BM$5))) | BO19: =IF(AND($A19="",$C19=""),"",SUM(AND($D$1=$BK$6,$D19=$BM$5),AND($I$1=$BK$6,$I19=$BM$5),AND($N$1=$BK$6,$N19=$BM$5),AND($S$1=$BK$6,$S19=$BM$5),AND($X$1=$BK$6,$X19=$BM$5),AND($AC$1=$BK$6,$AC19=$BM$5),AND($AH$1=$BK$6,$AH19=$BM$5),AND($AM$1=$BK$6,$AM19=$BM$5),AND($AR$1=$BK$6,$AR19=$BM$5),AND($AW$1=$BK$6,$AW19=$BM$5))) | BQ19: =IF(AND($A19="",$C19=""),"",SUM(AND($D$1=$BI$6,$D19=$BQ$5),AND($I$1=$BI$6,$I19=$BQ$5),AND($N$1=$BI$6,$N19=$BQ$5),AND($S$1=$BI$6,$S19=$BQ$5),AND($X$1=$BI$6,$X19=$BQ$5),AND($AC$1=$BI$6,$AC19=$BQ$5),AND($AH$1=$BI$6,$AH19=$BQ$5),AND($AM$1=$BI$6,$AM19=$BQ$5),AND($AR$1=$BI$6,$AR19=$BQ$5),AND($AW$1=$BI$6,$AW19=$BQ$5))) | BR19: =IF(AND($A19="",$C19=""),"",SUM(AND($D$1=$BJ$6,$D19=$BQ$5),AND($I$1=$BJ$6,$I19=$BQ$5),AND($N$1=$BJ$6,$N19=$BQ$5),AND($S$1=$BJ$6,$S19=$BQ$5),AND($X$1=$BJ$6,$X19=$BQ$5),AND($AC$1=$BJ$6,$AC19=$BQ$5),AND($AH$1=$BJ$6,$AH19=$BQ$5),AND($AM$1=$BJ$6,$AM19=$BQ$5),AND($AR$1=$BJ$6,$AR19=$BQ$5),AND($AW$1=$BJ$6,$AW19=$BQ$5))) | BS19: =IF(AND($A19="",$C19=""),"",SUM(AND($D$1=$BK$6,$D19=$BQ$5),AND($I$1=$BK$6,$I19=$BQ$5),AND($N$1=$BK$6,$N19=$BQ$5),AND($S$1=$BK$6,$S19=$BQ$5),AND($X$1=$BK$6,$X19=$BQ$5),AND($AC$1=$BK$6,$AC19=$BQ$5),AND($AH$1=$BK$6,$AH19=$BQ$5),AND($AM$1=$BK$6,$AM19=$BQ$5),AND($AR$1=$BK$6,$AR19=$BQ$5),AND($AW$1=$BK$6,$AW19=$BQ$5))) | BU19: =IF(AND($A19="",$C19=""),"",SUM(AND($D$1=$BI$6,$D19=$BU$5),AND($I$1=$BI$6,$I19=$BU$5),AND($N$1=$BI$6,$N19=$BU$5),AND($S$1=$BI$6,$S19=$BU$5),AND($X$1=$BI$6,$X19=$BU$5),AND($AC$1=$BI$6,$AC19=$BU$5),AND($AH$1=$BI$6,$AH19=$BU$5),AND($AM$1=$BI$6,$AM19=$BU$5),AND($AR$1=$BI$6,$AR19=$BU$5),AND($AW$1=$BI$6,$AW19=$BU$5))) | BV19: =IF(AND($A19="",$C19=""),"",SUM(AND($D$1=$BJ$6,$D19=$BU$5),AND($I$1=$BJ$6,$I19=$BU$5),AND($N$1=$BJ$6,$N19=$BU$5),AND($S$1=$BJ$6,$S19=$BU$5),AND($X$1=$BJ$6,$X19=$BU$5),AND($AC$1=$BJ$6,$AC19=$BU$5),AND($AH$1=$BJ$6,$AH19=$BU$5),AND($AM$1=$BJ$6,$AM19=$BU$5),AND($AR$1=$BJ$6,$AR19=$BU$5),AND($AW$1=$BJ$6,$AW19=$BU$5))) | BW19: =IF(AND($A19="",$C19=""),"",SUM(AND($D$1=$BK$6,$D19=$BU$5),AND($I$1=$BK$6,$I19=$BU$5),AND($N$1=$BK$6,$N19=$BU$5),AND($S$1=$BK$6,$S19=$BU$5),AND($X$1=$BK$6,$X19=$BU$5),AND($AC$1=$BK$6,$AC19=$BU$5),AND($AH$1=$BK$6,$AH19=$BU$5),AND($AM$1=$BK$6,$AM19=$BU$5),AND($AR$1=$BK$6,$AR19=$BU$5),AND($AW$1=$BK$6,$AW19=$BU$5))) | BY19: =IF(AND($A19="",$C19=""),"",SUM(AND($D$1=$BI$6,$D19=$BY$5),AND($I$1=$BI$6,$I19=$BY$5),AND($N$1=$BI$6,$N19=$BY$5),AND($S$1=$BI$6,$S19=$BY$5),AND($X$1=$BI$6,$X19=$BY$5),AND($AC$1=$BI$6,$AC19=$BY$5),AND($AH$1=$BI$6,$AH19=$BY$5),AND($AM$1=$BI$6,$AM19=$BY$5),AND($AR$1=$BI$6,$AR19=$BY$5),AND($AW$1=$BI$6,$AW19=$BY$5))) | BZ19: =IF(AND($A19="",$C19=""),"",SUM(AND($D$1=$BJ$6,$D19=$BY$5),AND($I$1=$BJ$6,$I19=$BY$5),AND($N$1=$BJ$6,$N19=$BY$5),AND($S$1=$BJ$6,$S19=$BY$5),AND($X$1=$BJ$6,$X19=$BY$5),AND($AC$1=$BJ$6,$AC19=$BY$5),AND($AH$1=$BJ$6,$AH19=$BY$5),AND($AM$1=$BJ$6,$AM19=$BY$5),AND($AR$1=$BJ$6,$AR19=$BY$5),AND($AW$1=$BJ$6,$AW19=$BY$5))) | CA19: =IF(AND($A19="",$C19=""),"",SUM(AND($D$1=$BK$6,$D19=$BY$5),AND($I$1=$BK$6,$I19=$BY$5),AND($N$1=$BK$6,$N19=$BY$5),AND($S$1=$BK$6,$S19=$BY$5),AND($X$1=$BK$6,$X19=$BY$5),AND($AC$1=$BK$6,$AC19=$BY$5),AND($AH$1=$BK$6,$AH19=$BY$5),AND($AM$1=$BK$6,$AM19=$BY$5),AND($AR$1=$BK$6,$AR19=$BY$5),AND($AW$1=$BK$6,$AW19=$BY$5))) | CC19: =IF(AND($A19="",$C19=""),"",SUM(AND($D$1=$BI$6,$D19=$CC$5),AND($I$1=$BI$6,$I19=$CC$5),AND($N$1=$BI$6,$N19=$CC$5),AND($S$1=$BI$6,$S19=$CC$5),AND($X$1=$BI$6,$X19=$CC$5),AND($AC$1=$BI$6,$AC19=$CC$5),AND($AH$1=$BI$6,$AH19=$CC$5),AND($AM$1=$BI$6,$AM19=$CC$5),AND($AR$1=$BI$6,$AR19=$CC$5),AND($AW$1=$BI$6,$AW19=$CC$5))) | CD19: =IF(AND($A19="",$C19=""),"",SUM(AND($D$1=$BJ$6,$D19=$CC$5),AND($I$1=$BJ$6,$I19=$CC$5),AND($N$1=$BJ$6,$N19=$CC$5),AND($S$1=$BJ$6,$S19=$CC$5),AND($X$1=$BJ$6,$X19=$CC$5),AND($AC$1=$BJ$6,$AC19=$CC$5),AND($AH$1=$BJ$6,$AH19=$CC$5),AND($AM$1=$BJ$6,$AM19=$CC$5),AND($AR$1=$BJ$6,$AR19=$CC$5),AND($AW$1=$BJ$6,$AW19=$CC$5))) | CE19: =IF(AND($A19="",$C19=""),"",SUM(AND($D$1=$BK$6,$D19=$CC$5),AND($I$1=$BK$6,$I19=$CC$5),AND($N$1=$BK$6,$N19=$CC$5),AND($S$1=$BK$6,$S19=$CC$5),AND($X$1=$BK$6,$X19=$CC$5),AND($AC$1=$BK$6,$AC19=$CC$5),AND($AH$1=$BK$6,$AH19=$CC$5),AND($AM$1=$BK$6,$AM19=$CC$5),AND($AR$1=$BK$6,$AR19=$CC$5),AND($AW$1=$BK$6,$AW19=$CC$5))) | CF19: =IF(AND($A19="",$C19=""),"",COUNTIF(D19:AW19,"Non Evaluable"))
B20: =IF(C20="","",SUM(B19,1)) | C20: =IF($B$6="","",IF(OFFSET(INDEX(Base_Elèves!$A$1:$BY$1,1,MATCH($B$6,Base_Elèves!$A$1:$BY$1,0)),Base_Elèves!$CA15,0,1,1)="","",OFFSET(INDEX(Base_Elèves!$A$1:$BY$1,1,MATCH($B$6,Base_Elèves!$A$1:$BY$1,0)),Base_Elèves!$CA15,0,1,1))) | E20: =IF(D20="","",IF(OR(D20="Non Acquis",D20="Non Evaluable"),0,MATCH(D20,Points_Validation,0))) | G20: =IF(D20="","",G$3) | H20: =IF(D20="","",E20*G20) | J20: =IF(I20="","",IF(OR(I20="Non Acquis",I20="Non Evaluable"),0,MATCH(I20,Points_Validation,0))) | L20: =IF(I20="","",L$3) | M20: =IF(I20="","",J20*L20) | O20: =IF(N20="","",IF(OR(N20="Non Acquis",N20="Non Evaluable"),0,MATCH(N20,Points_Validation,0))) | Q20: =IF(N20="","",Q$3) | R20: =IF(N20="","",O20*Q20) | T20: =IF(S20="","",IF(OR(S20="Non Acquis",S20="Non Evaluable"),0,MATCH(S20,Points_Validation,0))) | V20: =IF(S20="","",V$3) | W20: =IF(S20="","",T20*V20) | Y20: =IF(X20="","",IF(OR(X20="Non Acquis",X20="Non Evaluable"),0,MATCH(X20,Points_Validation,0))) | AA20: =IF(X20="","",AA$3) | AB20: =IF(X20="","",Y20*AA20) | AD20: =IF(AC20="","",IF(OR(AC20="Non Acquis",AC20="Non Evaluable"),0,MATCH(AC20,Points_Validation,0))) | AF20: =IF(AC20="","",AF$3) | AG20: =IF(AC20="","",AD20*AF20) | AI20: =IF(AH20="","",IF(OR(AH20="Non Acquis",AH20="Non Evaluable"),0,MATCH(AH20,Points_Validation,0))) | AK20: =IF(AH20="","",AK$3) | AL20: =IF(AH20="","",AI20*AK20) | AN20: =IF(AM20="","",IF(OR(AM20="Non Acquis",AM20="Non Evaluable"),0,MATCH(AM20,Points_Validation,0))) | AP20: =IF(AM20="","",AP$3) | AQ20: =IF(AM20="","",AN20*AP20) | AS20: =IF(AR20="","",IF(OR(AR20="Non Acquis",AR20="Non Evaluable"),0,MATCH(AR20,Points_Validation,0))) | AU20: =IF(AR20="","",AU$3) | AV20: =IF(AR20="","",AS20*AU20) | AX20: =IF(AW20="","",IF(OR(AW20="Non Acquis",AW20="Non Evaluable"),0,MATCH(AW20,Points_Validation,0))) | AZ20: =IF(AW20="","",AZ$3) | BA20: =IF(AW20="","",AX20*AZ20) | BC20: =IF(AND(A20="",C20=""),"",COUNTA(AW20,AR20,AM20,AH20,AC20,X20,S20,N20,I20,D20)) | BD20: =IF(AND(A20="",C20=""),"",SUM(BA20,AV20,AQ20,AL20,AG20,AB20,W20,R20,M20,H20)) | BF20: =IF(AND(A20="",C20=""),"",IF(A20="Absent","Absent",IF($BE$7="","",IF(BC20=0,"",IF(ROUND(BD20*$BE$7,1)>20,20,ROUND(BD20*$BE$7,1)))))) | BG20: =IF(OR(BF20="",BF20="Absent"),"",IF(ROUND(BD20*$BE$7,1)>20,ROUND(BD20*$BE$7,1),BF20)) | BH20: =IF(OR(A20="Absent",BF20=""),"",IF($B$5="LV2",INDEX(Base_Classes_Niveaux!$A$102:$M$153,MATCH(BG20,Base_Classes_Niveaux!$A$102:$A$1533),$BB$3),IF(OR($B$6="3A",$B$6="4A",$B$6="5A",$B$6="6A"),INDEX(Base_Classes_Niveaux!$A$162:$M$213,MATCH(BG20,Base_Classes_Niveaux!$A$102:$A$153),$AX$6),IF(OR($B$6<>"3A",$B$6<>"4A",$B$6<>"5A",$B$6<>"6A"),INDEX(Base_Classes_Niveaux!$A$39:$M$90,MATCH(BG20,Base_Classes_Niveaux!$A$39:$A$90),$AX$6))))) | BI20: =IF(AND($A20="",$C20=""),"",SUM(AND($D$1=$BI$6,$D20=$BI$5),AND($I$1=$BI$6,$I20=$BI$5),AND($N$1=$BI$6,$N20=$BI$5),AND($S$1=$BI$6,$S20=$BI$5),AND($X$1=$BI$6,$X20=$BI$5),AND($AC$1=$BI$6,$AC20=$BI$5),AND($AH$1=$BI$6,$AH20=$BI$5),AND($AM$1=$BI$6,$AM20=$BI$5),AND($AR$1=$BI$6,$AR20=$BI$5),AND($AW$1=$BI$6,$AW20=$BI$5))) | BJ20: =IF(AND($A20="",$C20=""),"",SUM(AND($D$1=$BJ$6,$D20=$BI$5),AND($I$1=$BJ$6,$I20=$BI$5),AND($N$1=$BJ$6,$N20=$BI$5),AND($S$1=$BJ$6,$S20=$BI$5),AND($X$1=$BJ$6,$X20=$BI$5),AND($AC$1=$BJ$6,$AC20=$BI$5),AND($AH$1=$BJ$6,$AH20=$BI$5),AND($AM$1=$BJ$6,$AM20=$BI$5),AND($AR$1=$BJ$6,$AR20=$BI$5),AND($AW$1=$BJ$6,$AW20=$BI$5))) | BK20: =IF(AND($A20="",$C20=""),"",SUM(AND($D$1=$BK$6,$D20=$BI$5),AND($I$1=$BK$6,$I20=$BI$5),AND($N$1=$BK$6,$N20=$BI$5),AND($S$1=$BK$6,$S20=$BI$5),AND($X$1=$BK$6,$X20=$BI$5),AND($AC$1=$BK$6,$AC20=$BI$5),AND($AH$1=$BK$6,$AH20=$BI$5),AND($AM$1=$BK$6,$AM20=$BI$5),AND($AR$1=$BK$6,$AR20=$BI$5),AND($AW$1=$BK$6,$AW20=$BI$5))) | BM20: =IF(AND($A20="",$C20=""),"",SUM(AND($D$1=$BI$6,$D20=$BM$5),AND($I$1=$BI$6,$I20=$BM$5),AND($N$1=$BI$6,$N20=$BM$5),AND($S$1=$BI$6,$S20=$BM$5),AND($X$1=$BI$6,$X20=$BM$5),AND($AC$1=$BI$6,$AC20=$BM$5),AND($AH$1=$BI$6,$AH20=$BM$5),AND($AM$1=$BI$6,$AM20=$BM$5),AND($AR$1=$BI$6,$AR20=$BM$5),AND($AW$1=$BI$6,$AW20=$BM$5))) | BN20: =IF(AND($A20="",$C20=""),"",SUM(AND($D$1=$BJ$6,$D20=$BM$5),AND($I$1=$BJ$6,$I20=$BM$5),AND($N$1=$BJ$6,$N20=$BM$5),AND($S$1=$BJ$6,$S20=$BM$5),AND($X$1=$BJ$6,$X20=$BM$5),AND($AC$1=$BJ$6,$AC20=$BM$5),AND($AH$1=$BJ$6,$AH20=$BM$5),AND($AM$1=$BJ$6,$AM20=$BM$5),AND($AR$1=$BJ$6,$AR20=$BM$5),AND($AW$1=$BJ$6,$AW20=$BM$5))) | BO20: =IF(AND($A20="",$C20=""),"",SUM(AND($D$1=$BK$6,$D20=$BM$5),AND($I$1=$BK$6,$I20=$BM$5),AND($N$1=$BK$6,$N20=$BM$5),AND($S$1=$BK$6,$S20=$BM$5),AND($X$1=$BK$6,$X20=$BM$5),AND($AC$1=$BK$6,$AC20=$BM$5),AND($AH$1=$BK$6,$AH20=$BM$5),AND($AM$1=$BK$6,$AM20=$BM$5),AND($AR$1=$BK$6,$AR20=$BM$5),AND($AW$1=$BK$6,$AW20=$BM$5))) | BQ20: =IF(AND($A20="",$C20=""),"",SUM(AND($D$1=$BI$6,$D20=$BQ$5),AND($I$1=$BI$6,$I20=$BQ$5),AND($N$1=$BI$6,$N20=$BQ$5),AND($S$1=$BI$6,$S20=$BQ$5),AND($X$1=$BI$6,$X20=$BQ$5),AND($AC$1=$BI$6,$AC20=$BQ$5),AND($AH$1=$BI$6,$AH20=$BQ$5),AND($AM$1=$BI$6,$AM20=$BQ$5),AND($AR$1=$BI$6,$AR20=$BQ$5),AND($AW$1=$BI$6,$AW20=$BQ$5))) | BR20: =IF(AND($A20="",$C20=""),"",SUM(AND($D$1=$BJ$6,$D20=$BQ$5),AND($I$1=$BJ$6,$I20=$BQ$5),AND($N$1=$BJ$6,$N20=$BQ$5),AND($S$1=$BJ$6,$S20=$BQ$5),AND($X$1=$BJ$6,$X20=$BQ$5),AND($AC$1=$BJ$6,$AC20=$BQ$5),AND($AH$1=$BJ$6,$AH20=$BQ$5),AND($AM$1=$BJ$6,$AM20=$BQ$5),AND($AR$1=$BJ$6,$AR20=$BQ$5),AND($AW$1=$BJ$6,$AW20=$BQ$5))) | BS20: =IF(AND($A20="",$C20=""),"",SUM(AND($D$1=$BK$6,$D20=$BQ$5),AND($I$1=$BK$6,$I20=$BQ$5),AND($N$1=$BK$6,$N20=$BQ$5),AND($S$1=$BK$6,$S20=$BQ$5),AND($X$1=$BK$6,$X20=$BQ$5),AND($AC$1=$BK$6,$AC20=$BQ$5),AND($AH$1=$BK$6,$AH20=$BQ$5),AND($AM$1=$BK$6,$AM20=$BQ$5),AND($AR$1=$BK$6,$AR20=$BQ$5),AND($AW$1=$BK$6,$AW20=$BQ$5))) | BU20: =IF(AND($A20="",$C20=""),"",SUM(AND($D$1=$BI$6,$D20=$BU$5),AND($I$1=$BI$6,$I20=$BU$5),AND($N$1=$BI$6,$N20=$BU$5),AND($S$1=$BI$6,$S20=$BU$5),AND($X$1=$BI$6,$X20=$BU$5),AND($AC$1=$BI$6,$AC20=$BU$5),AND($AH$1=$BI$6,$AH20=$BU$5),AND($AM$1=$BI$6,$AM20=$BU$5),AND($AR$1=$BI$6,$AR20=$BU$5),AND($AW$1=$BI$6,$AW20=$BU$5))) | BV20: =IF(AND($A20="",$C20=""),"",SUM(AND($D$1=$BJ$6,$D20=$BU$5),AND($I$1=$BJ$6,$I20=$BU$5),AND($N$1=$BJ$6,$N20=$BU$5),AND($S$1=$BJ$6,$S20=$BU$5),AND($X$1=$BJ$6,$X20=$BU$5),AND($AC$1=$BJ$6,$AC20=$BU$5),AND($AH$1=$BJ$6,$AH20=$BU$5),AND($AM$1=$BJ$6,$AM20=$BU$5),AND($AR$1=$BJ$6,$AR20=$BU$5),AND($AW$1=$BJ$6,$AW20=$BU$5))) | BW20: =IF(AND($A20="",$C20=""),"",SUM(AND($D$1=$BK$6,$D20=$BU$5),AND($I$1=$BK$6,$I20=$BU$5),AND($N$1=$BK$6,$N20=$BU$5),AND($S$1=$BK$6,$S20=$BU$5),AND($X$1=$BK$6,$X20=$BU$5),AND($AC$1=$BK$6,$AC20=$BU$5),AND($AH$1=$BK$6,$AH20=$BU$5),AND($AM$1=$BK$6,$AM20=$BU$5),AND($AR$1=$BK$6,$AR20=$BU$5),AND($AW$1=$BK$6,$AW20=$BU$5))) | BY20: =IF(AND($A20="",$C20=""),"",SUM(AND($D$1=$BI$6,$D20=$BY$5),AND($I$1=$BI$6,$I20=$BY$5),AND($N$1=$BI$6,$N20=$BY$5),AND($S$1=$BI$6,$S20=$BY$5),AND($X$1=$BI$6,$X20=$BY$5),AND($AC$1=$BI$6,$AC20=$BY$5),AND($AH$1=$BI$6,$AH20=$BY$5),AND($AM$1=$BI$6,$AM20=$BY$5),AND($AR$1=$BI$6,$AR20=$BY$5),AND($AW$1=$BI$6,$AW20=$BY$5))) | BZ20: =IF(AND($A20="",$C20=""),"",SUM(AND($D$1=$BJ$6,$D20=$BY$5),AND($I$1=$BJ$6,$I20=$BY$5),AND($N$1=$BJ$6,$N20=$BY$5),AND($S$1=$BJ$6,$S20=$BY$5),AND($X$1=$BJ$6,$X20=$BY$5),AND($AC$1=$BJ$6,$AC20=$BY$5),AND($AH$1=$BJ$6,$AH20=$BY$5),AND($AM$1=$BJ$6,$AM20=$BY$5),AND($AR$1=$BJ$6,$AR20=$BY$5),AND($AW$1=$BJ$6,$AW20=$BY$5))) | CA20: =IF(AND($A20="",$C20=""),"",SUM(AND($D$1=$BK$6,$D20=$BY$5),AND($I$1=$BK$6,$I20=$BY$5),AND($N$1=$BK$6,$N20=$BY$5),AND($S$1=$BK$6,$S20=$BY$5),AND($X$1=$BK$6,$X20=$BY$5),AND($AC$1=$BK$6,$AC20=$BY$5),AND($AH$1=$BK$6,$AH20=$BY$5),AND($AM$1=$BK$6,$AM20=$BY$5),AND($AR$1=$BK$6,$AR20=$BY$5),AND($AW$1=$BK$6,$AW20=$BY$5))) | CC20: =IF(AND($A20="",$C20=""),"",SUM(AND($D$1=$BI$6,$D20=$CC$5),AND($I$1=$BI$6,$I20=$CC$5),AND($N$1=$BI$6,$N20=$CC$5),AND($S$1=$BI$6,$S20=$CC$5),AND($X$1=$BI$6,$X20=$CC$5),AND($AC$1=$BI$6,$AC20=$CC$5),AND($AH$1=$BI$6,$AH20=$CC$5),AND($AM$1=$BI$6,$AM20=$CC$5),AND($AR$1=$BI$6,$AR20=$CC$5),AND($AW$1=$BI$6,$AW20=$CC$5))) | CD20: =IF(AND($A20="",$C20=""),"",SUM(AND($D$1=$BJ$6,$D20=$CC$5),AND($I$1=$BJ$6,$I20=$CC$5),AND($N$1=$BJ$6,$N20=$CC$5),AND($S$1=$BJ$6,$S20=$CC$5),AND($X$1=$BJ$6,$X20=$CC$5),AND($AC$1=$BJ$6,$AC20=$CC$5),AND($AH$1=$BJ$6,$AH20=$CC$5),AND($AM$1=$BJ$6,$AM20=$CC$5),AND($AR$1=$BJ$6,$AR20=$CC$5),AND($AW$1=$BJ$6,$AW20=$CC$5))) | CE20: =IF(AND($A20="",$C20=""),"",SUM(AND($D$1=$BK$6,$D20=$CC$5),AND($I$1=$BK$6,$I20=$CC$5),AND($N$1=$BK$6,$N20=$CC$5),AND($S$1=$BK$6,$S20=$CC$5),AND($X$1=$BK$6,$X20=$CC$5),AND($AC$1=$BK$6,$AC20=$CC$5),AND($AH$1=$BK$6,$AH20=$CC$5),AND($AM$1=$BK$6,$AM20=$CC$5),AND($AR$1=$BK$6,$AR20=$CC$5),AND($AW$1=$BK$6,$AW20=$CC$5))) | CF20: =IF(AND($A20="",$C20=""),"",COUNTIF(D20:AW20,"Non Evaluable"))
B21: =IF(C21="","",SUM(B20,1)) | C21: =IF($B$6="","",IF(OFFSET(INDEX(Base_Elèves!$A$1:$BY$1,1,MATCH($B$6,Base_Elèves!$A$1:$BY$1,0)),Base_Elèves!$CA16,0,1,1)="","",OFFSET(INDEX(Base_Elèves!$A$1:$BY$1,1,MATCH($B$6,Base_Elèves!$A$1:$BY$1,0)),Base_Elèves!$CA16,0,1,1))) | E21: =IF(D21="","",IF(OR(D21="Non Acquis",D21="Non Evaluable"),0,MATCH(D21,Points_Validation,0))) | G21: =IF(D21="","",G$3) | H21: =IF(D21="","",E21*G21) | J21: =IF(I21="","",IF(OR(I21="Non Acquis",I21="Non Evaluable"),0,MATCH(I21,Points_Validation,0))) | L21: =IF(I21="","",L$3) | M21: =IF(I21="","",J21*L21) | O21: =IF(N21="","",IF(OR(N21="Non Acquis",N21="Non Evaluable"),0,MATCH(N21,Points_Validation,0))) | Q21: =IF(N21="","",Q$3) | R21: =IF(N21="","",O21*Q21) | T21: =IF(S21="","",IF(OR(S21="Non Acquis",S21="Non Evaluable"),0,MATCH(S21,Points_Validation,0))) | V21: =IF(S21="","",V$3) | W21: =IF(S21="","",T21*V21) | Y21: =IF(X21="","",IF(OR(X21="Non Acquis",X21="Non Evaluable"),0,MATCH(X21,Points_Validation,0))) | AA21: =IF(X21="","",AA$3) | AB21: =IF(X21="","",Y21*AA21) | AD21: =IF(AC21="","",IF(OR(AC21="Non Acquis",AC21="Non Evaluable"),0,MATCH(AC21,Points_Validation,0))) | AF21: =IF(AC21="","",AF$3) | AG21: =IF(AC21="","",AD21*AF21) | AI21: =IF(AH21="","",IF(OR(AH21="Non Acquis",AH21="Non Evaluable"),0,MATCH(AH21,Points_Validation,0))) | AK21: =IF(AH21="","",AK$3) | AL21: =IF(AH21="","",AI21*AK21) | AN21: =IF(AM21="","",IF(OR(AM21="Non Acquis",AM21="Non Evaluable"),0,MATCH(AM21,Points_Validation,0))) | AP21: =IF(AM21="","",AP$3) | AQ21: =IF(AM21="","",AN21*AP21) | AS21: =IF(AR21="","",IF(OR(AR21="Non Acquis",AR21="Non Evaluable"),0,MATCH(AR21,Points_Validation,0))) | AU21: =IF(AR21="","",AU$3) | AV21: =IF(AR21="","",AS21*AU21) | AX21: =IF(AW21="","",IF(OR(AW21="Non Acquis",AW21="Non Evaluable"),0,MATCH(AW21,Points_Validation,0))) | AZ21: =IF(AW21="","",AZ$3) | BA21: =IF(AW21="","",AX21*AZ21) | BC21: =IF(AND(A21="",C21=""),"",COUNTA(AW21,AR21,AM21,AH21,AC21,X21,S21,N21,I21,D21)) | BD21: =IF(AND(A21="",C21=""),"",SUM(BA21,AV21,AQ21,AL21,AG21,AB21,W21,R21,M21,H21)) | BF21: =IF(AND(A21="",C21=""),"",IF(A21="Absent","Absent",IF($BE$7="","",IF(BC21=0,"",IF(ROUND(BD21*$BE$7,1)>20,20,ROUND(BD21*$BE$7,1)))))) | BG21: =IF(OR(BF21="",BF21="Absent"),"",IF(ROUND(BD21*$BE$7,1)>20,ROUND(BD21*$BE$7,1),BF21)) | BH21: =IF(OR(A21="Absent",BF21=""),"",IF($B$5="LV2",INDEX(Base_Classes_Niveaux!$A$102:$M$153,MATCH(BG21,Base_Classes_Niveaux!$A$102:$A$1533),$BB$3),IF(OR($B$6="3A",$B$6="4A",$B$6="5A",$B$6="6A"),INDEX(Base_Classes_Niveaux!$A$162:$M$213,MATCH(BG21,Base_Classes_Niveaux!$A$102:$A$153),$AX$6),IF(OR($B$6<>"3A",$B$6<>"4A",$B$6<>"5A",$B$6<>"6A"),INDEX(Base_Classes_Niveaux!$A$39:$M$90,MATCH(BG21,Base_Classes_Niveaux!$A$39:$A$90),$AX$6))))) | BI21: =IF(AND($A21="",$C21=""),"",SUM(AND($D$1=$BI$6,$D21=$BI$5),AND($I$1=$BI$6,$I21=$BI$5),AND($N$1=$BI$6,$N21=$BI$5),AND($S$1=$BI$6,$S21=$BI$5),AND($X$1=$BI$6,$X21=$BI$5),AND($AC$1=$BI$6,$AC21=$BI$5),AND($AH$1=$BI$6,$AH21=$BI$5),AND($AM$1=$BI$6,$AM21=$BI$5),AND($AR$1=$BI$6,$AR21=$BI$5),AND($AW$1=$BI$6,$AW21=$BI$5))) | BJ21: =IF(AND($A21="",$C21=""),"",SUM(AND($D$1=$BJ$6,$D21=$BI$5),AND($I$1=$BJ$6,$I21=$BI$5),AND($N$1=$BJ$6,$N21=$BI$5),AND($S$1=$BJ$6,$S21=$BI$5),AND($X$1=$BJ$6,$X21=$BI$5),AND($AC$1=$BJ$6,$AC21=$BI$5),AND($AH$1=$BJ$6,$AH21=$BI$5),AND($AM$1=$BJ$6,$AM21=$BI$5),AND($AR$1=$BJ$6,$AR21=$BI$5),AND($AW$1=$BJ$6,$AW21=$BI$5))) | BK21: =IF(AND($A21="",$C21=""),"",SUM(AND($D$1=$BK$6,$D21=$BI$5),AND($I$1=$BK$6,$I21=$BI$5),AND($N$1=$BK$6,$N21=$BI$5),AND($S$1=$BK$6,$S21=$BI$5),AND($X$1=$BK$6,$X21=$BI$5),AND($AC$1=$BK$6,$AC21=$BI$5),AND($AH$1=$BK$6,$AH21=$BI$5),AND($AM$1=$BK$6,$AM21=$BI$5),AND($AR$1=$BK$6,$AR21=$BI$5),AND($AW$1=$BK$6,$AW21=$BI$5))) | BM21: =IF(AND($A21="",$C21=""),"",SUM(AND($D$1=$BI$6,$D21=$BM$5),AND($I$1=$BI$6,$I21=$BM$5),AND($N$1=$BI$6,$N21=$BM$5),AND($S$1=$BI$6,$S21=$BM$5),AND($X$1=$BI$6,$X21=$BM$5),AND($AC$1=$BI$6,$AC21=$BM$5),AND($AH$1=$BI$6,$AH21=$BM$5),AND($AM$1=$BI$6,$AM21=$BM$5),AND($AR$1=$BI$6,$AR21=$BM$5),AND($AW$1=$BI$6,$AW21=$BM$5))) | BN21: =IF(AND($A21="",$C21=""),"",SUM(AND($D$1=$BJ$6,$D21=$BM$5),AND($I$1=$BJ$6,$I21=$BM$5),AND($N$1=$BJ$6,$N21=$BM$5),AND($S$1=$BJ$6,$S21=$BM$5),AND($X$1=$BJ$6,$X21=$BM$5),AND($AC$1=$BJ$6,$AC21=$BM$5),AND($AH$1=$BJ$6,$AH21=$BM$5),AND($AM$1=$BJ$6,$AM21=$BM$5),AND($AR$1=$BJ$6,$AR21=$BM$5),AND($AW$1=$BJ$6,$AW21=$BM$5))) | BO21: =IF(AND($A21="",$C21=""),"",SUM(AND($D$1=$BK$6,$D21=$BM$5),AND($I$1=$BK$6,$I21=$BM$5),AND($N$1=$BK$6,$N21=$BM$5),AND($S$1=$BK$6,$S21=$BM$5),AND($X$1=$BK$6,$X21=$BM$5),AND($AC$1=$BK$6,$AC21=$BM$5),AND($AH$1=$BK$6,$AH21=$BM$5),AND($AM$1=$BK$6,$AM21=$BM$5),AND($AR$1=$BK$6,$AR21=$BM$5),AND($AW$1=$BK$6,$AW21=$BM$5))) | BQ21: =IF(AND($A21="",$C21=""),"",SUM(AND($D$1=$BI$6,$D21=$BQ$5),AND($I$1=$BI$6,$I21=$BQ$5),AND($N$1=$BI$6,$N21=$BQ$5),AND($S$1=$BI$6,$S21=$BQ$5),AND($X$1=$BI$6,$X21=$BQ$5),AND($AC$1=$BI$6,$AC21=$BQ$5),AND($AH$1=$BI$6,$AH21=$BQ$5),AND($AM$1=$BI$6,$AM21=$BQ$5),AND($AR$1=$BI$6,$AR21=$BQ$5),AND($AW$1=$BI$6,$AW21=$BQ$5))) | BR21: =IF(AND($A21="",$C21=""),"",SUM(AND($D$1=$BJ$6,$D21=$BQ$5),AND($I$1=$BJ$6,$I21=$BQ$5),AND($N$1=$BJ$6,$N21=$BQ$5),AND($S$1=$BJ$6,$S21=$BQ$5),AND($X$1=$BJ$6,$X21=$BQ$5),AND($AC$1=$BJ$6,$AC21=$BQ$5),AND($AH$1=$BJ$6,$AH21=$BQ$5),AND($AM$1=$BJ$6,$AM21=$BQ$5),AND($AR$1=$BJ$6,$AR21=$BQ$5),AND($AW$1=$BJ$6,$AW21=$BQ$5))) | BS21: =IF(AND($A21="",$C21=""),"",SUM(AND($D$1=$BK$6,$D21=$BQ$5),AND($I$1=$BK$6,$I21=$BQ$5),AND($N$1=$BK$6,$N21=$BQ$5),AND($S$1=$BK$6,$S21=$BQ$5),AND($X$1=$BK$6,$X21=$BQ$5),AND($AC$1=$BK$6,$AC21=$BQ$5),AND($AH$1=$BK$6,$AH21=$BQ$5),AND($AM$1=$BK$6,$AM21=$BQ$5),AND($AR$1=$BK$6,$AR21=$BQ$5),AND($AW$1=$BK$6,$AW21=$BQ$5))) | BU21: =IF(AND($A21="",$C21=""),"",SUM(AND($D$1=$BI$6,$D21=$BU$5),AND($I$1=$BI$6,$I21=$BU$5),AND($N$1=$BI$6,$N21=$BU$5),AND($S$1=$BI$6,$S21=$BU$5),AND($X$1=$BI$6,$X21=$BU$5),AND($AC$1=$BI$6,$AC21=$BU$5),AND($AH$1=$BI$6,$AH21=$BU$5),AND($AM$1=$BI$6,$AM21=$BU$5),AND($AR$1=$BI$6,$AR21=$BU$5),AND($AW$1=$BI$6,$AW21=$BU$5))) | BV21: =IF(AND($A21="",$C21=""),"",SUM(AND($D$1=$BJ$6,$D21=$BU$5),AND($I$1=$BJ$6,$I21=$BU$5),AND($N$1=$BJ$6,$N21=$BU$5),AND($S$1=$BJ$6,$S21=$BU$5),AND($X$1=$BJ$6,$X21=$BU$5),AND($AC$1=$BJ$6,$AC21=$BU$5),AND($AH$1=$BJ$6,$AH21=$BU$5),AND($AM$1=$BJ$6,$AM21=$BU$5),AND($AR$1=$BJ$6,$AR21=$BU$5),AND($AW$1=$BJ$6,$AW21=$BU$5))) | BW21: =IF(AND($A21="",$C21=""),"",SUM(AND($D$1=$BK$6,$D21=$BU$5),AND($I$1=$BK$6,$I21=$BU$5),AND($N$1=$BK$6,$N21=$BU$5),AND($S$1=$BK$6,$S21=$BU$5),AND($X$1=$BK$6,$X21=$BU$5),AND($AC$1=$BK$6,$AC21=$BU$5),AND($AH$1=$BK$6,$AH21=$BU$5),AND($AM$1=$BK$6,$AM21=$BU$5),AND($AR$1=$BK$6,$AR21=$BU$5),AND($AW$1=$BK$6,$AW21=$BU$5))) | BY21: =IF(AND($A21="",$C21=""),"",SUM(AND($D$1=$BI$6,$D21=$BY$5),AND($I$1=$BI$6,$I21=$BY$5),AND($N$1=$BI$6,$N21=$BY$5),AND($S$1=$BI$6,$S21=$BY$5),AND($X$1=$BI$6,$X21=$BY$5),AND($AC$1=$BI$6,$AC21=$BY$5),AND($AH$1=$BI$6,$AH21=$BY$5),AND($AM$1=$BI$6,$AM21=$BY$5),AND($AR$1=$BI$6,$AR21=$BY$5),AND($AW$1=$BI$6,$AW21=$BY$5))) | BZ21: =IF(AND($A21="",$C21=""),"",SUM(AND($D$1=$BJ$6,$D21=$BY$5),AND($I$1=$BJ$6,$I21=$BY$5),AND($N$1=$BJ$6,$N21=$BY$5),AND($S$1=$BJ$6,$S21=$BY$5),AND($X$1=$BJ$6,$X21=$BY$5),AND($AC$1=$BJ$6,$AC21=$BY$5),AND($AH$1=$BJ$6,$AH21=$BY$5),AND($AM$1=$BJ$6,$AM21=$BY$5),AND($AR$1=$BJ$6,$AR21=$BY$5),AND($AW$1=$BJ$6,$AW21=$BY$5))) | CA21: =IF(AND($A21="",$C21=""),"",SUM(AND($D$1=$BK$6,$D21=$BY$5),AND($I$1=$BK$6,$I21=$BY$5),AND($N$1=$BK$6,$N21=$BY$5),AND($S$1=$BK$6,$S21=$BY$5),AND($X$1=$BK$6,$X21=$BY$5),AND($AC$1=$BK$6,$AC21=$BY$5),AND($AH$1=$BK$6,$AH21=$BY$5),AND($AM$1=$BK$6,$AM21=$BY$5),AND($AR$1=$BK$6,$AR21=$BY$5),AND($AW$1=$BK$6,$AW21=$BY$5))) | CC21: =IF(AND($A21="",$C21=""),"",SUM(AND($D$1=$BI$6,$D21=$CC$5),AND($I$1=$BI$6,$I21=$CC$5),AND($N$1=$BI$6,$N21=$CC$5),AND($S$1=$BI$6,$S21=$CC$5),AND($X$1=$BI$6,$X21=$CC$5),AND($AC$1=$BI$6,$AC21=$CC$5),AND($AH$1=$BI$6,$AH21=$CC$5),AND($AM$1=$BI$6,$AM21=$CC$5),AND($AR$1=$BI$6,$AR21=$CC$5),AND($AW$1=$BI$6,$AW21=$CC$5))) | CD21: =IF(AND($A21="",$C21=""),"",SUM(AND($D$1=$BJ$6,$D21=$CC$5),AND($I$1=$BJ$6,$I21=$CC$5),AND($N$1=$BJ$6,$N21=$CC$5),AND($S$1=$BJ$6,$S21=$CC$5),AND($X$1=$BJ$6,$X21=$CC$5),AND($AC$1=$BJ$6,$AC21=$CC$5),AND($AH$1=$BJ$6,$AH21=$CC$5),AND($AM$1=$BJ$6,$AM21=$CC$5),AND($AR$1=$BJ$6,$AR21=$CC$5),AND($AW$1=$BJ$6,$AW21=$CC$5))) | CE21: =IF(AND($A21="",$C21=""),"",SUM(AND($D$1=$BK$6,$D21=$CC$5),AND($I$1=$BK$6,$I21=$CC$5),AND($N$1=$BK$6,$N21=$CC$5),AND($S$1=$BK$6,$S21=$CC$5),AND($X$1=$BK$6,$X21=$CC$5),AND($AC$1=$BK$6,$AC21=$CC$5),AND($AH$1=$BK$6,$AH21=$CC$5),AND($AM$1=$BK$6,$AM21=$CC$5),AND($AR$1=$BK$6,$AR21=$CC$5),AND($AW$1=$BK$6,$AW21=$CC$5))) | CF21: =IF(AND($A21="",$C21=""),"",COUNTIF(D21:AW21,"Non Evaluable"))
B22: =IF(C22="","",SUM(B21,1)) | C22: =IF($B$6="","",IF(OFFSET(INDEX(Base_Elèves!$A$1:$BY$1,1,MATCH($B$6,Base_Elèves!$A$1:$BY$1,0)),Base_Elèves!$CA17,0,1,1)="","",OFFSET(INDEX(Base_Elèves!$A$1:$BY$1,1,MATCH($B$6,Base_Elèves!$A$1:$BY$1,0)),Base_Elèves!$CA17,0,1,1))) | E22: =IF(D22="","",IF(OR(D22="Non Acquis",D22="Non Evaluable"),0,MATCH(D22,Points_Validation,0))) | G22: =IF(D22="","",G$3) | H22: =IF(D22="","",E22*G22) | J22: =IF(I22="","",IF(OR(I22="Non Acquis",I22="Non Evaluable"),0,MATCH(I22,Points_Validation,0))) | L22: =IF(I22="","",L$3) | M22: =IF(I22="","",J22*L22) | O22: =IF(N22="","",IF(OR(N22="Non Acquis",N22="Non Evaluable"),0,MATCH(N22,Points_Validation,0))) | Q22: =IF(N22="","",Q$3) | R22: =IF(N22="","",O22*Q22) | T22: =IF(S22="","",IF(OR(S22="Non Acquis",S22="Non Evaluable"),0,MATCH(S22,Points_Validation,0))) | V22: =IF(S22="","",V$3) | W22: =IF(S22="","",T22*V22) | Y22: =IF(X22="","",IF(OR(X22="Non Acquis",X22="Non Evaluable"),0,MATCH(X22,Points_Validation,0))) | AA22: =IF(X22="","",AA$3) | AB22: =IF(X22="","",Y22*AA22) | AD22: =IF(AC22="","",IF(OR(AC22="Non Acquis",AC22="Non Evaluable"),0,MATCH(AC22,Points_Validation,0))) | AF22: =IF(AC22="","",AF$3) | AG22: =IF(AC22="","",AD22*AF22) | AI22: =IF(AH22="","",IF(OR(AH22="Non Acquis",AH22="Non Evaluable"),0,MATCH(AH22,Points_Validation,0))) | AK22: =IF(AH22="","",AK$3) | AL22: =IF(AH22="","",AI22*AK22) | AN22: =IF(AM22="","",IF(OR(AM22="Non Acquis",AM22="Non Evaluable"),0,MATCH(AM22,Points_Validation,0))) | AP22: =IF(AM22="","",AP$3) | AQ22: =IF(AM22="","",AN22*AP22) | AS22: =IF(AR22="","",IF(OR(AR22="Non Acquis",AR22="Non Evaluable"),0,MATCH(AR22,Points_Validation,0))) | AU22: =IF(AR22="","",AU$3) | AV22: =IF(AR22="","",AS22*AU22) | AX22: =IF(AW22="","",IF(OR(AW22="Non Acquis",AW22="Non Evaluable"),0,MATCH(AW22,Points_Validation,0))) | AZ22: =IF(AW22="","",AZ$3) | BA22: =IF(AW22="","",AX22*AZ22) | BC22: =IF(AND(A22="",C22=""),"",COUNTA(AW22,AR22,AM22,AH22,AC22,X22,S22,N22,I22,D22)) | BD22: =IF(AND(A22="",C22=""),"",SUM(BA22,AV22,AQ22,AL22,AG22,AB22,W22,R22,M22,H22)) | BF22: =IF(AND(A22="",C22=""),"",IF(A22="Absent","Absent",IF($BE$7="","",IF(BC22=0,"",IF(ROUND(BD22*$BE$7,1)>20,20,ROUND(BD22*$BE$7,1)))))) | BG22: =IF(OR(BF22="",BF22="Absent"),"",IF(ROUND(BD22*$BE$7,1)>20,ROUND(BD22*$BE$7,1),BF22)) | BH22: =IF(OR(A22="Absent",BF22=""),"",IF($B$5="LV2",INDEX(Base_Classes_Niveaux!$A$102:$M$153,MATCH(BG22,Base_Classes_Niveaux!$A$102:$A$1533),$BB$3),IF(OR($B$6="3A",$B$6="4A",$B$6="5A",$B$6="6A"),INDEX(Base_Classes_Niveaux!$A$162:$M$213,MATCH(BG22,Base_Classes_Niveaux!$A$102:$A$153),$AX$6),IF(OR($B$6<>"3A",$B$6<>"4A",$B$6<>"5A",$B$6<>"6A"),INDEX(Base_Classes_Niveaux!$A$39:$M$90,MATCH(BG22,Base_Classes_Niveaux!$A$39:$A$90),$AX$6))))) | BI22: =IF(AND($A22="",$C22=""),"",SUM(AND($D$1=$BI$6,$D22=$BI$5),AND($I$1=$BI$6,$I22=$BI$5),AND($N$1=$BI$6,$N22=$BI$5),AND($S$1=$BI$6,$S22=$BI$5),AND($X$1=$BI$6,$X22=$BI$5),AND($AC$1=$BI$6,$AC22=$BI$5),AND($AH$1=$BI$6,$AH22=$BI$5),AND($AM$1=$BI$6,$AM22=$BI$5),AND($AR$1=$BI$6,$AR22=$BI$5),AND($AW$1=$BI$6,$AW22=$BI$5))) | BJ22: =IF(AND($A22="",$C22=""),"",SUM(AND($D$1=$BJ$6,$D22=$BI$5),AND($I$1=$BJ$6,$I22=$BI$5),AND($N$1=$BJ$6,$N22=$BI$5),AND($S$1=$BJ$6,$S22=$BI$5),AND($X$1=$BJ$6,$X22=$BI$5),AND($AC$1=$BJ$6,$AC22=$BI$5),AND($AH$1=$BJ$6,$AH22=$BI$5),AND($AM$1=$BJ$6,$AM22=$BI$5),AND($AR$1=$BJ$6,$AR22=$BI$5),AND($AW$1=$BJ$6,$AW22=$BI$5))) | BK22: =IF(AND($A22="",$C22=""),"",SUM(AND($D$1=$BK$6,$D22=$BI$5),AND($I$1=$BK$6,$I22=$BI$5),AND($N$1=$BK$6,$N22=$BI$5),AND($S$1=$BK$6,$S22=$BI$5),AND($X$1=$BK$6,$X22=$BI$5),AND($AC$1=$BK$6,$AC22=$BI$5),AND($AH$1=$BK$6,$AH22=$BI$5),AND($AM$1=$BK$6,$AM22=$BI$5),AND($AR$1=$BK$6,$AR22=$BI$5),AND($AW$1=$BK$6,$AW22=$BI$5))) | CF22: =IF(AND($A22="",$C22=""),"",COUNTIF(D22:AW22,"Non Evaluable"))
B23: =IF(C23="","",SUM(B22,1)) | C23: =IF($B$6="","",IF(OFFSET(INDEX(Base_Elèves!$A$1:$BY$1,1,MATCH($B$6,Base_Elèves!$A$1:$BY$1,0)),Base_Elèves!$CA18,0,1,1)="","",OFFSET(INDEX(Base_Elèves!$A$1:$BY$1,1,MATCH($B$6,Base_Elèves!$A$1:$BY$1,0)),Base_Elèves!$CA18,0,1,1))) | E23: =IF(D23="","",IF(OR(D23="Non Acquis",D23="Non Evaluable"),0,MATCH(D23,Points_Validation,0))) | G23: =IF(D23="","",G$3) | H23: =IF(D23="","",E23*G23) | J23: =IF(I23="","",IF(OR(I23="Non Acquis",I23="Non Evaluable"),0,MATCH(I23,Points_Validation,0))) | L23: =IF(I23="","",L$3) | M23: =IF(I23="","",J23*L23) | O23: =IF(N23="","",IF(OR(N23="Non Acquis",N23="Non Evaluable"),0,MATCH(N23,Points_Validation,0))) | Q23: =IF(N23="","",Q$3) | R23: =IF(N23="","",O23*Q23) | T23: =IF(S23="","",IF(OR(S23="Non Acquis",S23="Non Evaluable"),0,MATCH(S23,Points_Validation,0))) | V23: =IF(S23="","",V$3) | W23: =IF(S23="","",T23*V23) | Y23: =IF(X23="","",IF(OR(X23="Non Acquis",X23="Non Evaluable"),0,MATCH(X23,Points_Validation,0))) | AA23: =IF(X23="","",AA$3) | AB23: =IF(X23="","",Y23*AA23) | AD23: =IF(AC23="","",IF(OR(AC23="Non Acquis",AC23="Non Evaluable"),0,MATCH(AC23,Points_Validation,0))) | AF23: =IF(AC23="","",AF$3) | AG23: =IF(AC23="","",AD23*AF23) | AI23: =IF(AH23="","",IF(OR(AH23="Non Acquis",AH23="Non Evaluable"),0,MATCH(AH23,Points_Validation,0))) | AK23: =IF(AH23="","",AK$3) | AL23: =IF(AH23="","",AI23*AK23) | AN23: =IF(AM23="","",IF(OR(AM23="Non Acquis",AM23="Non Evaluable"),0,MATCH(AM23,Points_Validation,0))) | AP23: =IF(AM23="","",AP$3) | AQ23: =IF(AM23="","",AN23*AP23) | AS23: =IF(AR23="","",IF(OR(AR23="Non Acquis",AR23="Non Evaluable"),0,MATCH(AR23,Points_Validation,0))) | AU23: =IF(AR23="","",AU$3) | AV23: =IF(AR23="","",AS23*AU23) | AX23: =IF(AW23="","",IF(OR(AW23="Non Acquis",AW23="Non Evaluable"),0,MATCH(AW23,Points_Validation,0))) | AZ23: =IF(AW23="","",AZ$3) | BA23: =IF(AW23="","",AX23*AZ23) | BC23: =IF(AND(A23="",C23=""),"",COUNTA(AW23,AR23,AM23,AH23,AC23,X23,S23,N23,I23,D23)) | BD23: =IF(AND(A23="",C23=""),"",SUM(BA23,AV23,AQ23,AL23,AG23,AB23,W23,R23,M23,H23)) | BF23: =IF(AND(A23="",C23=""),"",IF(A23="Absent","Absent",IF($BE$7="","",IF(BC23=0,"",IF(ROUND(BD23*$BE$7,1)>20,20,ROUND(BD23*$BE$7,1)))))) | BG23: =IF(OR(BF23="",BF23="Absent"),"",IF(ROUND(BD23*$BE$7,1)>20,ROUND(BD23*$BE$7,1),BF23)) | BH23: =IF(OR(A23="Absent",BF23=""),"",IF($B$5="LV2",INDEX(Base_Classes_Niveaux!$A$102:$M$153,MATCH(BG23,Base_Classes_Niveaux!$A$102:$A$1533),$BB$3),IF(OR($B$6="3A",$B$6="4A",$B$6="5A",$B$6="6A"),INDEX(Base_Classes_Niveaux!$A$162:$M$213,MATCH(BG23,Base_Classes_Niveaux!$A$102:$A$153),$AX$6),IF(OR($B$6<>"3A",$B$6<>"4A",$B$6<>"5A",$B$6<>"6A"),INDEX(Base_Classes_Niveaux!$A$39:$M$90,MATCH(BG23,Base_Classes_Niveaux!$A$39:$A$90),$AX$6))))) | BI23: =IF(AND($A23="",$C23=""),"",SUM(AND($D$1=$BI$6,$D23=$BI$5),AND($I$1=$BI$6,$I23=$BI$5),AND($N$1=$BI$6,$N23=$BI$5),AND($S$1=$BI$6,$S23=$BI$5),AND($X$1=$BI$6,$X23=$BI$5),AND($AC$1=$BI$6,$AC23=$BI$5),AND($AH$1=$BI$6,$AH23=$BI$5),AND($AM$1=$BI$6,$AM23=$BI$5),AND($AR$1=$BI$6,$AR23=$BI$5),AND($AW$1=$BI$6,$AW23=$BI$5))) | BJ23: =IF(AND($A23="",$C23=""),"",SUM(AND($D$1=$BJ$6,$D23=$BI$5),AND($I$1=$BJ$6,$I23=$BI$5),AND($N$1=$BJ$6,$N23=$BI$5),AND($S$1=$BJ$6,$S23=$BI$5),AND($X$1=$BJ$6,$X23=$BI$5),AND($AC$1=$BJ$6,$AC23=$BI$5),AND($AH$1=$BJ$6,$AH23=$BI$5),AND($AM$1=$BJ$6,$AM23=$BI$5),AND($AR$1=$BJ$6,$AR23=$BI$5),AND($AW$1=$BJ$6,$AW23=$BI$5))) | BK23: =IF(AND($A23="",$C23=""),"",SUM(AND($D$1=$BK$6,$D23=$BI$5),AND($I$1=$BK$6,$I23=$BI$5),AND($N$1=$BK$6,$N23=$BI$5),AND($S$1=$BK$6,$S23=$BI$5),AND($X$1=$BK$6,$X23=$BI$5),AND($AC$1=$BK$6,$AC23=$BI$5),AND($AH$1=$BK$6,$AH23=$BI$5),AND($AM$1=$BK$6,$AM23=$BI$5),AND($AR$1=$BK$6,$AR23=$BI$5),AND($AW$1=$BK$6,$AW23=$BI$5))) | CF23: =IF(AND($A23="",$C23=""),"",COUNTIF(D23:AW23,"Non Evaluable"))
